Workbook
Name Activo_Información: Hoja3!$I$34:$I$38
Name Apoyo: Hoja3!$E$87:$E$92
Name Corrupcion: Hoja3!$I$1:$I$3
Name Cumplimiento: Hoja1!$D$3:$D$7
Name Dependencia: [1]Hoja3!$C$72:$C$102
Name Dependencia: Hoja3!$C$72:$C$102
Name Dirección: Hoja3!$E$72:$E$73
Name Estrategicos: Hoja1!$D$3:$D$7
Name Financieros: Hoja1!$D$3:$D$7
Name Gerenciales: Hoja1!$D$3:$D$7
Name Imagen_o_Reputacional: Hoja1!$D$3:$D$7
Name Operativos: Hoja1!$D$3:$D$7
Name Prestación_del_Servicio: Hoja3!$E$74:$E$85
Name Tecnologicos: Hoja1!$D$3:$D$7
Name Tipo: [1]Hoja3!$A$66:$A$68
Name Tipo: Hoja3!$A$66:$A$68
Name TIPO_PROCESO: Hoja1!$B$2:$B$6
Name tipo_riesgo: [1]Hoja3!$A$2:$A$9
Name TIPOLOGIA_DE_RIESGOS: Hoja1!$C$3:$C$10

Sheet Mapeo Mejora Continua
A1: MAPEO DE PROCESO (Identificación de Riesgos)
A3: Dependencia | B3: Grupo Interno de Sistemas | C3: Proceso | D3: Gestión de TIC | F3: Responsable de Proceso | G3: Fabio Sanchez | J3: Líder de Sistemas de Gestión | N3: Patricia Rodriguez
A4: PARTE A: GESTIÓN DEL PROCESO
A5: Objetivo estratégico y de Calidad | B5: Gestionar los recursos necesarios en el corto, mediano y largo plazo y su utilización de forma eficiente y eficaz. | E5: Objetivo del Proceso | F5: Gestionar y operar los servicios TIC para satisfacer las necesidades tecnológicas de la SCRD
A6: Alcance | B6: Estrategia TIC formalizada en el Plan Estratégico de TIC (PETI), su formulación, implementación, seguimiento y evaluación. Identificación, definición, diseño, desarrollo y entrega de Soluciones TIC para satisfacer las necesidades TIC de los procesos de la entidad. Operación de Servicios TIC asegurando la capacidad y disponibilidad requerida por los procesos y usuarios internos y externos. | E6: Indicadores de Gestión (Formula) | F6: IND-TIC-01 Continuidad de servicios en red IND-TIC-02 Eficacia en la solución de requerimientos IND-TIC-03 Oportunidad en la atención de requerimientos IND-TIC-04 Nivel de satisfacción del usuario con el servicio de gestión de Tic
A7: Primero diligenciar desde la Columna (A hasta la E) | F7: SITUACIONES NO DESEADAS (Riesgos) | G7: Priorización | H7: REDACCIÓN DEL RIESGO | N7: FT-01-CP-DES Conocimiento y Contexto (Debilidades - Amenazas- Vulnerabilidades) | O7: Consecuencia (Lo que generaría)
A8: Actividades Críticas del Proceso | B8: Documentos formalizados en los Sistemas de Gestión | C8: Productos y Servicios (Nivel Interno y externo) | D8: Partes Interesadas | E8: Cuenta con indicadores asociados (Formula) | H8: 1.Situación no deseada | I8: 2. Preposición | J8: 3.Complemento | K8: Riesgo | L8: Tipo de Riesgo | M8: Tipo de Activo | N8: Causa (Debido a)
A9: Administrar la infraestructura informática (plataforma tecnológica) sobre la cual se soportan los sistemas de información y servicios TIC | B9: 1. Plan anual de mantenimiento de HW (pendiente de formalizar en el Sistema de Gestión) | C9: Servicios TIC en Operación cumpliendo con los niveles de capacidad y disponibilidad definidos garantizando privacidad y confidencialidad de la información. | D9: Todos los Procesos de la SCRD | E9: IND-TIC-01 Continuidad de servicios en red IND-TIC-04 Nivel de satisfacción del usuario con el servicio de gestión de Tic | F9: Interrupción en la prestación del servicio de la infraestructura tecnológica. | G9: 2 | H9: Afectación en el cumplimiento de los objetivos de los procesos de la entidad | I9: por | J9: la interrupción en la prestación del servicio de la infraestructura tecnológica. | K9: =H9&" "&I9&" "&J9 -> Afectación en el cumplimiento de los objetivos de los procesos de la entidad por la interrupción en la prestación del servicio de la infraestructura tecnológica. | L9: Riesgo de Gestión /Seguridad de la Información | M9: Infraestructura | N9: 1. Interrupción de los servicios de la energía eléctrica regulada al interior de la entidad. 2. Incumplimiento de la prestación del servicio de los proveedores externos. 3. Fallas imprevistas de los equipos. 4. Desastres naturales. 5. Acciones deliberadas y no deliberadas por el factor humano. 6. Falta de mantenimiento de Infraestructura TI 7. Falta de monitoreo de la intraestructura TI | O9: 1. Sanciones e incumplimiento legal. 2. No cumplir con las metas Distritales. 3. Afectación de la imagen de la SCRD. 4. No genera la satisfacción de los clientes internos de la entidad. 5. Incremento de los reprocesos en la ejecución de las actividades.
F10: No se gestionaria y operaria los servicios TIC | G10: 3
F11: Afectación en el cumplimiento de los objetivos de los procesos de la entidad. | G11: 1
A12: Adquirir, implementar y/o mantener las Soluciones TIC definidas y priorizadas por la entidad | B12: 1. pr-tic-04_v1_sistemas_de_informacion En proceso de actualización 2. IT-01-PR-TIC-04 v1 Guía para la definición, diseño, construcción y entrega de soluciones TIC 17/04/2019 3. Plan anual de mantenimiento de SW (pendiente de formalizar en el Sistema de Gestión) | C12: Soluciones TIC en Operación | D12: Todos los Procesos de la SCRD | E12: IND-TIC-04 Nivel de satisfacción del usuario con el servicio de gestión de Tic | F12: Soluciones TIC mal definidas y priorizadas | G12: 1 | H12: Incumplimiento en los requerimientos solicitados por la Secretaría | I12: en | J12: la definición, diseño, construcción y entrega de soluciones TIC | K12: =H12&" "&I12&" "&J12 -> Incumplimiento en los requerimientos solicitados por la Secretaría en la definición, diseño, construcción y entrega de soluciones TIC | L12: Riesgo de Gestión | M12: Software | N12: 1. Falta de detalle en las especificaciones por parte de las áreas funcionales en el registro de las solicitudes de Servicios TIC. 2. Falta de adopción de formatos y registros para la definición de las solicitudes y requerimientos de servicios TIC. 3. No inclusión en el plan de mantenimiento de requerimiento de SW consignadas en la solicitud de necesidades TIC de la Entidad. 4. Falta de seguimiento y supervisión en la prestación del servicios por parte de los proveedores o contratistas. | O12: 1.No genera la satisfacción de los clientes internos de la entidad. 2. Incremento de los reprocesos en la ejecución de las actividades. 3. Perdida de economicas 4. Incumplimiento normativo o regulatorio
F13: Soluciones TIC fuera de operación | G13: 2
A14: Implementar mecanismos de seguridad informática para proteger los activos TIC y de información de la entidad | B14: 1. mn-05-cp-tic-est_v3_politica_de_seguridad_de_la_información 2. pr-tic-_05_v1_Gestión_ Activos _de_Información.pdf | C14: Servicios TIC en Operación cumpliendo con los niveles de capacidad y disponibilidad definidos garantizando privacidad y confidencialidad de la información. | D14: Todos los Procesos de la SCRD | E14: Indicador del SGSPI (Pendiente de formalizar) | F14: Incumplimiento de las politicas de seguridad de la información asi como las definiciones y lineamientos del SGSPI | G14: 1 | H14: Perdida de la confidencialidad, integridad y disponibilidad | I14: de | J14: los activos de información de la entidad | K14: =H14&" "&I14&" "&J14 -> Perdida de la confidencialidad, integridad y disponibilidad de los activos de información de la entidad | L14: Riesgo de Gestión /Seguridad de la Información | M14: Procesos | N14: 1. Desconocimiento de las politicas por parte de funcionarios y contratistas de la entidad 2. Gestión inadecuada de los activos de información. 3. Falta de apropiación de la cultura de seguridad de la información en la entidad. 4. Falta de presupuesto para la gestión de la seguridad informática. | O14: 1. Sanciones e incumplimiento legal. 2. Afectación de la imagen y reputación de la SCRD. 3. Degradación de los atributos de seguridad de la información (Confidencialidad, Integridad y Disponibilidad) de la entidad. 4. Incremento de los reprocesos en la ejecución de las actividades. 5. Perdida de información 6. Perdidas económicas 7. Materialización de riesgos de seguridad de la información.
F15: No contar con los mecanismos de seguridad informática para proteger los activos de TI y de la información de la Entidad. | G15: 2
A16: Realizar actividades de soporte técnico y actualización de soluciones TIC.. | B16: 1. PR-TIC-02 v9 Soporte técnico 14/03/2019 2. FR-02-PR-TIC-02 v2 contingencia mesa de servicios 14/03/2019 3. FT-01-CP-TIC-EST Definición de acuerdos de niveles de servicio para el área de soporte técnico 08/10/2016 4. IT-01-PR- TIC-02 V1 Instructivo mesa de servicios - GLPI 28/05/2020 | C16: Soluciones TIC actualizadas y usuarios de la entidad atendidos oportunamente. | D16: Todos los Procesos de la SCRD | E16: IND-TIC-02 Eficacia en la solución de requerimientos IND-TIC-03 Oportunidad en la atención de requerimientos IND-TIC-04 Nivel de satisfacción del usuario con el servicio de gestión de Tic | F16: Insatisfacción de usuarios de servicios tecnologicos | G16: 1 | H16: Insatisfacción de usuarios de servicios tecnologicos | I16: por | J16: la no atención oportuna de requerimientos | K16: =H16&" "&I16&" "&J16 -> Insatisfacción de usuarios de servicios tecnologicos por la no atención oportuna de requerimientos | L16: Riesgo de Gestión /Seguridad de la Información | M16: Personas | N16: 1. Falta de personal para atención de requerimientos 2. Desconocimiento del procedimiento de soporte tecnico y manual de la herramienta de la mesa de servicios 3. Falta de idoneidad en el personal de atención de soporte. | O16: 1. Insatisfacción de usuarios de la entidad 2. Afectación de la imagen y gestión del proceso.
F17: Afectación de la seguridad informatica por falta de monitoreo de heramientas de seguridad. | G17: 2
F18: Mal funcionamiento de equipos de computo por desactualización de software | G18: 3
A19: Propender por la seguridad de los recursos de información, gestionados por el GIS, para el cumplimiento de los diferentes procesos de la entidad. | B19: 1. mn-05-cp-tic-est_v3_politica_de_seguridad_de_la_información 2. PR-TIC-03 v6 Base de datos 17/05/2019 3. IT-01-PR- TIC-03 V5 structivo_copias_de_seguridad_editable_junio_06.06/06/2019 indice_de_informacion_clasificada_y_reservada_2019_scrd (1) registro_de_activos_de_informacion_2019_scrd (1) | C19: Información segura y oportuna | D19: Todos los Procesos de la SCRD | E19: Indicador del SGSPI (Pendiente de formalizar) | F19: Alterar la configuración de los sistemas de información en beneficio propio o de terceros | G19: 2 | H19: Perdida de confidencialidad e integridad de los activos de información en beneficio propio o de terceros | I19: por | J19: accesos indebidos o no autorizados de las bases de datos gestionadas por el GIS | K19: =H19&" "&I19&" "&J19 -> Perdida de confidencialidad e integridad de los activos de información en beneficio propio o de terceros por accesos indebidos o no autorizados de las bases de datos gestionadas por el GIS | L19: Riesgo de Corrupción | M19: Información | N19: 1. Falta de gestión en el control de accesos a las bases de datos. 2. Desconocimiento de politicas, lineamientos, procedimientos e instructivos de seguridad de la información. 3. Desconocimiento de los instrumentos de la ley 1712 (Registro de activos de información e Indice de información clasificada y reservada) | O19: 1. Afectación de imagen 2. Reprocesos 3. incumplimientos legales y normativos 4. Insatisfacción de usuarios 5. Incumplimientos de objetivos de la entidad.
F20: Ingreso y utilización de la información de los sistemas de información para beneficio propio o de tercero | G20: 3
F21: Perdida de confidencialidad e integridad de los activos de información. | G21: 1
A23: PARTE B: GESTIÓN DE LOS PROYECTOS DE INVERSIÓN
A24: Meta de Plan de Desarrollo | E24: Proyecto de Inversión | H24: Objetivos del Proyecto de Inversión
A25: Objetivos Especificos | E25: Indicadores
A26: Primero diligenciar desde la Columna (A hasta la E) | F26: SITUACIONES NO DESEADAS (Riesgos) | G26: Priorización | H26: REDACCIÓN DEL RIESGO | N26: FT-01-CP-DES Conocimiento y Contexto (Debilidades - Amenazas) | O26: Consecuencia (Lo que generaría)
A27: Actividades Críticas de Poyecto | B27: Proyectos | C27: Productos y Servicios (Nivel Interno y externo) | D27: Partes Interesadas | E27: Cuenta con indicadores asociados | H27: 1.Situación no deseada | I27: 2. Preposición | J27: 3.Complemento | N27: Causa (Debido a)

Sheet 0.Portada
C1: MAPA DE RIESGOS DE GESTIÓN Y CORRUPCIÓN | L1: Página 1 de 6
L5: Código: | M5: FR-01-PR-MEJ-05
L7: Versión: | M7: 2
L8: Fecha: | M8: 43783
A9: PROCESO | B9: GESTIÓN TIC | E9: RESPONSABLE DEL PROCESO | G9: COORDINADOR DE GRUPO INTERNO DE SISTEMAS | J9: LÍDER DE SISTEMAS DE GESTIÓN | L9: NIDIA PATRICA RODRIGUEZ R.
A26: VERSION | B26: FECHA | C26: RAZÓN DE LA ACTUALIZACION
A27: 1 | B27: 43458 | C27: Se elaborá manual MN-01-PR-MEJ-05 Metodología administración de riesgos de gestión - corrupción y formato FR-01-PR-MEJ-05 para su respectivo seguimiento.
B28: Enero del 2019 | C28: Se actualiza los riesgos de la Secretaría de Cultura, Recreación y Deporte con el fin de unificar riesgos de gestión y corrupción en cumplimiento de la actualizacion de los lineamiento de administración de riesgos.
A29: 2 | B29: Noviembre 13/2019 | C29: Se modifica el formato incluyendo todos los pasos para la formulación de riesgos, anexa mapa de calor y en la valoración del riesgo se incluye valoración de controles rango calificación del diseño, rango calificación de la ejecución y solidez del control integralmente (Diseño y Ejecución). orfeo no. 20195000215133
A30: 3 | B30: Enero 31 del 2020 | C30: Actualización de mapa de riesgos Proceso Gestión de TIC radicado Orfeo no. 20207400012983
A31: 4 | B31: Diciembre 15/2020 | C31: Actualización del mapa de Riesgos del Proceso Gestión de Tic radicado Orfeo no. 20207400277023, de acuerdo con el mapeo radicado Orfeo no. 20207400263763.
A33: Seguimiento y Monitoreo
B35: Elaboró | G35: Revisó
B36: Nombre | C36: Nidia Patricia Rodríguez Rodríguez | G36: Nombre | H36: Fabio Fernando Sánchez Sánchez
B37: Cargo | C37: Profesional Especializado | G37: Cargo | H37: Coordinador de Grupo Interno de Sistemas
B38: Dependencia | C38: Grupo Interno de Sistemas | G38: Dependencia | H38: Grupo Interno de Sistemas
B39: Fecha | C39: Diciembre del 2020 | G39: Fecha | H39: Diciembre del 2020

Sheet 1.Contexto
B1: MAPA DE RIESGOS | X1: Página 1 de 6
X5: Código: | Z5: FR-01-PR-MEJ-05
X7: Versión: | Z7: 2
X8: Fecha: | Z8: 43783
A9: Partiendo del contexto de la entidad "FT-01-DES-EST Conocimiento y contexto de la Organización para el Direccionamiento Estratégico" y el mapeo de cada uno de los procesos, se analiza las amenzas y debilidades que pueden generar situación de riesgo, teniendo en cuenta los objetivos estratégicos y de proceso de la entidad, a nivel de Contexto interno, externo y del Proceso.
A11: CONTEXTO ESTRATÉGICO DE LOS PROCESO
A13: EXTERNOS | J13: INTERNOS | S13: PROCESO
A14: FACTORES | B14: AMENAZAS | F14: SITUACION DE RIESGO | J14: FACTORES | K14: DEBILIDADES | N14: SITUACION DE RIESGO | S14: FACTORES | T14: DEBILIDADES | W14: SITUACION DE RIESGO
A15: ECONÓMICOS (Disponibilidad de capital, liquidez, mercados financieros, desempleo, competencia). | J15: FINANCIEROS (Presupuesto de funcionamiento, recursos de inversión, infraestructura, capacidad instalada). | K15: Gestión presupuestal que puede considerar recortes presupuestales para la entidad. | N15: Asignación presupuestal insuficiente para el proceso de Gestión de TIC. | S15: DISEÑO DEL PROCESO (Claridad en la descripción del alcance y objetivo del proceso).
A19: POLÍTICOS (Cambios de gobierno, legislación, políticas públicas, regulación). | B19: Cambios en la normatividad vigente. | F19: Se incluyan nuevos lineamientos TIC que no hayan sido considerados en el proceso de Gestión de TIC. | J19: PERSONAL (Competencia del personal, disponibilidad del personal, seguridad y salud ocupacional). | S19: INTERACCIONES CON OTROS PROCESOS (Relación precisa con otros procesos en cuanto a insumos, proveedores, productos, usuarios o clientes).
A24: SOCIALES ( Demografía, responsabilidad social, orden público). | J24: PROCESOS (Capacidad, diseño, ejecución, proveedores, entradas, salidas, gestión del conocimiento). | S24: TRANSVERSALIDAD (Procesos que determinan lineamientos necesarios para el desarrollo de todos los procesos de la entidad).
A27: TECNOLÓGICOS (Avances en tecnología, acceso a sistemas de información externos, gobierno en línea) | B27: Liberación de nuevas versiones de herramientas de software y Hardware R4 | F27: Que las nuevas liberaciones de versiones de herramientas de hardware o software sean requeridas para solucionar incidentes de seguridad informática o funcionales y que las mismas no están incluidas en el presupuesto del proceso de Gestión de TIC. | J27: TECNOLOGÍA (Integridad de datos, disponibilidad de datos y sistemas, desarrollo, producción, mantenimiento de sistemas de información). | S27: PROCEDIMIENTOS ASOCIADOS (Pertinencia en los procedimientos que desarrollan los procesos).
A32: MEDIO AMBIENTALES (Emisiones y residuos, energía, catástrofes naturales, desarrollo sostenible). | J32: ESTRATÉGICOS (Direccionamiento estratégico, planeación institucional, liderazgo, trabajo en equipo y Legal). | K32: Falta de posicionamiento estratégico del Proceso de Gestión de TIC dentro de la estructura organizacional de la SCRD. | N32: No lograr las reuniones de seguimiento al avance de los proyectos para definición, diseño e implementación de nuevos servicios TIC o sus modificaciones. | S32: RESPONSABLES DEL PROCESO (Grado de autoridad y responsabilidad de los funcionarios frente al proceso).
A36: COMUNICACIÓN EXTERNA (Mecanismos utilizados para entrar en contacto con los usuarios o ciudadanos, canales establecidos para que el mismo se comunique con la entidad). | J36: COMUNICACIÓN INTERNA (Canales utilizados y su efectividad, flujo de la información necesaria para el desarrollo de las operaciones). | K36: Utilización de software no licenciado por parte de los contratistas de la SCRD en la elaboración de productos. Deficiencias en la utilización de las herramientas informáticas, para hacer seguimiento, control, finalización y traslado de las respuestas emitidas al ciudadano. (FT-01-DES-EST) | N36: Efectos legales n la entidad por uso de software no licenciado por parte de los contratistas. | S36: COMUNICACIÓN ENTRE LOS PROCESOS (Efectividad en los flujos de información determinados en la interacción de los procesos). | T36: Detalle de las especificaciones funcionales y aprobación de avances por parte de las áreas funcionales en el registro de las solicitudes de Servicios TIC. | W36: No poder avanzar en la definición, diseño e implementación de nuevos servicios TIC o en sus actualizaciones dado que sin especificaciones detalladas o sin las aprobaciones de los avances no es posible pasar por cada una de las etapas de la definición, diseño e implementación de servicios TIC.

Sheet 2.Identificacion_Riesgos
E1: MAPA DE RIESGOS | S1: Página 2 de 6
S5: Código: | V5: FR-01-PR-MEJ-05
S6: Versión: | V6: 2
S7: Fecha: | V7: 43783
A8: ID | B8: TIPO DE PROCESO | C8: PROCESO | D8: DEPENDENCIA | E8: RIESGO | F8: ACTIVOS DE INFORMACIÓN | G8: CAUSAS INTERNAS / EXTERNAS | H8: CONSECUENCIA | I8: TIPOLOGÍA DE RIESGOS | J8: PROBABILIDAD | L8: IMPACTO | N8: ZONA DE RIESGO INHERENTE | O8: CONTROLES (ID CONTROL) | P8: CALIFICACIÓN CONTROLES PROBABILIDAD | Q8: CALIFICACIÓN CONTROLES IMPACTO | R8: PROBABILIDAD | T8: IMPACTO | V8: ZONA DE RIESGO RESIDUAL | W8: OPCIONES DE MANEJO
A10: R1 | B10: Apoyo | C10: Gestión de Tic | D10: Grupo Interno de Sistemas | E10: Afectación en el cumplimiento de los objetivos de los procesos de la entidad por la interrupción en la prestación del servicio de la infraestructura tecnológica. | F10: Infraestructura | G10: 1. Interrupción de los servicios de la energía eléctrica regulada al interior de la entidad o fallas imprevistas de los equipos | H10: 1. Sanciones e incumplimiento legal. 2. No cumplir con las metas Distritales. 3. Afectación de la imagen de la SCRD. 4. No genera la satisfacción de los clientes internos de la entidad. 5. Incremento de los reprocesos en la ejecución de las actividades. | I10: Tecnologicos | J10: Probable | K10: =IF(J10="Raro",1,IF(J10="Improbable",2,IF(J10="Posible",3,IF(J10="Probable",4,IF(J10="Casi Seguro",5))))) -> 4 | L10: Mayor | M10: =IF(L10="Insignificante",1,IF(L10="Menor",2,IF(L10="Moderado",3,IF(L10="Mayor ",4,IF(L10="Catastrófico",5))))) -> 4 | N10: =IF(AND(K10=1,M10=1),"BAJO 4%",IF(AND(K10=1,M10=2),"BAJO 16%",IF(AND(K10=2,M10=1),"BAJO 8%",IF(AND(K10=2,M10=2),"BAJO 20%",IF(AND(K10=3,M10=1),"BAJO 12%",IF(AND(K10=4,M10=1),"MODERADO 24%",IF(AND(K10=3,M10=2),"MODERADO 28%",IF(AND(K10=1,M10=3),"MODERADO 32%",IF(AND(K10=2,M10=3),"MODERADO 36%",IF(AND(K10=5,M10=1),"ALTO 40%",IF(AND(K10=4,M10=2),"ALTO 44%",IF(AND(K10=5,M10=2),"ALTO 48%",IF(AND(K10=3,M10=3),"ALTO 52%",IF(AND(K10=4,M10=3),"ALTO 56%",IF(AND(K10=1,M10=4),"ALTO 60%",IF(AND(K10=2,M10=4),"ALTO 64%",IF(AND(K10=1,M10=5),"ALTO 68%",IF(AND(K10=5,M10=3),"EXTREMA 72%",IF(AND(K10=3,M10=4),"EXTREMA 76%",IF(AND(K10=4,M10=4),"EXTREMA 80%",IF(AND(K10=5,M10=4),"EXTREMA 84%",IF(AND(K10=2,M10=5),"EXTREMA 88%",IF(AND(K10=3,M10=5),"EXTREMA 92%",IF(AND(K10=4,M10=5),"EXTREMA 96%",IF(AND(K10=5,M10=5),"EXTREMA 100%"))))))))))))))))))))))))) -> EXTREMA 80% | O10: =IF('3.Controles'!D15=1,'3.Controles'!D9,IF('3.Controles'!D15=2,'3.Controles'!D9&", "&'3.Controles'!D10,IF('3.Controles'!D15=3,'3.Controles'!D9&", "&'3.Controles'!D10&", "&'3.Controles'!D11,IF('3.Controles'!D15=4,'3.Controles'!D9&", "&'3.Controles'!D10&", "&'3.Controles'!D11&", "&'3.Controles'!D12,IF('3.Controles'!D15=5,'3.Controles'!D9&", "&'3.Controles'!D10&", "&'3.Controles'!D11&", "&'3.Controles'!D12&", "&'3.Controles'!D13,0))))) -> C16, C30, C15 | P10: ='3.Controles'!X15 -> 71 | Q10: ='3.Controles'!X14 -> 100 | R10: =IF(S10=1,"Raro",IF(S10=2,"Improbable",IF(S10=3,"Posible",IF(S10=4,"Probable",IF(S10=5,"Casi Seguro"))))) -> Posible | S10: =IF('3.Controles'!W15=1,IF('3.Controles'!X15<55,K10,IF('3.Controles'!X15<75,K10-1,IF('3.Controles'!X15<110,K10-2))),K10) -> 3 | T10: =IF(U10=1,"Insignificante",IF(U10=2,"Menor",IF(U10=3,"Moderado",IF(U10=4,"Mayor",IF(U10=5,"Catastrofico"))))) -> Menor | U10: =IF('3.Controles'!W14=1,IF('3.Controles'!X14<55,M10,IF('3.Controles'!X14<75,M10-1,IF('3.Controles'!X14<110,M10-2))),M10) -> 2 | V10: =IF(AND(S10=1,U10=1),"BAJO 4%",IF(AND(S10=1,U10=2),"BAJO 16%",IF(AND(S10=2,U10=1),"BAJO 8%",IF(AND(S10=2,U10=2),"BAJO 20%",IF(AND(S10=3,U10=1),"BAJO 12%",IF(AND(S10=4,U10=1),"MODERADO 24%",IF(AND(S10=3,U10=2),"MODERADO 28%",IF(AND(S10=1,U10=3),"MODERADO 32%",IF(AND(S10=2,U10=3),"MODERADO 36%",IF(AND(S10=5,U10=1),"ALTO 40%",IF(AND(S10=4,U10=2),"ALTO 44%",IF(AND(S10=5,U10=2),"ALTO 48%",IF(AND(S10=3,U10=3),"ALTO 52%",IF(AND(S10=4,U10=3),"ALTO 56%",IF(AND(S10=1,U10=4),"ALTO 60%",IF(AND(S10=2,U10=4),"ALTO 64%",IF(AND(S10=1,U10=5),"ALTO 68%",IF(AND(S10=5,U10=3),"EXTREMA 72%",IF(AND(S10=3,U10=4),"EXTREMA 76%",IF(AND(S10=4,U10=4),"EXTREMA 80%",IF(AND(S10=5,U10=4),"EXTREMA 84%",IF(AND(S10=2,U10=5),"EXTREMA 88%",IF(AND(S10=3,U10=5),"EXTREMA 92%",IF(AND(S10=4,U10=5),"EXTREMA 96%",IF(AND(S10=5,U10=5),"EXTREMA 100%"))))))))))))))))))))))))) -> MODERADO 28% | W10: REDUCIRLO O MITIGARLO
G11: 2. Incumplimiento de la prestación del servicio de los proveedores externos.
G12: 3. Desastres naturales o acciones deliberadas y no deliberadas por el factor humano.
A15: R2 | B15: Apoyo | C15: Gestión de Tic | D15: Grupo Interno de Sistemas | E15: Incumplimiento en los requerimientos solicitados por la Secretaría en la definición, diseño, construcción y entrega de soluciones TIC | F15: Software | G15: 1. Falta de adopción de formatos y registros para la definición de los requerimientos detallados por parte de la areas funcionales en la solicitudes de servicios TIC. | H15: 1.No genera la satisfacción de los clientes internos de la entidad. 2. Incremento de los reprocesos en la ejecución de las actividades. 3. Perdida de economicas 4. Incumplimiento normativo o regulatorio | I15: Tecnologicos | J15: Posible | K15: =IF(J15="Raro",1,IF(J15="Improbable",2,IF(J15="Posible",3,IF(J15="Probable",4,IF(J15="Casi Seguro",5))))) -> 3 | L15: Moderado | M15: =IF(L15="Insignificante",1,IF(L15="Menor",2,IF(L15="Moderado",3,IF(L15="Mayor ",4,IF(L15="Catastrófico",5))))) -> 3 | N15: =IF(AND(K15=1,M15=1),"BAJO 4%",IF(AND(K15=1,M15=2),"BAJO 16%",IF(AND(K15=2,M15=1),"BAJO 8%",IF(AND(K15=2,M15=2),"BAJO 20%",IF(AND(K15=3,M15=1),"BAJO 12%",IF(AND(K15=4,M15=1),"MODERADO 24%",IF(AND(K15=3,M15=2),"MODERADO 28%",IF(AND(K15=1,M15=3),"MODERADO 32%",IF(AND(K15=2,M15=3),"MODERADO 36%",IF(AND(K15=5,M15=1),"ALTO 40%",IF(AND(K15=4,M15=2),"ALTO 44%",IF(AND(K15=5,M15=2),"ALTO 48%",IF(AND(K15=3,M15=3),"ALTO 52%",IF(AND(K15=4,M15=3),"ALTO 56%",IF(AND(K15=1,M15=4),"ALTO 60%",IF(AND(K15=2,M15=4),"ALTO 64%",IF(AND(K15=1,M15=5),"ALTO 68%",IF(AND(K15=5,M15=3),"EXTREMA 72%",IF(AND(K15=3,M15=4),"EXTREMA 76%",IF(AND(K15=4,M15=4),"EXTREMA 80%",IF(AND(K15=5,M15=4),"EXTREMA 84%",IF(AND(K15=2,M15=5),"EXTREMA 88%",IF(AND(K15=3,M15=5),"EXTREMA 92%",IF(AND(K15=4,M15=5),"EXTREMA 96%",IF(AND(K15=5,M15=5),"EXTREMA 100%"))))))))))))))))))))))))) -> ALTO 52% | O15: =IF('3.Controles'!D22=1,'3.Controles'!D16,IF('3.Controles'!D22=2,'3.Controles'!D16&", "&'3.Controles'!D17,IF('3.Controles'!D22=3,'3.Controles'!D16&", "&'3.Controles'!D17&", "&'3.Controles'!D18,IF('3.Controles'!D22=4,'3.Controles'!D16&", "&'3.Controles'!D17&", "&'3.Controles'!D18&", "&'3.Controles'!D19,IF('3.Controles'!D22=5,'3.Controles'!D16&", "&'3.Controles'!D17&", "&'3.Controles'!D18&", "&'3.Controles'!D19&", "&'3.Controles'!D20,0))))) -> C17 | P15: ='3.Controles'!X22 -> 80 | Q15: ='3.Controles'!X21 -> #DIV/0! | R15: =IF(S15=1,"Raro",IF(S15=2,"Improbable",IF(S15=3,"Posible",IF(S15=4,"Probable",IF(S15=5,"Casi Seguro"))))) -> Raro | S15: =IF('3.Controles'!W22=1,IF('3.Controles'!X22<55,K15,IF('3.Controles'!X22<75,K15-1,IF('3.Controles'!X22<110,K15-2))),K15) -> 1 | T15: =IF(U15=1,"Insignificante",IF(U15=2,"Menor",IF(U15=3,"Moderado",IF(U15=4,"Mayor",IF(U15=5,"Catastrofico"))))) -> Moderado | U15: =IF('3.Controles'!W21=1,IF('3.Controles'!X21<55,M15,IF('3.Controles'!X21<75,M15-1,IF('3.Controles'!X21<110,M15-2))),M15) -> 3 | V15: =IF(AND(S15=1,U15=1),"BAJO 4%",IF(AND(S15=1,U15=2),"BAJO 16%",IF(AND(S15=2,U15=1),"BAJO 8%",IF(AND(S15=2,U15=2),"BAJO 20%",IF(AND(S15=3,U15=1),"BAJO 12%",IF(AND(S15=4,U15=1),"MODERADO 24%",IF(AND(S15=3,U15=2),"MODERADO 28%",IF(AND(S15=1,U15=3),"MODERADO 32%",IF(AND(S15=2,U15=3),"MODERADO 36%",IF(AND(S15=5,U15=1),"ALTO 40%",IF(AND(S15=4,U15=2),"ALTO 44%",IF(AND(S15=5,U15=2),"ALTO 48%",IF(AND(S15=3,U15=3),"ALTO 52%",IF(AND(S15=4,U15=3),"ALTO 56%",IF(AND(S15=1,U15=4),"ALTO 60%",IF(AND(S15=2,U15=4),"ALTO 64%",IF(AND(S15=1,U15=5),"ALTO 68%",IF(AND(S15=5,U15=3),"EXTREMA 72%",IF(AND(S15=3,U15=4),"EXTREMA 76%",IF(AND(S15=4,U15=4),"EXTREMA 80%",IF(AND(S15=5,U15=4),"EXTREMA 84%",IF(AND(S15=2,U15=5),"EXTREMA 88%",IF(AND(S15=3,U15=5),"EXTREMA 92%",IF(AND(S15=4,U15=5),"EXTREMA 96%",IF(AND(S15=5,U15=5),"EXTREMA 100%"))))))))))))))))))))))))) -> MODERADO 32% | W15: REDUCIRLO O MITIGARLO
A20: R3 | B20: Apoyo | C20: Gestión de Tic | D20: Grupo Interno de Sistemas | E20: Perdida de la confidencialidad, integridad y disponibilidad de los activos de información de la entidad | F20: Procesos | G20: 1. Falta de apropiación de la cultura de seguridad de la información y de las politicas por parte de funcionarios y contratistas de la entidad | H20: 1. Sanciones e incumplimiento legal. 2. Afectación de la imagen y reputación de la SCRD. 3. Degradación de los atributos de seguridad de la información (Confidencialidad, Integridad y Disponibilidad) de la entidad. 4. Incremento de los reprocesos en la ejecución de las actividades. 5. Perdida de información 6. Perdidas económicas 7. Materialización de riesgos de seguridad de la información. | I20: Tecnologicos | J20: Posible | K20: =IF(J20="Raro",1,IF(J20="Improbable",2,IF(J20="Posible",3,IF(J20="Probable",4,IF(J20="Casi Seguro",5))))) -> 3 | L20: Mayor | M20: =IF(L20="Insignificante",1,IF(L20="Menor",2,IF(L20="Moderado",3,IF(L20="Mayor ",4,IF(L20="Catastrófico",5))))) -> 4 | N20: =IF(AND(K20=1,M20=1),"BAJO 4%",IF(AND(K20=1,M20=2),"BAJO 16%",IF(AND(K20=2,M20=1),"BAJO 8%",IF(AND(K20=2,M20=2),"BAJO 20%",IF(AND(K20=3,M20=1),"BAJO 12%",IF(AND(K20=4,M20=1),"MODERADO 24%",IF(AND(K20=3,M20=2),"MODERADO 28%",IF(AND(K20=1,M20=3),"MODERADO 32%",IF(AND(K20=2,M20=3),"MODERADO 36%",IF(AND(K20=5,M20=1),"ALTO 40%",IF(AND(K20=4,M20=2),"ALTO 44%",IF(AND(K20=5,M20=2),"ALTO 48%",IF(AND(K20=3,M20=3),"ALTO 52%",IF(AND(K20=4,M20=3),"ALTO 56%",IF(AND(K20=1,M20=4),"ALTO 60%",IF(AND(K20=2,M20=4),"ALTO 64%",IF(AND(K20=1,M20=5),"ALTO 68%",IF(AND(K20=5,M20=3),"EXTREMA 72%",IF(AND(K20=3,M20=4),"EXTREMA 76%",IF(AND(K20=4,M20=4),"EXTREMA 80%",IF(AND(K20=5,M20=4),"EXTREMA 84%",IF(AND(K20=2,M20=5),"EXTREMA 88%",IF(AND(K20=3,M20=5),"EXTREMA 92%",IF(AND(K20=4,M20=5),"EXTREMA 96%",IF(AND(K20=5,M20=5),"EXTREMA 100%"))))))))))))))))))))))))) -> EXTREMA 76% | O20: =IF('3.Controles'!D29=1,'3.Controles'!D23,IF('3.Controles'!D29=2,'3.Controles'!D23&", "&'3.Controles'!D24,IF('3.Controles'!D29=3,'3.Controles'!D23&", "&'3.Controles'!D24&", "&'3.Controles'!D25,IF('3.Controles'!D29=4,'3.Controles'!D23&", "&'3.Controles'!D24&", "&'3.Controles'!D25&", "&'3.Controles'!D26,IF('3.Controles'!D29=5,'3.Controles'!D23&", "&'3.Controles'!D24&", "&'3.Controles'!D25&", "&'3.Controles'!D26&", "&'3.Controles'!D27,0))))) -> C5, C7, C19 | P20: ='3.Controles'!X29 -> 86 | Q20: ='3.Controles'!X28 -> 100 | R20: =IF(S20=1,"Raro",IF(S20=2,"Improbable",IF(S20=3,"Posible",IF(S20=4,"Probable",IF(S20=5,"Casi Seguro"))))) -> Raro | S20: =IF('3.Controles'!W29=1,IF('3.Controles'!X29<55,K20,IF('3.Controles'!X29<75,K20-1,IF('3.Controles'!X29<110,K20-2))),K20) -> 1 | T20: =IF(U20=1,"Insignificante",IF(U20=2,"Menor",IF(U20=3,"Moderado",IF(U20=4,"Mayor",IF(U20=5,"Catastrofico"))))) -> Menor | U20: =IF('3.Controles'!W28=1,IF('3.Controles'!X28<55,M20,IF('3.Controles'!X28<75,M20-1,IF('3.Controles'!X28<110,M20-2))),M20) -> 2 | V20: =IF(AND(S20=1,U20=1),"BAJO 4%",IF(AND(S20=1,U20=2),"BAJO 16%",IF(AND(S20=2,U20=1),"BAJO 8%",IF(AND(S20=2,U20=2),"BAJO 20%",IF(AND(S20=3,U20=1),"BAJO 12%",IF(AND(S20=4,U20=1),"MODERADO 24%",IF(AND(S20=3,U20=2),"MODERADO 28%",IF(AND(S20=1,U20=3),"MODERADO 32%",IF(AND(S20=2,U20=3),"MODERADO 36%",IF(AND(S20=5,U20=1),"ALTO 40%",IF(AND(S20=4,U20=2),"ALTO 44%",IF(AND(S20=5,U20=2),"ALTO 48%",IF(AND(S20=3,U20=3),"ALTO 52%",IF(AND(S20=4,U20=3),"ALTO 56%",IF(AND(S20=1,U20=4),"ALTO 60%",IF(AND(S20=2,U20=4),"ALTO 64%",IF(AND(S20=1,U20=5),"ALTO 68%",IF(AND(S20=5,U20=3),"EXTREMA 72%",IF(AND(S20=3,U20=4),"EXTREMA 76%",IF(AND(S20=4,U20=4),"EXTREMA 80%",IF(AND(S20=5,U20=4),"EXTREMA 84%",IF(AND(S20=2,U20=5),"EXTREMA 88%",IF(AND(S20=3,U20=5),"EXTREMA 92%",IF(AND(S20=4,U20=5),"EXTREMA 96%",IF(AND(S20=5,U20=5),"EXTREMA 100%"))))))))))))))))))))))))) -> BAJO 16% | W20: REDUCIRLO O MITIGARLO
G21: 2. Gestión inadecuada de los activos de información.
G22: 3. Falta de mecanismos para evitar el borrado, ocultamiento y desaparición de información de los sistemas de información oficiales de la Entidad.
A25: R4 | B25: Apoyo | C25: Gestión de Tic | D25: Grupo Interno de Sistemas | E25: Insatisfacción de usuarios de servicios tecnologicos por la no atención oportuna de requerimientos | F25: Personas | G25: 1. Falta de apropiación del procedimiento de soporte tecnico y manual de la herramienta de la mesa de servicios | H25: 1. Insatisfacción de usuarios de la entidad 2. Afectación de la imagen y gestión del proceso. | I25: Operativos | J25: Posible | K25: =IF(J25="Raro",1,IF(J25="Improbable",2,IF(J25="Posible",3,IF(J25="Probable",4,IF(J25="Casi Seguro",5))))) -> 3 | L25: Moderado | M25: =IF(L25="Insignificante",1,IF(L25="Menor",2,IF(L25="Moderado",3,IF(L25="Mayor ",4,IF(L25="Catastrófico",5))))) -> 3 | N25: =IF(AND(K25=1,M25=1),"BAJO 4%",IF(AND(K25=1,M25=2),"BAJO 16%",IF(AND(K25=2,M25=1),"BAJO 8%",IF(AND(K25=2,M25=2),"BAJO 20%",IF(AND(K25=3,M25=1),"BAJO 12%",IF(AND(K25=4,M25=1),"MODERADO 24%",IF(AND(K25=3,M25=2),"MODERADO 28%",IF(AND(K25=1,M25=3),"MODERADO 32%",IF(AND(K25=2,M25=3),"MODERADO 36%",IF(AND(K25=5,M25=1),"ALTO 40%",IF(AND(K25=4,M25=2),"ALTO 44%",IF(AND(K25=5,M25=2),"ALTO 48%",IF(AND(K25=3,M25=3),"ALTO 52%",IF(AND(K25=4,M25=3),"ALTO 56%",IF(AND(K25=1,M25=4),"ALTO 60%",IF(AND(K25=2,M25=4),"ALTO 64%",IF(AND(K25=1,M25=5),"ALTO 68%",IF(AND(K25=5,M25=3),"EXTREMA 72%",IF(AND(K25=3,M25=4),"EXTREMA 76%",IF(AND(K25=4,M25=4),"EXTREMA 80%",IF(AND(K25=5,M25=4),"EXTREMA 84%",IF(AND(K25=2,M25=5),"EXTREMA 88%",IF(AND(K25=3,M25=5),"EXTREMA 92%",IF(AND(K25=4,M25=5),"EXTREMA 96%",IF(AND(K25=5,M25=5),"EXTREMA 100%"))))))))))))))))))))))))) -> ALTO 52% | O25: =IF('3.Controles'!D36=1,'3.Controles'!D30,IF('3.Controles'!D36=2,'3.Controles'!D30&", "&'3.Controles'!D31,IF('3.Controles'!D36=3,'3.Controles'!D30&", "&'3.Controles'!D31&", "&'3.Controles'!D32,IF('3.Controles'!D36=4,'3.Controles'!D30&", "&'3.Controles'!D31&", "&'3.Controles'!D32&", "&'3.Controles'!D33,IF('3.Controles'!D36=5,'3.Controles'!D30&", "&'3.Controles'!D31&", "&'3.Controles'!D32&", "&'3.Controles'!D33&", "&'3.Controles'!D34,0))))) -> C17 | P25: ='3.Controles'!X36 -> 100 | Q25: ='3.Controles'!X35 -> #DIV/0! | R25: =IF(S25=1,"Raro",IF(S25=2,"Improbable",IF(S25=3,"Posible",IF(S25=4,"Probable",IF(S25=5,"Casi Seguro"))))) -> Raro | S25: =IF('3.Controles'!W36=1,IF('3.Controles'!X36<55,K25,IF('3.Controles'!X36<75,K25-1,IF('3.Controles'!X36<110,K25-2))),K25) -> 1 | T25: =IF(U25=1,"Insignificante",IF(U25=2,"Menor",IF(U25=3,"Moderado",IF(U25=4,"Mayor",IF(U25=5,"Catastrofico"))))) -> Moderado | U25: =IF('3.Controles'!W35=1,IF('3.Controles'!X35<55,M25,IF('3.Controles'!X35<75,M25-1,IF('3.Controles'!X35<110,M25-2))),M25) -> 3 | V25: =IF(AND(S25=1,U25=1),"BAJO 4%",IF(AND(S25=1,U25=2),"BAJO 16%",IF(AND(S25=2,U25=1),"BAJO 8%",IF(AND(S25=2,U25=2),"BAJO 20%",IF(AND(S25=3,U25=1),"BAJO 12%",IF(AND(S25=4,U25=1),"MODERADO 24%",IF(AND(S25=3,U25=2),"MODERADO 28%",IF(AND(S25=1,U25=3),"MODERADO 32%",IF(AND(S25=2,U25=3),"MODERADO 36%",IF(AND(S25=5,U25=1),"ALTO 40%",IF(AND(S25=4,U25=2),"ALTO 44%",IF(AND(S25=5,U25=2),"ALTO 48%",IF(AND(S25=3,U25=3),"ALTO 52%",IF(AND(S25=4,U25=3),"ALTO 56%",IF(AND(S25=1,U25=4),"ALTO 60%",IF(AND(S25=2,U25=4),"ALTO 64%",IF(AND(S25=1,U25=5),"ALTO 68%",IF(AND(S25=5,U25=3),"EXTREMA 72%",IF(AND(S25=3,U25=4),"EXTREMA 76%",IF(AND(S25=4,U25=4),"EXTREMA 80%",IF(AND(S25=5,U25=4),"EXTREMA 84%",IF(AND(S25=2,U25=5),"EXTREMA 88%",IF(AND(S25=3,U25=5),"EXTREMA 92%",IF(AND(S25=4,U25=5),"EXTREMA 96%",IF(AND(S25=5,U25=5),"EXTREMA 100%"))))))))))))))))))))))))) -> MODERADO 32% | W25: REDUCIRLO O MITIGARLO
A30: R5 | B30: Apoyo | C30: Gestión de Tic | D30: Grupo Interno de Sistemas | E30: Perdida de confidencialidad, integridad y disponibilidad de los activos de información en beneficio propio o de terceros por accesos indebidos o no autorizados de las bases de datos gestionadas por el GIS | F30: Información | G30: 1. Falta de gestión en el control de accesos a las bases de datos. | H30: 1. Afectación de imagen 2. Reprocesos 3. incumplimientos legales y normativos 4. Insatisfacción de usuarios 5. Incumplimientos de objetivos de la entidad. | I30: Corrupcion | J30: Probable | K30: =IF(J30="Raro",1,IF(J30="Improbable",2,IF(J30="Posible",3,IF(J30="Probable",4,IF(J30="Casi Seguro",5))))) -> 4 | L30: Mayor | M30: =IF(L30="Insignificante",1,IF(L30="Menor",2,IF(L30="Moderado",3,IF(L30="Mayor",4,IF(L30="Catastrófico",5))))) -> 4 | N30: =IF(AND(K30=1,M30=1),"BAJO 4%",IF(AND(K30=1,M30=2),"BAJO 16%",IF(AND(K30=2,M30=1),"BAJO 8%",IF(AND(K30=2,M30=2),"BAJO 20%",IF(AND(K30=3,M30=1),"BAJO 12%",IF(AND(K30=4,M30=1),"MODERADO 24%",IF(AND(K30=3,M30=2),"MODERADO 28%",IF(AND(K30=1,M30=3),"MODERADO 32%",IF(AND(K30=2,M30=3),"MODERADO 36%",IF(AND(K30=5,M30=1),"ALTO 40%",IF(AND(K30=4,M30=2),"ALTO 44%",IF(AND(K30=5,M30=2),"ALTO 48%",IF(AND(K30=3,M30=3),"ALTO 52%",IF(AND(K30=4,M30=3),"ALTO 56%",IF(AND(K30=1,M30=4),"ALTO 60%",IF(AND(K30=2,M30=4),"ALTO 64%",IF(AND(K30=1,M30=5),"ALTO 68%",IF(AND(K30=5,M30=3),"EXTREMA 72%",IF(AND(K30=3,M30=4),"EXTREMA 76%",IF(AND(K30=4,M30=4),"EXTREMA 80%",IF(AND(K30=5,M30=4),"EXTREMA 84%",IF(AND(K30=2,M30=5),"EXTREMA 88%",IF(AND(K30=3,M30=5),"EXTREMA 92%",IF(AND(K30=4,M30=5),"EXTREMA 96%",IF(AND(K30=5,M30=5),"EXTREMA 100%"))))))))))))))))))))))))) -> EXTREMA 80% | O30: =IF('3.Controles'!D43=1,'3.Controles'!D37,IF('3.Controles'!D43=2,'3.Controles'!D37&", "&'3.Controles'!D38,IF('3.Controles'!D43=3,'3.Controles'!D37&", "&'3.Controles'!D38&", "&'3.Controles'!D39,IF('3.Controles'!D43=4,'3.Controles'!D37&", "&'3.Controles'!D38&", "&'3.Controles'!D39&", "&'3.Controles'!D40,IF('3.Controles'!D43=5,'3.Controles'!D37&", "&'3.Controles'!D38&", "&'3.Controles'!D39&", "&'3.Controles'!D40&", "&'3.Controles'!D41,0))))) -> C13, C35 | P30: ='3.Controles'!X43 -> 90 | Q30: ='3.Controles'!X42 -> 80 | R30: =IF(S30=1,"Raro",IF(S30=2,"Improbable",IF(S30=3,"Posible",IF(S30=4,"Probable",IF(S30=5,"Casi Seguro"))))) -> Improbable | S30: =IF('3.Controles'!W43=1,IF('3.Controles'!X43<55,K30,IF('3.Controles'!X43<75,K30-1,IF('3.Controles'!X43<110,K30-2))),K30) -> 2 | T30: =IF(U30=1,"Insignificante",IF(U30=2,"Menor",IF(U30=3,"Moderado",IF(U30=4,"Mayor",IF(U30=5,"Catastrofico"))))) -> Menor | U30: =IF('3.Controles'!W42=1,IF('3.Controles'!X42<55,M30,IF('3.Controles'!X42<75,M30-1,IF('3.Controles'!X42<110,M30-2))),M30) -> 2 | V30: =IF(AND(S30=1,U30=1),"BAJO 4%",IF(AND(S30=1,U30=2),"BAJO 16%",IF(AND(S30=2,U30=1),"BAJO 8%",IF(AND(S30=2,U30=2),"BAJO 20%",IF(AND(S30=3,U30=1),"BAJO 12%",IF(AND(S30=4,U30=1),"MODERADO 24%",IF(AND(S30=3,U30=2),"MODERADO 28%",IF(AND(S30=1,U30=3),"MODERADO 32%",IF(AND(S30=2,U30=3),"MODERADO 36%",IF(AND(S30=5,U30=1),"ALTO 40%",IF(AND(S30=4,U30=2),"ALTO 44%",IF(AND(S30=5,U30=2),"ALTO 48%",IF(AND(S30=3,U30=3),"ALTO 52%",IF(AND(S30=4,U30=3),"ALTO 56%",IF(AND(S30=1,U30=4),"ALTO 60%",IF(AND(S30=2,U30=4),"ALTO 64%",IF(AND(S30=1,U30=5),"ALTO 68%",IF(AND(S30=5,U30=3),"EXTREMA 72%",IF(AND(S30=3,U30=4),"EXTREMA 76%",IF(AND(S30=4,U30=4),"EXTREMA 80%",IF(AND(S30=5,U30=4),"EXTREMA 84%",IF(AND(S30=2,U30=5),"EXTREMA 88%",IF(AND(S30=3,U30=5),"EXTREMA 92%",IF(AND(S30=4,U30=5),"EXTREMA 96%",IF(AND(S30=5,U30=5),"EXTREMA 100%"))))))))))))))))))))))))) -> BAJO 20% | W30: REDUCIRLO O MITIGARLO
G31: 2. Desconocimiento de politicas, lineamientos, procedimientos e instructivos de seguridad de la información y de la normativa nacional vigente.
A35: R6
A40: R7
A45: R8
A50: R9
A55: R10

Sheet Hoja1
B2: TIPO PROCESO | C2: TIPOLOGÍA DE RIESGOS | D2: IMPACTO | E2: DEPENDENCIA | F2: PROCESO | G2: ¿Existe un responsable asignado a la ejecución del control?
B3: Estratégico | C3: Estrategicos | D3: Insignificante | E3: Dirección de Planeación | F3: Direccionamiento Estratégico | G3: Asignado | H3: 15
B4: Misional | C4: Gerenciales | D4: Menor | E4: Dirección de Planeación | F4: Mejora Continua | G4: No asignado | H4: 0
B5: Apoyo | C5: Operativos | D5: Moderado | E5: Oficina Asesora de Comunicaciones | F5: Comunicaciones
B6: Evaluación | C6: Financieros | D6: Mayor | E6: Dirección de Fomento | F6: Fomento | G6: ¿El responsable tiene la autoridad y adecuada segregación de funciones en la ejecución del control?
C7: Tecnologicos | D7: Catastrófico | E7: Dirección de Cultura Ciudadana | F7: Trasnformaciones Culturales | G7: Asignado | H7: 15
C8: Cumplimiento | E8: Dirección de Lectura y Bibliotecas | F8: Transformaciones Culturales | G8: No asignado | H8: 0
C9: Imagen_o_Reputacional | E9: Dirección de Asusntos Locales | F9: Participación y Dialogo Social
C10: Corrupcion | E10: Dirección de Arte, Cultura y Patrimonio | F10: Gestión de la Infraestructura Cultural y Patrimonial | G10: ¿La oportunidad en que se ejecuta el control ayuda a prevenir la mitigación del riesgo o a detectar la materialización del riesgo de manera oportuna?
E11: Dirección de Persona Jurídicas | F11: Formalización de Entidades sin ánimo de lucro | G11: Oportuna | H11: 15
E12: Dirección de Gestión Corporativa | F12: Atención al Ciudadano | G12: Inoportuna | H12: 0
B13: Preventivo | E13: Grupo Interno de Recursos Financieros | F13: Gestión Financiera
B14: Detectivo | E14: Grupo Interno de Recursos Físicos | F14: Gestión Documental, de Recursos Físicos y Servicios Generales | G14: ¿Las actividades que se desarrollan en el control realmente buscan por si sola prevenir o detectar las causas que pueden dar origen al riesgo, ejemplo Verificar, Validar Cotejar, Comparar, Revisar, ¿etc.?
B15: No es un control | E15: Grupo Interno de Recursos Humanos | F15: Gestión de Talento Humano | G15: Prevenir | H15: 15
E16: Grupo Interno de Sistemas | F16: Gestión de Tic | G16: Detectar | H16: 10
E17: Oficina Asesora Jurídica | F17: Gestión Jurídica | G17: No es un control | H17: 0
E18: Oficina de Control interno | F18: Seguimiento y Evaluación de la Gestión
E19: Oficina de Control Iinterno Disciplinario | F19: Control Disciplinario | G19: ¿La fuente de información que se utiliza en el desarrollo del control es información confiable que permita mitigar el riesgo?
B20: FUERTE | G20: Confiable | H20: 15
B21: MODERADO | G21: No confiable | H21: 0
B22: DÉBIL
G23: ¿Las observaciones, desviaciones o diferencias identificadas como resultados de la ejecución del control son investigadas y resueltas de manera oportuna?
G24: Se investigan y resuelven oportunamente | H24: 15
B25: Adecuado | C25: Confiable | G25: No se investigan y resuelven oportunamente. | H25: 0
B26: Inadecuado | C26: No confiable
G27: ¿Se deja evidencia o rastro de la ejecución del control, que permita a cualquier tercero con la evidencia, llegar a la misma conclusión?
G28: Completa | H28: 10
G29: Incompleta | H29: 5
G30: No existente
B37: Fuerte | C37: Calificación entre 96 y 100
B38: Moderado | C38: Calificación entre 86 y 95
B39: Débil | C39: Calificación entre 0 y 85

Sheet 3.Controles
C1: MAPA DE RIESGOS | Z1: Página 3 de 6
Z5: Código: | AA5: FR-01-PR-MEJ-05
Z6: Versión: | AA6: 2
Z7: Fecha: | AA7: 43783
A8: ID RIESGO | B8: RIESGO | C8: CAUSAS | D8: ID CONTROL | E8: ALINEACIÓN ISO 27001 | G8: CONTROLES | H8: ¿EN QUE DOCUMENTO, SE EVIDENCIA EL CONTROL? | I8: AFECTA IMPACTO | J8: AFECTA PROBABILIDAD | K8: ¿Existe un responsable asignado a la ejecución del control? | L8: Valor | M8: ¿El responsable tiene la autoridad y adecuada segregación de funciones en la ejecución del control? | N8: Valor | O8: ¿La oportunidad en que se ejecuta el control ayuda a prevenir la mitigación del riesgo o a detectar la materialización del riesgo de manera oportuna? | P8: Valor | Q8: ¿Las actividades que se desarrollan en el control realmente buscan por si sola prevenir o detectar las causas que pueden dar origen al riesgo, ejemplo Verificar, Validar Cotejar, Comparar, Revisar (…)? | R8: Valor | S8: ¿La fuente de información que se utiliza en el desarrollo del control es información confiable que permita mitigar el riesgo? | T8: Valor | U8: ¿Las observaciones, desviaciones o diferencias identificadas como resultados de la ejecución del control son investigadas y resueltas de manera oportuna? | V8: Valor | W8: ¿Se deja evidencia o rastro de la ejecución del control, que permita a cualquier tercero con la evidencia, llegar a la misma conclusión? | X8: Valor | Y8: PUNTAJE | Z8: Rango Calificación del Diseño | AA8: Rango Calificación de la ejecución | AB8: Solidez del Control Integralmente (Diseño y Ejecución)
A9: R1 | B9: ='2.Identificacion_Riesgos'!E10 -> Afectación en el cumplimiento de los objetivos de los procesos de la entidad por la interrupción en la prestación del servicio de la infraestructura tecnológica. | C9: ='2.Identificacion_Riesgos'!G10 -> 1. Interrupción de los servicios de la energía eléctrica regulada al interior de la entidad o fallas imprevistas de los equipos | D9: =VLOOKUP($E9,'Controles ISO 27001'!$A$2:$C$36,3,FALSE) -> C16 | E9: 11.2 Seguridad de los equipos. | F9: =VLOOKUP(E9,'Controles ISO 27001'!$A$2:$B$36,2,FALSE) -> Prevenir la perdida, daño, robo o compromiso de activos, y la interrupción de las operaciones de la organización. | G9: Mantenimiento preventivo y correctivo de UPS vigente. Responsable: GIS - Recursos Fisicos Cómo se hace el control: Un proveedor especializado realiza el mantenimiento preventivo. Cuándo se hace: Trimestral. Cómo se evidencia: Acta de resultado. Si no se hace qué ocurre: Puede aumentar la probabilidad de ocurrencia del riesgo. | H9: Plan anual de mantenimiento | I9: NO | J9: SI | K9: Asignado | L9: =IF(K9="Asignado",15,0) -> 15 | M9: Adecuado | N9: =IF(M9="Adecuado",15,0) -> 15 | O9: Oportuna | P9: =IF(O9="Oportuna",15,0) -> 15 | Q9: Preventivo | R9: =IF(Q9="Preventivo",15,0) -> 15 | S9: Confiable | T9: =IF(S9="Confiable",15,0) -> 15 | U9: Se investigan y resuelven oportunamente | V9: =IF(U9="Se investigan y resuelven oportunamente",15,0) -> 15 | W9: Completa | X9: =IF(W9="Completa",10,IF(W9="Incompleta ",5,IF(W9="No existente",0,0))) -> 10 | Y9: =SUM(L9,N9,P9,R9,T9,V9,X9) -> 100 | Z9: =IF(Y9<=69,"DÉBIL",IF(AND(Y9>69,Y9<=89),"MODERADO",IF(Y9>89,"FUERTE","X"))) -> FUERTE | AA9: FUERTE | AB9: =IF(AND(Z9="FUERTE",AA9="FUERTE"),"FUERTE",IF(AND(Z9="FUERTE",AA9="MODERADO"),"MODERADO",IF(AND(Z9="FUERTE",AA9="DÉBIL"),"DÉBIL",IF(AND(Z9="MODERADO",AA9="FUERTE"),"MODERADO",IF(AND(Z9="MODERADO",AA9="MODERADO"),"MODERADO",IF(AND(Z9="MODERADO",AA9="DÉBIL"),"DÉBIL",IF(AND(Z9="DÉBIL",AA9="FUERTE"),"DÉBIL",IF(AND(Z9="DÉBIL",AA9="MODERADO"),"DÉBIL",IF(AND(Z9="DÉBIL",AA9="DÉBIL"),"DÉBIL","XX"))))))))) -> FUERTE | AD9: Rango Calificación de la Ejecución | AE9: Opción de Respuesta al Criterio de Evaluación
C10: ='2.Identificacion_Riesgos'!G11 -> 2. Incumplimiento de la prestación del servicio de los proveedores externos. | D10: =VLOOKUP($E10,'Controles ISO 27001'!$A$2:$C$36,3,FALSE) -> C30 | E10: 15.2 Gestión de la prestación del servicio por proveedores. | F10: =VLOOKUP(E10,'Controles ISO 27001'!$A$2:$B$36,2,FALSE) -> Mantener el nivel acordado de seguridad de la información y de prestación del servicio en línea con los acuerdos con los proveedores | G10: Contratos con terceros con Acuerdos de Nivel de Servicio ANS Responsable: GIS Cómo se hace el control: Proveedores especializados que proporcionan servicios de TI. Cuándo se hace: Reporte mensual y seguimiento semestral. Cómo se evidencia: Certificado de Supervision y cumplimiento. Si no se hace qué ocurre: Puede aumentar la probabilidad de ocurrencia del riesgo. | H10: ANS definidos en contratos de prestación de servicios Certificado de Supervisión y cumplimiento. | I10: SI | J10: SI | K10: Asignado | L10: =IF(K10="Asignado",15,0) -> 15 | M10: Adecuado | N10: =IF(M10="Adecuado",15,0) -> 15 | O10: Oportuna | P10: =IF(O10="Oportuna",15,0) -> 15 | Q10: Preventivo | R10: =IF(Q10="Preventivo",15,0) -> 15 | S10: Confiable | T10: =IF(S10="Confiable",15,0) -> 15 | U10: Se investigan y resuelven oportunamente | V10: =IF(U10="Se investigan y resuelven oportunamente",15,0) -> 15 | W10: Completa | X10: =IF(W10="Completa",10,IF(W10="Incompleta ",5,IF(W10="No existente",0,0))) -> 10 | Y10: =SUM(L10,N10,P10,R10,T10,V10,X10) -> 100 | Z10: =IF(Y10<=69,"DÉBIL",IF(AND(Y10>69,Y10<=89),"MODERADO",IF(Y10>89,"FUERTE","X"))) -> FUERTE | AA10: FUERTE | AB10: =IF(AND(Z10="FUERTE",AA10="FUERTE"),"FUERTE",IF(AND(Z10="FUERTE",AA10="MODERADO"),"MODERADO",IF(AND(Z10="FUERTE",AA10="DÉBIL"),"DÉBIL",IF(AND(Z10="MODERADO",AA10="FUERTE"),"MODERADO",IF(AND(Z10="MODERADO",AA10="MODERADO"),"MODERADO",IF(AND(Z10="MODERADO",AA10="DÉBIL"),"DÉBIL",IF(AND(Z10="DÉBIL",AA10="FUERTE"),"DÉBIL",IF(AND(Z10="DÉBIL",AA10="MODERADO"),"DÉBIL",IF(AND(Z10="DÉBIL",AA10="DÉBIL"),"DÉBIL","XX"))))))))) -> FUERTE | AD10: Fuerte | AE10: El control se ejecuta de manera consistente por parte del responsable
C11: ='2.Identificacion_Riesgos'!G12 -> 3. Desastres naturales o acciones deliberadas y no deliberadas por el factor humano. | D11: =VLOOKUP($E11,'Controles ISO 27001'!$A$2:$C$36,3,FALSE) -> C15 | E11: 11.1 Áreas seguras. | F11: =VLOOKUP(E11,'Controles ISO 27001'!$A$2:$B$36,2,FALSE) -> Prevenir el acceso físico no autorizado, el daño e interferencia a la información y a las instalaciones de procesamiento de información de la organización. | G11: Definición de los controles de acceso fisico a las areas de data center y cableado estructurado, asi como tambien revisión de factores ambientales y estructurales de las areas en mención Responsable: GIS - Recursos Fisicos Cómo se hace el control: Cumplir con las mejores practicas de diseño del Data center y centros de cableado, asi como tambien con las condiciones de seguridad en el acceso fisico. Cuándo se hace: Semestral Cómo se evidencia: Inspecciones fisicas a las areas seguras, documentada en acta. Si no se hace qué ocurre: Puede aumentar la probabilidad de ocurrencia del riesgo. | H11: Actas de revisión de las condiciones fisicas de las areas seguras. Bitacoras de control de accesos a las areas seguras. | I11: NO | J11: SI | K11: No asignado | L11: =IF(K11="Asignado",15,0) -> 0 | M11: Inadecuado | N11: =IF(M11="Adecuado",15,0) -> 0 | O11: Inoportuna | P11: =IF(O11="Oportuna",15,0) -> 0 | Q11: Preventivo | R11: =IF(Q11="Preventivo",15,0) -> 15 | S11: No confiable | T11: =IF(S11="Confiable",15,0) -> 0 | U11: No se investigan y resuelven oportunamente. | V11: =IF(U11="Se investigan y resuelven oportunamente",15,0) -> 0 | W11: No existente | X11: =IF(W11="Completa",10,IF(W11="Incompleta ",5,IF(W11="No existente",0,0))) -> 0 | Y11: =SUM(L11,N11,P11,R11,T11,V11,X11) -> 15 | Z11: =IF(Y11<=69,"DÉBIL",IF(AND(Y11>69,Y11<=89),"MODERADO",IF(Y11>89,"FUERTE","X"))) -> DÉBIL | AA11: DÉBIL | AB11: =IF(AND(Z11="FUERTE",AA11="FUERTE"),"FUERTE",IF(AND(Z11="FUERTE",AA11="MODERADO"),"MODERADO",IF(AND(Z11="FUERTE",AA11="DÉBIL"),"DÉBIL",IF(AND(Z11="MODERADO",AA11="FUERTE"),"MODERADO",IF(AND(Z11="MODERADO",AA11="MODERADO"),"MODERADO",IF(AND(Z11="MODERADO",AA11="DÉBIL"),"DÉBIL",IF(AND(Z11="DÉBIL",AA11="FUERTE"),"DÉBIL",IF(AND(Z11="DÉBIL",AA11="MODERADO"),"DÉBIL",IF(AND(Z11="DÉBIL",AA11="DÉBIL"),"DÉBIL","XX"))))))))) -> DÉBIL | AD11: Moderado | AE11: El control se ejecuta algunas veces por parte del responsable
C12: ='2.Identificacion_Riesgos'!G13 -> 0 | L12: =IF(K12="Asignado",15,0) -> 0 | N12: =IF(M12="Adecuado",15,0) -> 0 | P12: =IF(O12="Oportuna",15,0) -> 0 | R12: =IF(Q12="Preventivo",15,0) -> 0 | T12: =IF(S12="Confiable",15,0) -> 0 | V12: =IF(U12="Se investigan y resuelven oportunamente",15,0) -> 0 | X12: =IF(W12="Completa",10,IF(W12="Incompleta ",5,IF(W12="No existente",0,0))) -> 0 | Y12: =SUM(L12,N12,P12,R12,T12,V12,X12) -> 0 | Z12: =IF(Y12<=69,"DÉBIL",IF(AND(Y12>69,Y12<=89),"MODERADO",IF(Y12>89,"FUERTE","X"))) -> DÉBIL | AA12: FUERTE | AB12: =IF(AND(Z12="FUERTE",AA12="FUERTE"),"FUERTE",IF(AND(Z12="FUERTE",AA12="MODERADO"),"MODERADO",IF(AND(Z12="FUERTE",AA12="DÉBIL"),"DÉBIL",IF(AND(Z12="MODERADO",AA12="FUERTE"),"MODERADO",IF(AND(Z12="MODERADO",AA12="MODERADO"),"MODERADO",IF(AND(Z12="MODERADO",AA12="DÉBIL"),"DÉBIL",IF(AND(Z12="DÉBIL",AA12="FUERTE"),"DÉBIL",IF(AND(Z12="DÉBIL",AA12="MODERADO"),"DÉBIL",IF(AND(Z12="DÉBIL",AA12="DÉBIL"),"DÉBIL","XX"))))))))) -> DÉBIL | AD12: Débil | AE12: El control no se ejecuta por parte del responsable
C13: ='2.Identificacion_Riesgos'!G14 -> 0 | L13: =IF(K13="Asignado",15,0) -> 0 | N13: =IF(M13="Adecuado",15,0) -> 0 | P13: =IF(O13="Oportuna",15,0) -> 0 | R13: =IF(Q13="Preventivo",15,0) -> 0 | T13: =IF(S13="Confiable",15,0) -> 0 | V13: =IF(U13="Se investigan y resuelven oportunamente",15,0) -> 0 | X13: =IF(W13="Completa",10,IF(W13="Incompleta ",5,IF(W13="No existente",0,0))) -> 0 | Y13: =SUM(L13,N13,P13,R13,T13,V13,X13) -> 0 | Z13: =IF(Y13<=69,"DÉBIL",IF(AND(Y13>69,Y13<=89),"MODERADO",IF(Y13>89,"FUERTE","X"))) -> DÉBIL | AA13: FUERTE | AB13: =IF(AND(Z13="FUERTE",AA13="FUERTE"),"FUERTE",IF(AND(Z13="FUERTE",AA13="MODERADO"),"MODERADO",IF(AND(Z13="FUERTE",AA13="DÉBIL"),"DÉBIL",IF(AND(Z13="MODERADO",AA13="FUERTE"),"MODERADO",IF(AND(Z13="MODERADO",AA13="MODERADO"),"MODERADO",IF(AND(Z13="MODERADO",AA13="DÉBIL"),"DÉBIL",IF(AND(Z13="DÉBIL",AA13="FUERTE"),"DÉBIL",IF(AND(Z13="DÉBIL",AA13="MODERADO"),"DÉBIL",IF(AND(Z13="DÉBIL",AA13="DÉBIL"),"DÉBIL","XX"))))))))) -> DÉBIL
V14: IMPACTO | W14: =IF(I15>0,1,0) -> 1 | X14: =ROUNDDOWN(Y14,0) -> 100 | Y14: =AVERAGEIF(I9:I13,"SI",Y9:Y13) -> 100 | Z14: =IF(Y14<=85,"DÉBIL",IF(AND(Y14>85,Y14<=95),"MODERADO",IF(Y14>96,"FUERTE","X"))) -> FUERTE | AA14: FUERTE | AB14: =IF(AND(Z14="FUERTE",AA14="FUERTE"),"FUERTE",IF(AND(Z14="FUERTE",AA14="MODERADO"),"MODERADO",IF(AND(Z14="FUERTE",AA14="DÉBIL"),"DÉBIL",IF(AND(Z14="MODERADO",AA14="FUERTE"),"MODERADO",IF(AND(Z14="MODERADO",AA14="MODERADO"),"MODERADO",IF(AND(Z14="MODERADO",AA14="DÉBIL"),"DÉBIL",IF(AND(Z14="DÉBIL",AA14="FUERTE"),"DÉBIL",IF(AND(Z14="DÉBIL",AA14="MODERADO"),"DÉBIL",IF(AND(Z14="DÉBIL",AA14="DÉBIL"),"DÉBIL","XX"))))))))) -> FUERTE
D15: =COUNTA(D9:D13) -> 3 | I15: =COUNTIF(I9:I13,"SI") -> 1 | J15: =COUNTIF(J9:J13,"SI") -> 3 | V15: PROBABILIDAD | W15: =IF(J15>0,1,0) -> 1 | X15: =ROUNDDOWN(Y15,0) -> 71 | Y15: =AVERAGEIF(J9:J13,"SI",Y9:Y13) -> 71.666667 | Z15: =IF(Y15<=85,"DÉBIL",IF(AND(Y15>85,Y15<=95),"MODERADO",IF(Y15>96,"FUERTE","X"))) -> DÉBIL | AA15: MODERADO | AB15: =IF(AND(Z15="FUERTE",AA15="FUERTE"),"FUERTE",IF(AND(Z15="FUERTE",AA15="MODERADO"),"MODERADO",IF(AND(Z15="FUERTE",AA15="DÉBIL"),"DÉBIL",IF(AND(Z15="MODERADO",AA15="FUERTE"),"MODERADO",IF(AND(Z15="MODERADO",AA15="MODERADO"),"MODERADO",IF(AND(Z15="MODERADO",AA15="DÉBIL"),"DÉBIL",IF(AND(Z15="DÉBIL",AA15="FUERTE"),"DÉBIL",IF(AND(Z15="DÉBIL",AA15="MODERADO"),"DÉBIL",IF(AND(Z15="DÉBIL",AA15="DÉBIL"),"DÉBIL","XX"))))))))) -> DÉBIL
A16: R2 | B16: ='2.Identificacion_Riesgos'!E15 -> Incumplimiento en los requerimientos solicitados por la Secretaría en la definición, diseño, construcción y entrega de soluciones TIC | C16: ='2.Identificacion_Riesgos'!G15 -> 1. Falta de adopción de formatos y registros para la definición de los requerimientos detallados por parte de la areas funcionales en la solicitudes de servicios TIC. | D16: =VLOOKUP($E16,'Controles ISO 27001'!$A$2:$C$36,3,FALSE) -> C17 | E16: 12.1 Responsabilidades y procedimientos de operación. | F16: =VLOOKUP(E16,'Controles ISO 27001'!$A$2:$B$36,2,FALSE) -> Asegurar las operaciones correctas y seguras de las instalaciones de procesamiento de información. | G16: Mejora continua del procedimiento de gestión de sistemas de información Responsable: GIS Cómo se hace el control: 1. Revisión del procedimiento existente y definición de mejoras al mismo. 2. Revisión y seguimiento al cumplimiento del procedimiento Cuándo se hace: 1. Anual / 2. Semestral Cómo se evidencia: Publicación y divulgación del procedimiento en el sitema de gestión de calidad. Si no se hace qué ocurre: Puede aumentar la probabilidad de ocurrencia del riesgo. | H16: Actualización del procedimiento de gestión de sistemas de información y de su cumplimiento | I16: NO | J16: SI | K16: Asignado | L16: =IF(K16="Asignado",15,0) -> 15 | M16: Adecuado | N16: =IF(M16="Adecuado",15,0) -> 15 | O16: Inoportuna | P16: =IF(O16="Oportuna",15,0) -> 0 | Q16: Preventivo | R16: =IF(Q16="Preventivo",15,0) -> 15 | S16: Confiable | T16: =IF(S16="Confiable",15,0) -> 15 | U16: Se investigan y resuelven oportunamente | V16: =IF(U16="Se investigan y resuelven oportunamente",15,0) -> 15 | W16: Incompleta | X16: =IF(W16="Completa",10,IF(W16="Incompleta ",5,IF(W16="No existente",0,0))) -> 5 | Y16: =SUM(L16,N16,P16,R16,T16,V16,X16) -> 80 | Z16: =IF(Y16<=69,"DÉBIL",IF(AND(Y16>69,Y16<=89),"MODERADO",IF(Y16>89,"FUERTE","X"))) -> MODERADO | AA16: MODERADO | AB16: =IF(AND(Z16="FUERTE",AA16="FUERTE"),"FUERTE",IF(AND(Z16="FUERTE",AA16="MODERADO"),"MODERADO",IF(AND(Z16="FUERTE",AA16="DÉBIL"),"DÉBIL",IF(AND(Z16="MODERADO",AA16="FUERTE"),"MODERADO",IF(AND(Z16="MODERADO",AA16="MODERADO"),"MODERADO",IF(AND(Z16="MODERADO",AA16="DÉBIL"),"DÉBIL",IF(AND(Z16="DÉBIL",AA16="FUERTE"),"DÉBIL",IF(AND(Z16="DÉBIL",AA16="MODERADO"),"DÉBIL",IF(AND(Z16="DÉBIL",AA16="DÉBIL"),"DÉBIL","XX"))))))))) -> MODERADO
C17: ='2.Identificacion_Riesgos'!G16 -> 0 | L17: =IF(K17="Asignado",15,0) -> 0 | N17: =IF(M17="Adecuado",15,0) -> 0 | P17: =IF(O17="Oportuna",15,0) -> 0 | R17: =IF(Q17="Preventivo",15,0) -> 0 | T17: =IF(S17="Confiable",15,0) -> 0 | V17: =IF(U17="Se investigan y resuelven oportunamente",15,0) -> 0 | X17: =IF(W17="Completa",10,IF(W17="Incompleta ",5,IF(W17="No existente",0,0))) -> 0 | Y17: =SUM(L17,N17,P17,R17,T17,V17,X17) -> 0 | Z17: =IF(Y17<=69,"DÉBIL",IF(AND(Y17>69,Y17<=89),"MODERADO",IF(Y17>89,"FUERTE","X"))) -> DÉBIL | AA17: MODERADO | AB17: =IF(AND(Z17="FUERTE",AA17="FUERTE"),"FUERTE",IF(AND(Z17="FUERTE",AA17="MODERADO"),"MODERADO",IF(AND(Z17="FUERTE",AA17="DÉBIL"),"DÉBIL",IF(AND(Z17="MODERADO",AA17="FUERTE"),"MODERADO",IF(AND(Z17="MODERADO",AA17="MODERADO"),"MODERADO",IF(AND(Z17="MODERADO",AA17="DÉBIL"),"DÉBIL",IF(AND(Z17="DÉBIL",AA17="FUERTE"),"DÉBIL",IF(AND(Z17="DÉBIL",AA17="MODERADO"),"DÉBIL",IF(AND(Z17="DÉBIL",AA17="DÉBIL"),"DÉBIL","XX"))))))))) -> DÉBIL
C18: ='2.Identificacion_Riesgos'!G17 -> 0 | L18: =IF(K18="Asignado",15,0) -> 0 | N18: =IF(M18="Adecuado",15,0) -> 0 | P18: =IF(O18="Oportuna",15,0) -> 0 | R18: =IF(Q18="Preventivo",15,0) -> 0 | T18: =IF(S18="Confiable",15,0) -> 0 | V18: =IF(U18="Se investigan y resuelven oportunamente",15,0) -> 0 | X18: =IF(W18="Completa",10,IF(W18="Incompleta ",5,IF(W18="No existente",0,0))) -> 0 | Y18: =SUM(L18,N18,P18,R18,T18,V18,X18) -> 0 | Z18: =IF(Y18<=69,"DÉBIL",IF(AND(Y18>69,Y18<=89),"MODERADO",IF(Y18>89,"FUERTE","X"))) -> DÉBIL | AA18: DÉBIL | AB18: =IF(AND(Z18="FUERTE",AA18="FUERTE"),"FUERTE",IF(AND(Z18="FUERTE",AA18="MODERADO"),"MODERADO",IF(AND(Z18="FUERTE",AA18="DÉBIL"),"DÉBIL",IF(AND(Z18="MODERADO",AA18="FUERTE"),"MODERADO",IF(AND(Z18="MODERADO",AA18="MODERADO"),"MODERADO",IF(AND(Z18="MODERADO",AA18="DÉBIL"),"DÉBIL",IF(AND(Z18="DÉBIL",AA18="FUERTE"),"DÉBIL",IF(AND(Z18="DÉBIL",AA18="MODERADO"),"DÉBIL",IF(AND(Z18="DÉBIL",AA18="DÉBIL"),"DÉBIL","XX"))))))))) -> DÉBIL
C19: ='2.Identificacion_Riesgos'!G18 -> 0 | L19: =IF(K19="Asignado",15,0) -> 0 | N19: =IF(M19="Adecuado",15,0) -> 0 | P19: =IF(O19="Oportuna",15,0) -> 0 | R19: =IF(Q19="Preventivo",15,0) -> 0 | T19: =IF(S19="Confiable",15,0) -> 0 | V19: =IF(U19="Se investigan y resuelven oportunamente",15,0) -> 0 | X19: =IF(W19="Completa",10,IF(W19="Incompleta ",5,IF(W19="No existente",0,0))) -> 0 | Y19: =SUM(L19,N19,P19,R19,T19,V19,X19) -> 0 | Z19: =IF(Y19<=69,"DÉBIL",IF(AND(Y19>69,Y19<=89),"MODERADO",IF(Y19>89,"FUERTE","X"))) -> DÉBIL | AA19: DÉBIL | AB19: =IF(AND(Z19="FUERTE",AA19="FUERTE"),"FUERTE",IF(AND(Z19="FUERTE",AA19="MODERADO"),"MODERADO",IF(AND(Z19="FUERTE",AA19="DÉBIL"),"DÉBIL",IF(AND(Z19="MODERADO",AA19="FUERTE"),"MODERADO",IF(AND(Z19="MODERADO",AA19="MODERADO"),"MODERADO",IF(AND(Z19="MODERADO",AA19="DÉBIL"),"DÉBIL",IF(AND(Z19="DÉBIL",AA19="FUERTE"),"DÉBIL",IF(AND(Z19="DÉBIL",AA19="MODERADO"),"DÉBIL",IF(AND(Z19="DÉBIL",AA19="DÉBIL"),"DÉBIL","XX"))))))))) -> DÉBIL
C20: ='2.Identificacion_Riesgos'!G19 -> 0 | L20: =IF(K20="Asignado",15,0) -> 0 | N20: =IF(M20="Adecuado",15,0) -> 0 | P20: =IF(O20="Oportuna",15,0) -> 0 | R20: =IF(Q20="Preventivo",15,0) -> 0 | T20: =IF(S20="Confiable",15,0) -> 0 | V20: =IF(U20="Se investigan y resuelven oportunamente",15,0) -> 0 | X20: =IF(W20="Completa",10,IF(W20="Incompleta ",5,IF(W20="No existente",0,0))) -> 0 | Y20: =SUM(L20,N20,P20,R20,T20,V20,X20) -> 0 | Z20: =IF(Y20<=69,"DÉBIL",IF(AND(Y20>69,Y20<=89),"MODERADO",IF(Y20>89,"FUERTE","X"))) -> DÉBIL | AA20: DÉBIL | AB20: =IF(AND(Z20="FUERTE",AA20="FUERTE"),"FUERTE",IF(AND(Z20="FUERTE",AA20="MODERADO"),"MODERADO",IF(AND(Z20="FUERTE",AA20="DÉBIL"),"DÉBIL",IF(AND(Z20="MODERADO",AA20="FUERTE"),"MODERADO",IF(AND(Z20="MODERADO",AA20="MODERADO"),"MODERADO",IF(AND(Z20="MODERADO",AA20="DÉBIL"),"DÉBIL",IF(AND(Z20="DÉBIL",AA20="FUERTE"),"DÉBIL",IF(AND(Z20="DÉBIL",AA20="MODERADO"),"DÉBIL",IF(AND(Z20="DÉBIL",AA20="DÉBIL"),"DÉBIL","XX"))))))))) -> DÉBIL
V21: IMPACTO | W21: =IF(I22>0,1,0) -> 0 | X21: =ROUNDDOWN(Y21,0) -> #DIV/0! | Y21: =AVERAGEIF(I16:I20,"SI",Y16:Y20) -> #DIV/0! | Z21: =IF(Y21<=85,"DÉBIL",IF(AND(Y21>85,Y21<=95),"MODERADO",IF(Y21>96,"FUERTE","X"))) -> #DIV/0! | AA21: DÉBIL | AB21: =IF(AND(Z21="FUERTE",AA21="FUERTE"),"FUERTE",IF(AND(Z21="FUERTE",AA21="MODERADO"),"MODERADO",IF(AND(Z21="FUERTE",AA21="DÉBIL"),"DÉBIL",IF(AND(Z21="MODERADO",AA21="FUERTE"),"MODERADO",IF(AND(Z21="MODERADO",AA21="MODERADO"),"MODERADO",IF(AND(Z21="MODERADO",AA21="DÉBIL"),"DÉBIL",IF(AND(Z21="DÉBIL",AA21="FUERTE"),"DÉBIL",IF(AND(Z21="DÉBIL",AA21="MODERADO"),"DÉBIL",IF(AND(Z21="DÉBIL",AA21="DÉBIL"),"DÉBIL","XX"))))))))) -> #DIV/0!
D22: =COUNTA(D16:D20) -> 1 | I22: =COUNTIF(I15:I20,"SI") -> 0 | J22: =COUNTIF(J16:J21,"SI") -> 1 | V22: PROBABILIDAD | W22: =IF(J22>0,1,0) -> 1 | X22: =ROUNDDOWN(Y22,0) -> 80 | Y22: =AVERAGEIF(J16:J20,"SI",Y16:Y20) -> 80 | Z22: =IF(Y22<=85,"DÉBIL",IF(AND(Y22>85,Y22<=95),"MODERADO",IF(Y22>96,"FUERTE","X"))) -> DÉBIL | AA22: DÉBIL | AB22: =IF(AND(Z22="FUERTE",AA22="FUERTE"),"FUERTE",IF(AND(Z22="FUERTE",AA22="MODERADO"),"MODERADO",IF(AND(Z22="FUERTE",AA22="DÉBIL"),"DÉBIL",IF(AND(Z22="MODERADO",AA22="FUERTE"),"MODERADO",IF(AND(Z22="MODERADO",AA22="MODERADO"),"MODERADO",IF(AND(Z22="MODERADO",AA22="DÉBIL"),"DÉBIL",IF(AND(Z22="DÉBIL",AA22="FUERTE"),"DÉBIL",IF(AND(Z22="DÉBIL",AA22="MODERADO"),"DÉBIL",IF(AND(Z22="DÉBIL",AA22="DÉBIL"),"DÉBIL","XX"))))))))) -> DÉBIL
A23: R3 | B23: ='2.Identificacion_Riesgos'!E20 -> Perdida de la confidencialidad, integridad y disponibilidad de los activos de información de la entidad | C23: ='2.Identificacion_Riesgos'!G20 -> 1. Falta de apropiación de la cultura de seguridad de la información y de las politicas por parte de funcionarios y contratistas de la entidad | D23: =VLOOKUP($E23,'Controles ISO 27001'!$A$2:$C$36,3,FALSE) -> C5 | E23: 7.2 Durante la contratación. | F23: =VLOOKUP(E23,'Controles ISO 27001'!$A$2:$B$36,2,FALSE) -> Asegurarse de que los empleados y contratistas tomen conciencia de sus responsabilidades de seguridad de la información y las cumplan. | G23: Implementación del programa de cultura de seguridad y privacidad de la información Responsable: GIS Cómo se hace el control: Realización de las jornadas de sensibilización en seguridad de la información. Cuándo se hace: Semestral Cómo se evidencia: charlas de sensibilización, tips de seguridad, encuestas de percepción. Si no se hace qué ocurre: Puede aumentar la probabilidad de ocurrencia del riesgo. | H23: Programa de cultura de seguridad de la información. | I23: NO | J23: SI | K23: Asignado | L23: =IF(K23="Asignado",15,0) -> 15 | M23: Adecuado | N23: =IF(M23="Adecuado",15,0) -> 15 | O23: Oportuna | P23: =IF(O23="Oportuna",15,0) -> 15 | Q23: Preventivo | R23: =IF(Q23="Preventivo",15,0) -> 15 | S23: Confiable | T23: =IF(S23="Confiable",15,0) -> 15 | U23: No se investigan y resuelven oportunamente. | V23: =IF(U23="Se investigan y resuelven oportunamente",15,0) -> 0 | W23: Completa | X23: =IF(W23="Completa",10,IF(W23="Incompleta ",5,IF(W23="No existente",0,0))) -> 10 | Y23: =SUM(L23,N23,P23,R23,T23,V23,X23) -> 85 | Z23: =IF(Y23<=69,"DÉBIL",IF(AND(Y23>69,Y23<=89),"MODERADO",IF(Y23>89,"FUERTE","X"))) -> MODERADO | AA23: MODERADO | AB23: =IF(AND(Z23="FUERTE",AA23="FUERTE"),"FUERTE",IF(AND(Z23="FUERTE",AA23="MODERADO"),"MODERADO",IF(AND(Z23="FUERTE",AA23="DÉBIL"),"DÉBIL",IF(AND(Z23="MODERADO",AA23="FUERTE"),"MODERADO",IF(AND(Z23="MODERADO",AA23="MODERADO"),"MODERADO",IF(AND(Z23="MODERADO",AA23="DÉBIL"),"DÉBIL",IF(AND(Z23="DÉBIL",AA23="FUERTE"),"DÉBIL",IF(AND(Z23="DÉBIL",AA23="MODERADO"),"DÉBIL",IF(AND(Z23="DÉBIL",AA23="DÉBIL"),"DÉBIL","XX"))))))))) -> MODERADO
C24: ='2.Identificacion_Riesgos'!G21 -> 2. Gestión inadecuada de los activos de información. | D24: =VLOOKUP($E24,'Controles ISO 27001'!$A$2:$C$36,3,FALSE) -> C7 | E24: 8.1 Responsabilidad sobre los activos. | F24: =VLOOKUP(E24,'Controles ISO 27001'!$A$2:$B$36,2,FALSE) -> Identificar los activos organizacionales y definir las responsabilidades de protección adecuadas. | G24: Implementación de la Politica de buen uso de los activos de información Responsable: GIS Cómo se hace el control: implementación de la politica de buen uso de los activos de información. Cuándo se hace: Anual Cómo se evidencia: con indices bajos de materialización de incidentes de seguridad por perdida de confidencialidad, integridad y disponibilidad de los activos de información. Si no se hace qué ocurre: Puede aumentar la probabilidad de ocurrencia del riesgo. | H24: Politica de uso adecuado de activos de información. | I24: NO | J24: SI | K24: Asignado | L24: =IF(K24="Asignado",15,0) -> 15 | M24: Adecuado | N24: =IF(M24="Adecuado",15,0) -> 15 | O24: Oportuna | P24: =IF(O24="Oportuna",15,0) -> 15 | Q24: Preventivo | R24: =IF(Q24="Preventivo",15,0) -> 15 | S24: Confiable | T24: =IF(S24="Confiable",15,0) -> 15 | U24: No se investigan y resuelven oportunamente. | V24: =IF(U24="Se investigan y resuelven oportunamente",15,0) -> 0 | W24: No existente | X24: =IF(W24="Completa",10,IF(W24="Incompleta ",5,IF(W24="No existente",0,0))) -> 0 | Y24: =SUM(L24,N24,P24,R24,T24,V24,X24) -> 75 | Z24: =IF(Y24<=69,"DÉBIL",IF(AND(Y24>69,Y24<=89),"MODERADO",IF(Y24>89,"FUERTE","X"))) -> MODERADO | AA24: MODERADO | AB24: =IF(AND(Z24="FUERTE",AA24="FUERTE"),"FUERTE",IF(AND(Z24="FUERTE",AA24="MODERADO"),"MODERADO",IF(AND(Z24="FUERTE",AA24="DÉBIL"),"DÉBIL",IF(AND(Z24="MODERADO",AA24="FUERTE"),"MODERADO",IF(AND(Z24="MODERADO",AA24="MODERADO"),"MODERADO",IF(AND(Z24="MODERADO",AA24="DÉBIL"),"DÉBIL",IF(AND(Z24="DÉBIL",AA24="FUERTE"),"DÉBIL",IF(AND(Z24="DÉBIL",AA24="MODERADO"),"DÉBIL",IF(AND(Z24="DÉBIL",AA24="DÉBIL"),"DÉBIL","XX"))))))))) -> MODERADO
C25: ='2.Identificacion_Riesgos'!G22 -> 3. Falta de mecanismos para evitar el borrado, ocultamiento y desaparición de información de los sistemas de información oficiales de la Entidad. | D25: =VLOOKUP($E25,'Controles ISO 27001'!$A$2:$C$36,3,FALSE) -> C19 | E25: 12.3 Copias de seguridad. | F25: =VLOOKUP(E25,'Controles ISO 27001'!$A$2:$B$36,2,FALSE) -> Proteger contra la perdida de datos | G25: Realización, verificación y restauración de las Copias de Seguridad de los servidores TIC Responsable: GIS Cómo se hace el control: Realización, verificación de copias de seguridad de los servidores TIC Cuándo se hace: Diario Cómo se evidencia: Seguimiento del cumplimiento del instructivo de copias de seguridad. Si no se hace qué ocurre: Puede aumentar la probabilidad de ocurrencia del riesgo. | H25: Instructivo de copias de seguridad | I25: SI | J25: SI | K25: Asignado | L25: =IF(K25="Asignado",15,0) -> 15 | M25: Adecuado | N25: =IF(M25="Adecuado",15,0) -> 15 | O25: Oportuna | P25: =IF(O25="Oportuna",15,0) -> 15 | Q25: Preventivo | R25: =IF(Q25="Preventivo",15,0) -> 15 | S25: Confiable | T25: =IF(S25="Confiable",15,0) -> 15 | U25: Se investigan y resuelven oportunamente | V25: =IF(U25="Se investigan y resuelven oportunamente",15,0) -> 15 | W25: Completa | X25: =IF(W25="Completa",10,IF(W25="Incompleta ",5,IF(W25="No existente",0,0))) -> 10 | Y25: =SUM(L25,N25,P25,R25,T25,V25,X25) -> 100 | Z25: =IF(Y25<=69,"DÉBIL",IF(AND(Y25>69,Y25<=89),"MODERADO",IF(Y25>89,"FUERTE","X"))) -> FUERTE | AA25: FUERTE | AB25: =IF(AND(Z25="FUERTE",AA25="FUERTE"),"FUERTE",IF(AND(Z25="FUERTE",AA25="MODERADO"),"MODERADO",IF(AND(Z25="FUERTE",AA25="DÉBIL"),"DÉBIL",IF(AND(Z25="MODERADO",AA25="FUERTE"),"MODERADO",IF(AND(Z25="MODERADO",AA25="MODERADO"),"MODERADO",IF(AND(Z25="MODERADO",AA25="DÉBIL"),"DÉBIL",IF(AND(Z25="DÉBIL",AA25="FUERTE"),"DÉBIL",IF(AND(Z25="DÉBIL",AA25="MODERADO"),"DÉBIL",IF(AND(Z25="DÉBIL",AA25="DÉBIL"),"DÉBIL","XX"))))))))) -> FUERTE
C26: ='2.Identificacion_Riesgos'!G23 -> 0 | L26: =IF(K26="Asignado",15,0) -> 0 | N26: =IF(M26="Adecuado",15,0) -> 0 | P26: =IF(O26="Oportuna",15,0) -> 0 | R26: =IF(Q26="Preventivo",15,0) -> 0 | T26: =IF(S26="Confiable",15,0) -> 0 | V26: =IF(U26="Se investigan y resuelven oportunamente",15,0) -> 0 | X26: =IF(W26="Completa",10,IF(W26="Incompleta ",5,IF(W26="No existente",0,0))) -> 0 | Y26: =SUM(L26,N26,P26,R26,T26,V26,X26) -> 0 | Z26: =IF(Y26<=69,"DÉBIL",IF(AND(Y26>69,Y26<=89),"MODERADO",IF(Y26>89,"FUERTE","X"))) -> DÉBIL | AA26: DÉBIL | AB26: =IF(AND(Z26="FUERTE",AA26="FUERTE"),"FUERTE",IF(AND(Z26="FUERTE",AA26="MODERADO"),"MODERADO",IF(AND(Z26="FUERTE",AA26="DÉBIL"),"DÉBIL",IF(AND(Z26="MODERADO",AA26="FUERTE"),"MODERADO",IF(AND(Z26="MODERADO",AA26="MODERADO"),"MODERADO",IF(AND(Z26="MODERADO",AA26="DÉBIL"),"DÉBIL",IF(AND(Z26="DÉBIL",AA26="FUERTE"),"DÉBIL",IF(AND(Z26="DÉBIL",AA26="MODERADO"),"DÉBIL",IF(AND(Z26="DÉBIL",AA26="DÉBIL"),"DÉBIL","XX"))))))))) -> DÉBIL
C27: ='2.Identificacion_Riesgos'!G24 -> 0 | L27: =IF(K27="Asignado",15,0) -> 0 | N27: =IF(M27="Adecuado",15,0) -> 0 | P27: =IF(O27="Oportuna",15,0) -> 0 | R27: =IF(Q27="Preventivo",15,0) -> 0 | T27: =IF(S27="Confiable",15,0) -> 0 | V27: =IF(U27="Se investigan y resuelven oportunamente",15,0) -> 0 | X27: =IF(W27="Completa",10,IF(W27="Incompleta ",5,IF(W27="No existente",0,0))) -> 0 | Y27: =SUM(L27,N27,P27,R27,T27,V27,X27) -> 0 | Z27: =IF(Y27<=69,"DÉBIL",IF(AND(Y27>69,Y27<=89),"MODERADO",IF(Y27>89,"FUERTE","X"))) -> DÉBIL | AA27: DÉBIL | AB27: =IF(AND(Z27="FUERTE",AA27="FUERTE"),"FUERTE",IF(AND(Z27="FUERTE",AA27="MODERADO"),"MODERADO",IF(AND(Z27="FUERTE",AA27="DÉBIL"),"DÉBIL",IF(AND(Z27="MODERADO",AA27="FUERTE"),"MODERADO",IF(AND(Z27="MODERADO",AA27="MODERADO"),"MODERADO",IF(AND(Z27="MODERADO",AA27="DÉBIL"),"DÉBIL",IF(AND(Z27="DÉBIL",AA27="FUERTE"),"DÉBIL",IF(AND(Z27="DÉBIL",AA27="MODERADO"),"DÉBIL",IF(AND(Z27="DÉBIL",AA27="DÉBIL"),"DÉBIL","XX"))))))))) -> DÉBIL
V28: IMPACTO | W28: =IF(I29>0,1,0) -> 1 | X28: =ROUNDDOWN(Y28,0) -> 100 | Y28: =AVERAGEIF(I23:I27,"SI",Y23:Y27) -> 100 | Z28: =IF(Y28<=85,"DÉBIL",IF(AND(Y28>85,Y28<=95),"MODERADO",IF(Y28>96,"FUERTE","X"))) -> FUERTE | AA28: DÉBIL | AB28: =IF(AND(Z28="FUERTE",AA28="FUERTE"),"FUERTE",IF(AND(Z28="FUERTE",AA28="MODERADO"),"MODERADO",IF(AND(Z28="FUERTE",AA28="DÉBIL"),"DÉBIL",IF(AND(Z28="MODERADO",AA28="FUERTE"),"MODERADO",IF(AND(Z28="MODERADO",AA28="MODERADO"),"MODERADO",IF(AND(Z28="MODERADO",AA28="DÉBIL"),"DÉBIL",IF(AND(Z28="DÉBIL",AA28="FUERTE"),"DÉBIL",IF(AND(Z28="DÉBIL",AA28="MODERADO"),"DÉBIL",IF(AND(Z28="DÉBIL",AA28="DÉBIL"),"DÉBIL","XX"))))))))) -> DÉBIL
D29: =COUNTA(D23:D27) -> 3 | I29: =COUNTIF(I22:I27,"SI") -> 1 | J29: =COUNTIF(J23:J28,"SI") -> 3 | V29: PROBABILIDAD | W29: =IF(J29>0,1,0) -> 1 | X29: =ROUNDDOWN(Y29,0) -> 86 | Y29: =AVERAGEIF(J23:J27,"SI",Y23:Y27) -> 86.666667 | Z29: =IF(Y29<=85,"DÉBIL",IF(AND(Y29>85,Y29<=95),"MODERADO",IF(Y29>96,"FUERTE","X"))) -> MODERADO | AA29: DÉBIL | AB29: =IF(AND(Z29="FUERTE",AA29="FUERTE"),"FUERTE",IF(AND(Z29="FUERTE",AA29="MODERADO"),"MODERADO",IF(AND(Z29="FUERTE",AA29="DÉBIL"),"DÉBIL",IF(AND(Z29="MODERADO",AA29="FUERTE"),"MODERADO",IF(AND(Z29="MODERADO",AA29="MODERADO"),"MODERADO",IF(AND(Z29="MODERADO",AA29="DÉBIL"),"DÉBIL",IF(AND(Z29="DÉBIL",AA29="FUERTE"),"DÉBIL",IF(AND(Z29="DÉBIL",AA29="MODERADO"),"DÉBIL",IF(AND(Z29="DÉBIL",AA29="DÉBIL"),"DÉBIL","XX"))))))))) -> DÉBIL
A30: R4 | B30: ='2.Identificacion_Riesgos'!E25 -> Insatisfacción de usuarios de servicios tecnologicos por la no atención oportuna de requerimientos | C30: ='2.Identificacion_Riesgos'!G25 -> 1. Falta de apropiación del procedimiento de soporte tecnico y manual de la herramienta de la mesa de servicios | D30: =VLOOKUP($E30,'Controles ISO 27001'!$A$2:$C$36,3,FALSE) -> C17 | E30: 12.1 Responsabilidades y procedimientos de operación. | F30: =VLOOKUP(E30,'Controles ISO 27001'!$A$2:$B$36,2,FALSE) -> Asegurar las operaciones correctas y seguras de las instalaciones de procesamiento de información. | G30: Ejecución del procedimiento de Soporte Técnico Responsable: GIS Cómo se hace el control: Ejecución de procedimiento de soporte técnico. Cuándo se hace: Diario Cómo se evidencia: Resultado de Indicadores IND-TIC-03 Oportunidad en la atención de requerimientos IND-TIC-02 Eficacia en la solución de requerimientos IND-TIC-04 Nivel de satisfacción del usuario con el servicio de gestión de Tic Si no se hace qué ocurre: Puede aumentar la probabilidad de ocurrencia del riesgo. | H30: Procedimiento de Soporte Ténico y sus documentos asociados | I30: NO | J30: SI | K30: Asignado | L30: =IF(K30="Asignado",15,0) -> 15 | M30: Adecuado | N30: =IF(M30="Adecuado",15,0) -> 15 | O30: Oportuna | P30: =IF(O30="Oportuna",15,0) -> 15 | Q30: Preventivo | R30: =IF(Q30="Preventivo",15,0) -> 15 | S30: Confiable | T30: =IF(S30="Confiable",15,0) -> 15 | U30: Se investigan y resuelven oportunamente | V30: =IF(U30="Se investigan y resuelven oportunamente",15,0) -> 15 | W30: Completa | X30: =IF(W30="Completa",10,IF(W30="Incompleta ",5,IF(W30="No existente",0,0))) -> 10 | Y30: =SUM(L30,N30,P30,R30,T30,V30,X30) -> 100 | Z30: =IF(Y30<=69,"DÉBIL",IF(AND(Y30>69,Y30<=89),"MODERADO",IF(Y30>89,"FUERTE","X"))) -> FUERTE | AA30: FUERTE | AB30: =IF(AND(Z30="FUERTE",AA30="FUERTE"),"FUERTE",IF(AND(Z30="FUERTE",AA30="MODERADO"),"MODERADO",IF(AND(Z30="FUERTE",AA30="DÉBIL"),"DÉBIL",IF(AND(Z30="MODERADO",AA30="FUERTE"),"MODERADO",IF(AND(Z30="MODERADO",AA30="MODERADO"),"MODERADO",IF(AND(Z30="MODERADO",AA30="DÉBIL"),"DÉBIL",IF(AND(Z30="DÉBIL",AA30="FUERTE"),"DÉBIL",IF(AND(Z30="DÉBIL",AA30="MODERADO"),"DÉBIL",IF(AND(Z30="DÉBIL",AA30="DÉBIL"),"DÉBIL","XX"))))))))) -> FUERTE
C31: ='2.Identificacion_Riesgos'!G26 -> 0 | L31: =IF(K31="Asignado",15,0) -> 0 | N31: =IF(M31="Adecuado",15,0) -> 0 | P31: =IF(O31="Oportuna",15,0) -> 0 | R31: =IF(Q31="Preventivo",15,0) -> 0 | T31: =IF(S31="Confiable",15,0) -> 0 | V31: =IF(U31="Se investigan y resuelven oportunamente",15,0) -> 0 | X31: =IF(W31="Completa",10,IF(W31="Incompleta ",5,IF(W31="No existente",0,0))) -> 0 | Y31: =SUM(L31,N31,P31,R31,T31,V31,X31) -> 0 | Z31: =IF(Y31<=69,"DÉBIL",IF(AND(Y31>69,Y31<=89),"MODERADO",IF(Y31>89,"FUERTE","X"))) -> DÉBIL | AA31: DÉBIL | AB31: =IF(AND(Z31="FUERTE",AA31="FUERTE"),"FUERTE",IF(AND(Z31="FUERTE",AA31="MODERADO"),"MODERADO",IF(AND(Z31="FUERTE",AA31="DÉBIL"),"DÉBIL",IF(AND(Z31="MODERADO",AA31="FUERTE"),"MODERADO",IF(AND(Z31="MODERADO",AA31="MODERADO"),"MODERADO",IF(AND(Z31="MODERADO",AA31="DÉBIL"),"DÉBIL",IF(AND(Z31="DÉBIL",AA31="FUERTE"),"DÉBIL",IF(AND(Z31="DÉBIL",AA31="MODERADO"),"DÉBIL",IF(AND(Z31="DÉBIL",AA31="DÉBIL"),"DÉBIL","XX"))))))))) -> DÉBIL
C32: ='2.Identificacion_Riesgos'!G27 -> 0 | L32: =IF(K32="Asignado",15,0) -> 0 | N32: =IF(M32="Adecuado",15,0) -> 0 | P32: =IF(O32="Oportuna",15,0) -> 0 | R32: =IF(Q32="Preventivo",15,0) -> 0 | T32: =IF(S32="Confiable",15,0) -> 0 | V32: =IF(U32="Se investigan y resuelven oportunamente",15,0) -> 0 | X32: =IF(W32="Completa",10,IF(W32="Incompleta ",5,IF(W32="No existente",0,0))) -> 0 | Y32: =SUM(L32,N32,P32,R32,T32,V32,X32) -> 0 | Z32: =IF(Y32<=69,"DÉBIL",IF(AND(Y32>69,Y32<=89),"MODERADO",IF(Y32>89,"FUERTE","X"))) -> DÉBIL | AA32: DÉBIL | AB32: =IF(AND(Z32="FUERTE",AA32="FUERTE"),"FUERTE",IF(AND(Z32="FUERTE",AA32="MODERADO"),"MODERADO",IF(AND(Z32="FUERTE",AA32="DÉBIL"),"DÉBIL",IF(AND(Z32="MODERADO",AA32="FUERTE"),"MODERADO",IF(AND(Z32="MODERADO",AA32="MODERADO"),"MODERADO",IF(AND(Z32="MODERADO",AA32="DÉBIL"),"DÉBIL",IF(AND(Z32="DÉBIL",AA32="FUERTE"),"DÉBIL",IF(AND(Z32="DÉBIL",AA32="MODERADO"),"DÉBIL",IF(AND(Z32="DÉBIL",AA32="DÉBIL"),"DÉBIL","XX"))))))))) -> DÉBIL
C33: ='2.Identificacion_Riesgos'!G28 -> 0 | L33: =IF(K33="Asignado",15,0) -> 0 | N33: =IF(M33="Adecuado",15,0) -> 0 | P33: =IF(O33="Oportuna",15,0) -> 0 | R33: =IF(Q33="Preventivo",15,0) -> 0 | T33: =IF(S33="Confiable",15,0) -> 0 | V33: =IF(U33="Se investigan y resuelven oportunamente",15,0) -> 0 | X33: =IF(W33="Completa",10,IF(W33="Incompleta ",5,IF(W33="No existente",0,0))) -> 0 | Y33: =SUM(L33,N33,P33,R33,T33,V33,X33) -> 0 | Z33: =IF(Y33<=69,"DÉBIL",IF(AND(Y33>69,Y33<=89),"MODERADO",IF(Y33>89,"FUERTE","X"))) -> DÉBIL | AA33: DÉBIL | AB33: =IF(AND(Z33="FUERTE",AA33="FUERTE"),"FUERTE",IF(AND(Z33="FUERTE",AA33="MODERADO"),"MODERADO",IF(AND(Z33="FUERTE",AA33="DÉBIL"),"DÉBIL",IF(AND(Z33="MODERADO",AA33="FUERTE"),"MODERADO",IF(AND(Z33="MODERADO",AA33="MODERADO"),"MODERADO",IF(AND(Z33="MODERADO",AA33="DÉBIL"),"DÉBIL",IF(AND(Z33="DÉBIL",AA33="FUERTE"),"DÉBIL",IF(AND(Z33="DÉBIL",AA33="MODERADO"),"DÉBIL",IF(AND(Z33="DÉBIL",AA33="DÉBIL"),"DÉBIL","XX"))))))))) -> DÉBIL
C34: ='2.Identificacion_Riesgos'!G29 -> 0 | L34: =IF(K34="Asignado",15,0) -> 0 | N34: =IF(M34="Adecuado",15,0) -> 0 | P34: =IF(O34="Oportuna",15,0) -> 0 | R34: =IF(Q34="Preventivo",15,0) -> 0 | T34: =IF(S34="Confiable",15,0) -> 0 | V34: =IF(U34="Se investigan y resuelven oportunamente",15,0) -> 0 | X34: =IF(W34="Completa",10,IF(W34="Incompleta ",5,IF(W34="No existente",0,0))) -> 0 | Y34: =SUM(L34,N34,P34,R34,T34,V34,X34) -> 0 | Z34: =IF(Y34<=69,"DÉBIL",IF(AND(Y34>69,Y34<=89),"MODERADO",IF(Y34>89,"FUERTE","X"))) -> DÉBIL | AA34: DÉBIL | AB34: =IF(AND(Z34="FUERTE",AA34="FUERTE"),"FUERTE",IF(AND(Z34="FUERTE",AA34="MODERADO"),"MODERADO",IF(AND(Z34="FUERTE",AA34="DÉBIL"),"DÉBIL",IF(AND(Z34="MODERADO",AA34="FUERTE"),"MODERADO",IF(AND(Z34="MODERADO",AA34="MODERADO"),"MODERADO",IF(AND(Z34="MODERADO",AA34="DÉBIL"),"DÉBIL",IF(AND(Z34="DÉBIL",AA34="FUERTE"),"DÉBIL",IF(AND(Z34="DÉBIL",AA34="MODERADO"),"DÉBIL",IF(AND(Z34="DÉBIL",AA34="DÉBIL"),"DÉBIL","XX"))))))))) -> DÉBIL
V35: IMPACTO | W35: =IF(I36>0,1,0) -> 0 | X35: =ROUNDDOWN(Y35,0) -> #DIV/0! | Y35: =AVERAGEIF(I30:I34,"SI",Y30:Y34) -> #DIV/0! | Z35: =IF(Y35<=85,"DÉBIL",IF(AND(Y35>85,Y35<=95),"MODERADO",IF(Y35>96,"FUERTE","X"))) -> #DIV/0! | AA35: DÉBIL | AB35: =IF(AND(Z35="FUERTE",AA35="FUERTE"),"FUERTE",IF(AND(Z35="FUERTE",AA35="MODERADO"),"MODERADO",IF(AND(Z35="FUERTE",AA35="DÉBIL"),"DÉBIL",IF(AND(Z35="MODERADO",AA35="FUERTE"),"MODERADO",IF(AND(Z35="MODERADO",AA35="MODERADO"),"MODERADO",IF(AND(Z35="MODERADO",AA35="DÉBIL"),"DÉBIL",IF(AND(Z35="DÉBIL",AA35="FUERTE"),"DÉBIL",IF(AND(Z35="DÉBIL",AA35="MODERADO"),"DÉBIL",IF(AND(Z35="DÉBIL",AA35="DÉBIL"),"DÉBIL","XX"))))))))) -> #DIV/0!
D36: =COUNTA(D30:D34) -> 1 | I36: =COUNTIF(I29:I34,"SI") -> 0 | J36: =COUNTIF(J30:J35,"SI") -> 1 | V36: PROBABILIDAD | W36: =IF(J36>0,1,0) -> 1 | X36: =ROUNDDOWN(Y36,0) -> 100 | Y36: =AVERAGEIF(J30:J34,"SI",Y30:Y34) -> 100 | Z36: =IF(Y36<=85,"DÉBIL",IF(AND(Y36>85,Y36<=95),"MODERADO",IF(Y36>96,"FUERTE","X"))) -> FUERTE | AA36: DÉBIL | AB36: =IF(AND(Z36="FUERTE",AA36="FUERTE"),"FUERTE",IF(AND(Z36="FUERTE",AA36="MODERADO"),"MODERADO",IF(AND(Z36="FUERTE",AA36="DÉBIL"),"DÉBIL",IF(AND(Z36="MODERADO",AA36="FUERTE"),"MODERADO",IF(AND(Z36="MODERADO",AA36="MODERADO"),"MODERADO",IF(AND(Z36="MODERADO",AA36="DÉBIL"),"DÉBIL",IF(AND(Z36="DÉBIL",AA36="FUERTE"),"DÉBIL",IF(AND(Z36="DÉBIL",AA36="MODERADO"),"DÉBIL",IF(AND(Z36="DÉBIL",AA36="DÉBIL"),"DÉBIL","XX"))))))))) -> DÉBIL
A37: R5 | B37: ='2.Identificacion_Riesgos'!E30 -> Perdida de confidencialidad, integridad y disponibilidad de los activos de información en beneficio propio o de terceros por accesos indebidos o no autorizados de las bases de datos gestionadas por el GIS | C37: ='2.Identificacion_Riesgos'!G30 -> 1. Falta de gestión en el control de accesos a las bases de datos. | D37: =VLOOKUP($E37,'Controles ISO 27001'!$A$2:$C$36,3,FALSE) -> C13 | E37: 9.4 Control de acceso a sistemas y aplicaciones. | F37: =VLOOKUP(E37,'Controles ISO 27001'!$A$2:$B$36,2,FALSE) -> Evitar el acceso no autorizado a sistemas y aplicaciones. | G37: Revisión y depuración de usuarios en las bases de datos gestionadas por el GIS Responsable: GIS - DBA Cómo se hace el control: Se ejecuta tarea automatizada de inactivación de usuarios. Cuándo se hace: diario Cómo se evidencia: Ejecución diario del scrip que inactiva los usuarios de mas de 60 dias sin loguearse en la Base de Datos. Si no se hace qué ocurre: Puede aumentar la probabilidad de ocurrencia del riesgo. | H37: Scritp de tarea automatizada de inactivación de usuarios | I37: NO | J37: SI | K37: Asignado | L37: =IF(K37="Asignado",15,0) -> 15 | M37: Adecuado | N37: =IF(M37="Adecuado",15,0) -> 15 | O37: Oportuna | P37: =IF(O37="Oportuna",15,0) -> 15 | Q37: Preventivo | R37: =IF(Q37="Preventivo",15,0) -> 15 | S37: Confiable | T37: =IF(S37="Confiable",15,0) -> 15 | U37: Se investigan y resuelven oportunamente | V37: =IF(U37="Se investigan y resuelven oportunamente",15,0) -> 15 | W37: Completa | X37: =IF(W37="Completa",10,IF(W37="Incompleta ",5,IF(W37="No existente",0,0))) -> 10 | Y37: =SUM(L37,N37,P37,R37,T37,V37,X37) -> 100 | Z37: =IF(Y37<=69,"DÉBIL",IF(AND(Y37>69,Y37<=89),"MODERADO",IF(Y37>89,"FUERTE","X"))) -> FUERTE | AA37: FUERTE | AB37: =IF(AND(Z37="FUERTE",AA37="FUERTE"),"FUERTE",IF(AND(Z37="FUERTE",AA37="MODERADO"),"MODERADO",IF(AND(Z37="FUERTE",AA37="DÉBIL"),"DÉBIL",IF(AND(Z37="MODERADO",AA37="FUERTE"),"MODERADO",IF(AND(Z37="MODERADO",AA37="MODERADO"),"MODERADO",IF(AND(Z37="MODERADO",AA37="DÉBIL"),"DÉBIL",IF(AND(Z37="DÉBIL",AA37="FUERTE"),"DÉBIL",IF(AND(Z37="DÉBIL",AA37="MODERADO"),"DÉBIL",IF(AND(Z37="DÉBIL",AA37="DÉBIL"),"DÉBIL","XX"))))))))) -> FUERTE
C38: ='2.Identificacion_Riesgos'!G31 -> 2. Desconocimiento de politicas, lineamientos, procedimientos e instructivos de seguridad de la información y de la normativa nacional vigente. | D38: =VLOOKUP($E38,'Controles ISO 27001'!$A$2:$C$36,3,FALSE) -> C35 | E38: 18.2 Revisiones de la seguridad de la información. | F38: =VLOOKUP(E38,'Controles ISO 27001'!$A$2:$B$36,2,FALSE) -> Asegurar que la seguridad de la información se implemente y opere de acuerdo con las políticas y procedimientos organizacionales. | G38: Revisión del cumplimiento del MSPI. Responsable: GIS - Oficial de Seguridad Cómo se hace el control: Autodiagnostico de cumplimiento del MSPI. Cuándo se hace: Semestral Cómo se evidencia: Seguimiento MSPI. Si no se hace qué ocurre: Puede aumentar la probabilidad de ocurrencia del riesgo. | H38: Seguimiento semestral del MSPI. | I38: SI | J38: SI | K38: Asignado | L38: =IF(K38="Asignado",15,0) -> 15 | M38: Adecuado | N38: =IF(M38="Adecuado",15,0) -> 15 | O38: Oportuna | P38: =IF(O38="Oportuna",15,0) -> 15 | Q38: Detectivo | R38: =IF(Q38="Preventivo",15,0) -> 0 | S38: Confiable | T38: =IF(S38="Confiable",15,0) -> 15 | U38: Se investigan y resuelven oportunamente | V38: =IF(U38="Se investigan y resuelven oportunamente",15,0) -> 15 | W38: Incompleta | X38: =IF(W38="Completa",10,IF(W38="Incompleta ",5,IF(W38="No existente",0,0))) -> 5 | Y38: =SUM(L38,N38,P38,R38,T38,V38,X38) -> 80 | Z38: =IF(Y38<=69,"DÉBIL",IF(AND(Y38>69,Y38<=89),"MODERADO",IF(Y38>89,"FUERTE","X"))) -> MODERADO | AA38: FUERTE | AB38: =IF(AND(Z38="FUERTE",AA38="FUERTE"),"FUERTE",IF(AND(Z38="FUERTE",AA38="MODERADO"),"MODERADO",IF(AND(Z38="FUERTE",AA38="DÉBIL"),"DÉBIL",IF(AND(Z38="MODERADO",AA38="FUERTE"),"MODERADO",IF(AND(Z38="MODERADO",AA38="MODERADO"),"MODERADO",IF(AND(Z38="MODERADO",AA38="DÉBIL"),"DÉBIL",IF(AND(Z38="DÉBIL",AA38="FUERTE"),"DÉBIL",IF(AND(Z38="DÉBIL",AA38="MODERADO"),"DÉBIL",IF(AND(Z38="DÉBIL",AA38="DÉBIL"),"DÉBIL","XX"))))))))) -> MODERADO
C39: ='2.Identificacion_Riesgos'!G32 -> 0 | L39: =IF(K39="Asignado",15,0) -> 0 | N39: =IF(M39="Adecuado",15,0) -> 0 | P39: =IF(O39="Oportuna",15,0) -> 0 | R39: =IF(Q39="Preventivo",15,0) -> 0 | T39: =IF(S39="Confiable",15,0) -> 0 | V39: =IF(U39="Se investigan y resuelven oportunamente",15,0) -> 0 | X39: =IF(W39="Completa",10,IF(W39="Incompleta ",5,IF(W39="No existente",0,0))) -> 0 | Y39: =SUM(L39,N39,P39,R39,T39,V39,X39) -> 0 | Z39: =IF(Y39<=69,"DÉBIL",IF(AND(Y39>69,Y39<=89),"MODERADO",IF(Y39>89,"FUERTE","X"))) -> DÉBIL | AA39: DÉBIL | AB39: =IF(AND(Z39="FUERTE",AA39="FUERTE"),"FUERTE",IF(AND(Z39="FUERTE",AA39="MODERADO"),"MODERADO",IF(AND(Z39="FUERTE",AA39="DÉBIL"),"DÉBIL",IF(AND(Z39="MODERADO",AA39="FUERTE"),"MODERADO",IF(AND(Z39="MODERADO",AA39="MODERADO"),"MODERADO",IF(AND(Z39="MODERADO",AA39="DÉBIL"),"DÉBIL",IF(AND(Z39="DÉBIL",AA39="FUERTE"),"DÉBIL",IF(AND(Z39="DÉBIL",AA39="MODERADO"),"DÉBIL",IF(AND(Z39="DÉBIL",AA39="DÉBIL"),"DÉBIL","XX"))))))))) -> DÉBIL
C40: ='2.Identificacion_Riesgos'!G33 -> 0 | L40: =IF(K40="Asignado",15,0) -> 0 | N40: =IF(M40="Adecuado",15,0) -> 0 | P40: =IF(O40="Oportuna",15,0) -> 0 | R40: =IF(Q40="Preventivo",15,0) -> 0 | T40: =IF(S40="Confiable",15,0) -> 0 | V40: =IF(U40="Se investigan y resuelven oportunamente",15,0) -> 0 | X40: =IF(W40="Completa",10,IF(W40="Incompleta ",5,IF(W40="No existente",0,0))) -> 0 | Y40: =SUM(L40,N40,P40,R40,T40,V40,X40) -> 0 | Z40: =IF(Y40<=69,"DÉBIL",IF(AND(Y40>69,Y40<=89),"MODERADO",IF(Y40>89,"FUERTE","X"))) -> DÉBIL | AA40: DÉBIL | AB40: =IF(AND(Z40="FUERTE",AA40="FUERTE"),"FUERTE",IF(AND(Z40="FUERTE",AA40="MODERADO"),"MODERADO",IF(AND(Z40="FUERTE",AA40="DÉBIL"),"DÉBIL",IF(AND(Z40="MODERADO",AA40="FUERTE"),"MODERADO",IF(AND(Z40="MODERADO",AA40="MODERADO"),"MODERADO",IF(AND(Z40="MODERADO",AA40="DÉBIL"),"DÉBIL",IF(AND(Z40="DÉBIL",AA40="FUERTE"),"DÉBIL",IF(AND(Z40="DÉBIL",AA40="MODERADO"),"DÉBIL",IF(AND(Z40="DÉBIL",AA40="DÉBIL"),"DÉBIL","XX"))))))))) -> DÉBIL
C41: ='2.Identificacion_Riesgos'!G34 -> 0 | L41: =IF(K41="Asignado",15,0) -> 0 | N41: =IF(M41="Adecuado",15,0) -> 0 | P41: =IF(O41="Oportuna",15,0) -> 0 | R41: =IF(Q41="Preventivo",15,0) -> 0 | T41: =IF(S41="Confiable",15,0) -> 0 | V41: =IF(U41="Se investigan y resuelven oportunamente",15,0) -> 0 | X41: =IF(W41="Completa",10,IF(W41="Incompleta ",5,IF(W41="No existente",0,0))) -> 0 | Y41: =SUM(L41,N41,P41,R41,T41,V41,X41) -> 0 | Z41: =IF(Y41<=69,"DÉBIL",IF(AND(Y41>69,Y41<=89),"MODERADO",IF(Y41>89,"FUERTE","X"))) -> DÉBIL | AA41: DÉBIL | AB41: =IF(AND(Z41="FUERTE",AA41="FUERTE"),"FUERTE",IF(AND(Z41="FUERTE",AA41="MODERADO"),"MODERADO",IF(AND(Z41="FUERTE",AA41="DÉBIL"),"DÉBIL",IF(AND(Z41="MODERADO",AA41="FUERTE"),"MODERADO",IF(AND(Z41="MODERADO",AA41="MODERADO"),"MODERADO",IF(AND(Z41="MODERADO",AA41="DÉBIL"),"DÉBIL",IF(AND(Z41="DÉBIL",AA41="FUERTE"),"DÉBIL",IF(AND(Z41="DÉBIL",AA41="MODERADO"),"DÉBIL",IF(AND(Z41="DÉBIL",AA41="DÉBIL"),"DÉBIL","XX"))))))))) -> DÉBIL
V42: IMPACTO | W42: =IF(I43>0,1,0) -> 1 | X42: =ROUNDDOWN(Y42,0) -> 80 | Y42: =AVERAGEIF(I37:I41,"SI",Y37:Y41) -> 80 | Z42: =IF(Y42<=85,"DÉBIL",IF(AND(Y42>85,Y42<=95),"MODERADO",IF(Y42>96,"FUERTE","X"))) -> DÉBIL | AA42: DÉBIL | AB42: =IF(AND(Z42="FUERTE",AA42="FUERTE"),"FUERTE",IF(AND(Z42="FUERTE",AA42="MODERADO"),"MODERADO",IF(AND(Z42="FUERTE",AA42="DÉBIL"),"DÉBIL",IF(AND(Z42="MODERADO",AA42="FUERTE"),"MODERADO",IF(AND(Z42="MODERADO",AA42="MODERADO"),"MODERADO",IF(AND(Z42="MODERADO",AA42="DÉBIL"),"DÉBIL",IF(AND(Z42="DÉBIL",AA42="FUERTE"),"DÉBIL",IF(AND(Z42="DÉBIL",AA42="MODERADO"),"DÉBIL",IF(AND(Z42="DÉBIL",AA42="DÉBIL"),"DÉBIL","XX"))))))))) -> DÉBIL
D43: =COUNTA(D37:D41) -> 2 | I43: =COUNTIF(I36:I41,"SI") -> 1 | J43: =COUNTIF(J37:J42,"SI") -> 2 | V43: PROBABILIDAD | W43: =IF(J43>0,1,0) -> 1 | X43: =ROUNDDOWN(Y43,0) -> 90 | Y43: =AVERAGEIF(J37:J41,"SI",Y37:Y41) -> 90 | Z43: =IF(Y43<=85,"DÉBIL",IF(AND(Y43>85,Y43<=95),"MODERADO",IF(Y43>96,"FUERTE","X"))) -> MODERADO | AA43: DÉBIL | AB43: =IF(AND(Z43="FUERTE",AA43="FUERTE"),"FUERTE",IF(AND(Z43="FUERTE",AA43="MODERADO"),"MODERADO",IF(AND(Z43="FUERTE",AA43="DÉBIL"),"DÉBIL",IF(AND(Z43="MODERADO",AA43="FUERTE"),"MODERADO",IF(AND(Z43="MODERADO",AA43="MODERADO"),"MODERADO",IF(AND(Z43="MODERADO",AA43="DÉBIL"),"DÉBIL",IF(AND(Z43="DÉBIL",AA43="FUERTE"),"DÉBIL",IF(AND(Z43="DÉBIL",AA43="MODERADO"),"DÉBIL",IF(AND(Z43="DÉBIL",AA43="DÉBIL"),"DÉBIL","XX"))))))))) -> DÉBIL
B44: ='2.Identificacion_Riesgos'!E35 -> 0 | C44: ='2.Identificacion_Riesgos'!G35 -> 0
C45: ='2.Identificacion_Riesgos'!G36 -> 0
C46: ='2.Identificacion_Riesgos'!G37 -> 0
C47: ='2.Identificacion_Riesgos'!G38 -> 0
C48: ='2.Identificacion_Riesgos'!G39 -> 0
D50: =COUNTA(D44:D48) -> 0
B51: ='2.Identificacion_Riesgos'!E40 -> 0 | C51: ='2.Identificacion_Riesgos'!G40 -> 0
C52: ='2.Identificacion_Riesgos'!G41 -> 0
C53: ='2.Identificacion_Riesgos'!G42 -> 0
C54: ='2.Identificacion_Riesgos'!G43 -> 0
C55: ='2.Identificacion_Riesgos'!G44 -> 0
D58: =COUNTA(D51:D56) -> 0
B59: ='2.Identificacion_Riesgos'!E45 -> 0 | C59: ='2.Identificacion_Riesgos'!G45 -> 0
C60: ='2.Identificacion_Riesgos'!G46 -> 0
C61: ='2.Identificacion_Riesgos'!G47 -> 0
C62: ='2.Identificacion_Riesgos'!G48 -> 0
C63: ='2.Identificacion_Riesgos'!G49 -> 0
D66: =COUNTA(D59:D64) -> 0
B67: ='2.Identificacion_Riesgos'!E50 -> 0 | C67: ='2.Identificacion_Riesgos'!G50 -> 0
C68: ='2.Identificacion_Riesgos'!G51 -> 0
C69: ='2.Identificacion_Riesgos'!G52 -> 0
C70: ='2.Identificacion_Riesgos'!G53 -> 0
C71: ='2.Identificacion_Riesgos'!G54 -> 0
D74: =COUNTA(D67:D72) -> 0
B75: ='2.Identificacion_Riesgos'!E55 -> 0 | C75: ='2.Identificacion_Riesgos'!G55 -> 0
C76: ='2.Identificacion_Riesgos'!G56 -> 0
C77: ='2.Identificacion_Riesgos'!G57 -> 0
C78: ='2.Identificacion_Riesgos'!G58 -> 0
C79: ='2.Identificacion_Riesgos'!G59 -> 0
V81: IMPACTO | W81: =IF(I82>0,1,0) -> 0 | X81: =ROUNDDOWN(Y81,0) -> #DIV/0! | Y81: =AVERAGEIF(I75:I80,"SI",Y75:Y80) -> #DIV/0!
D82: =COUNTA(D75:D80) -> 0 | I82: =COUNTIF(I75:I80,"SI") -> 0 | J82: =COUNTIF(J75:J80,"SI") -> 0 | V82: PROBABILIDAD | W82: =IF(J82>0,1,0) -> 0 | X82: =ROUNDDOWN(Y82,0) -> #DIV/0! | Y82: =AVERAGEIF(J75:J80,"SI",Y75:Y80) -> #DIV/0!

Sheet Controles ISO 27001
A1: Nombre | B1: Objetivo de Control ISO 27001 | C1: #
A2: 5.1 Directrices de la Dirección en seguridad de la información. | B2: Brindar orientación y soporte, por parte de la dirección, para la seguridad de la información de acuerdo con los requisitos del negocio y con las leyes y reglamentos pertinentes | C2: C1
A3: 6.1 Organización interna. | B3: Establecer un marco de referencia de gestión para iniciar y controlar la implementación y operación de la seguridad de la información dentro de la organización. | C3: C2
A4: 6.2 Dispositivos para movilidad y teletrabajo. | B4: Garantizar la seguridad del teletrabajo y el uso de dispositivos móviles | C4: C3
A5: 7.1 Antes de la contratación. | B5: Asegurar que los empleados y contratistas comprenden sus responsabilidades y son idóneos en los roles para los que se consideran. | C5: C4
A6: 7.2 Durante la contratación. | B6: Asegurarse de que los empleados y contratistas tomen conciencia de sus responsabilidades de seguridad de la información y las cumplan. | C6: C5
A7: 7.3 Cese o cambio de puesto de trabajo. | B7: Proteger los intereses de la organización como parte del proceso de cambio o terminación de empleo | C7: C6
A8: 8.1 Responsabilidad sobre los activos. | B8: Identificar los activos organizacionales y definir las responsabilidades de protección adecuadas. | C8: C7
A9: 8.2 Clasificación de la información. | B9: Asegurar que la información recibe un nivel apropiado de protección, de acuerdo con su importancia para la organización. | C9: C8
A10: 8.3 Manejo de los soportes de almacenamiento. | B10: Evitar la divulgación, la modificación, el retiro o la destrucción no autorizados de información almacenada en los medios | C10: C9
A11: 9.1 Requisitos de negocio para el control de accesos. | B11: Limitar el acceso a información y a instalaciones de procesamiento de información. | C11: C10
A12: 9.2 Gestión de acceso de usuario. | B12: Asegurar el acceso de los usuarios autorizados y evitar el acceso no autorizado a sistemas y servicios. | C12: C11
... A36: 18.2 Revisiones de la seguridad de la información. | B36: Asegurar que la seguridad de la información se implemente y opere de acuerdo con las políticas y procedimientos organizacionales. | C36: C35

Sheet 4.Mapa_Calor
H1: MAPA DE RIESGOS | AE1: Página 5 de 6
AE5: Código: FR-01-PR-MEJ-05 Versión: 2 Fecha: 14/11/2019
B11: RIESGO INHERENTE
B12: ANTES DE CONTROLES
F14: IMPACTO
F16: INSIGNIFICANTE | K16: MENOR | P16: MODERADO | U16: MAYOR | Z16: CATASTROFICO
B17: PROBABILIDAD | F17: =IF(AND('2.Identificacion_Riesgos'!$K$10=1,'2.Identificacion_Riesgos'!$M$10=1),'2.Identificacion_Riesgos'!A10,"") | G17: =IF(AND('2.Identificacion_Riesgos'!$K$15=1,'2.Identificacion_Riesgos'!$M$15=1),'2.Identificacion_Riesgos'!$A$15,"") | H17: =IF(AND('2.Identificacion_Riesgos'!$K$20=1,'2.Identificacion_Riesgos'!$M$20=1),'2.Identificacion_Riesgos'!$A$20,"") | I17: =IF(AND('2.Identificacion_Riesgos'!$K$25=1,'2.Identificacion_Riesgos'!$M$25=1),'2.Identificacion_Riesgos'!$A$25,"") | J17: =IF(AND('2.Identificacion_Riesgos'!$K$30=1,'2.Identificacion_Riesgos'!$M$30=1),'2.Identificacion_Riesgos'!$A$30,"") | K17: =IF(AND('2.Identificacion_Riesgos'!$K$10=1,'2.Identificacion_Riesgos'!$M$10=2),'2.Identificacion_Riesgos'!$A$10,"") | L17: =IF(AND('2.Identificacion_Riesgos'!$K$15=1,'2.Identificacion_Riesgos'!$M$15=2),'2.Identificacion_Riesgos'!$A$15,"") | M17: =IF(AND('2.Identificacion_Riesgos'!$K$20=1,'2.Identificacion_Riesgos'!$M$20=2),'2.Identificacion_Riesgos'!$A$20,"") | N17: =IF(AND('2.Identificacion_Riesgos'!$K$25=1,'2.Identificacion_Riesgos'!$M$25=2),'2.Identificacion_Riesgos'!$A$25,"") | O17: =IF(AND('2.Identificacion_Riesgos'!$K$30=1,'2.Identificacion_Riesgos'!$M$30=2),'2.Identificacion_Riesgos'!$A$30,"") | P17: =IF(AND('2.Identificacion_Riesgos'!$K$10=1,'2.Identificacion_Riesgos'!$M$10=3),'2.Identificacion_Riesgos'!$A$10,"") | Q17: =IF(AND('2.Identificacion_Riesgos'!$K$15=1,'2.Identificacion_Riesgos'!$M$15=3),'2.Identificacion_Riesgos'!$A$15,"") | R17: =IF(AND('2.Identificacion_Riesgos'!$K$20=1,'2.Identificacion_Riesgos'!$M$20=3),'2.Identificacion_Riesgos'!$A$20,"") | S17: =IF(AND('2.Identificacion_Riesgos'!$K$25=1,'2.Identificacion_Riesgos'!$M$25=3),'2.Identificacion_Riesgos'!$A$25,"") | T17: =IF(AND('2.Identificacion_Riesgos'!$K$30=1,'2.Identificacion_Riesgos'!$M$30=3),'2.Identificacion_Riesgos'!$A$30,"") | U17: =IF(AND('2.Identificacion_Riesgos'!$K$10=1,'2.Identificacion_Riesgos'!$M$10=4),'2.Identificacion_Riesgos'!$A$10,"") | V17: =IF(AND('2.Identificacion_Riesgos'!$K$15=1,'2.Identificacion_Riesgos'!$M$15=4),'2.Identificacion_Riesgos'!$A$15,"") | W17: =IF(AND('2.Identificacion_Riesgos'!$K$20=1,'2.Identificacion_Riesgos'!$M$20=4),'2.Identificacion_Riesgos'!$A$20,"") | X17: =IF(AND('2.Identificacion_Riesgos'!$K$25=1,'2.Identificacion_Riesgos'!$M$25=4),'2.Identificacion_Riesgos'!$A$25,"") | Y17: =IF(AND('2.Identificacion_Riesgos'!$K$30=1,'2.Identificacion_Riesgos'!$M$55=4),'2.Identificacion_Riesgos'!$A$30,"") | Z17: =IF(AND('2.Identificacion_Riesgos'!$K$10=1,'2.Identificacion_Riesgos'!$M$10=5),'2.Identificacion_Riesgos'!$A$10,"") | AA17: =IF(AND('2.Identificacion_Riesgos'!$K$15=1,'2.Identificacion_Riesgos'!$M$15=5),'2.Identificacion_Riesgos'!$A$15,"") | AB17: =IF(AND('2.Identificacion_Riesgos'!$K$20=1,'2.Identificacion_Riesgos'!$M$20=5),'2.Identificacion_Riesgos'!$A$20,"") | AC17: =IF(AND('2.Identificacion_Riesgos'!$K$25=1,'2.Identificacion_Riesgos'!$M$25=5),'2.Identificacion_Riesgos'!$A$25,"") | AD17: =IF(AND('2.Identificacion_Riesgos'!$K$30=1,'2.Identificacion_Riesgos'!$M$30=5),'2.Identificacion_Riesgos'!$A$30,"")
C18: RARO | F18: =IF(AND('2.Identificacion_Riesgos'!$K$35=1,'2.Identificacion_Riesgos'!$M$35=1),'2.Identificacion_Riesgos'!$A$35,"") | G18: =IF(AND('2.Identificacion_Riesgos'!$K$40=1,'2.Identificacion_Riesgos'!$M$40=1),'2.Identificacion_Riesgos'!$A$40,"") | H18: =IF(AND('2.Identificacion_Riesgos'!$K$45=1,'2.Identificacion_Riesgos'!$M$45=1),'2.Identificacion_Riesgos'!$A$45,"") | I18: =IF(AND('2.Identificacion_Riesgos'!$K$50=1,'2.Identificacion_Riesgos'!$M$50=1),'2.Identificacion_Riesgos'!$A$50,"") | J18: =IF(AND('2.Identificacion_Riesgos'!$K$55=1,'2.Identificacion_Riesgos'!$M$55=1),'2.Identificacion_Riesgos'!$A$55,"") | K18: =IF(AND('2.Identificacion_Riesgos'!$K$35=1,'2.Identificacion_Riesgos'!$M$35=2),'2.Identificacion_Riesgos'!$A$35,"") | L18: =IF(AND('2.Identificacion_Riesgos'!$K$40=1,'2.Identificacion_Riesgos'!$M$40=2),'2.Identificacion_Riesgos'!$A$40,"") | M18: =IF(AND('2.Identificacion_Riesgos'!$K$45=1,'2.Identificacion_Riesgos'!$M$45=2),'2.Identificacion_Riesgos'!$A$45,"") | N18: =IF(AND('2.Identificacion_Riesgos'!$K$50=1,'2.Identificacion_Riesgos'!$M$50=2),'2.Identificacion_Riesgos'!$A$50,"") | O18: =IF(AND('2.Identificacion_Riesgos'!$K$55=1,'2.Identificacion_Riesgos'!$M$55=2),'2.Identificacion_Riesgos'!$A$55,"") | P18: =IF(AND('2.Identificacion_Riesgos'!$K$35=1,'2.Identificacion_Riesgos'!$M$35=3),'2.Identificacion_Riesgos'!$A$35,"") | Q18: =IF(AND('2.Identificacion_Riesgos'!$K$40=1,'2.Identificacion_Riesgos'!$M$40=3),'2.Identificacion_Riesgos'!$A$40,"") | R18: =IF(AND('2.Identificacion_Riesgos'!$K$45=1,'2.Identificacion_Riesgos'!$M$45=3),'2.Identificacion_Riesgos'!$A$45,"") | S18: =IF(AND('2.Identificacion_Riesgos'!$K$50=1,'2.Identificacion_Riesgos'!$M$50=3),'2.Identificacion_Riesgos'!$A$50,"") | T18: =IF(AND('2.Identificacion_Riesgos'!$K$55=1,'2.Identificacion_Riesgos'!$M$55=3),'2.Identificacion_Riesgos'!$A$55,"") | U18: =IF(AND('2.Identificacion_Riesgos'!$K$35=1,'2.Identificacion_Riesgos'!$M$35=4),'2.Identificacion_Riesgos'!$A$35,"") | V18: =IF(AND('2.Identificacion_Riesgos'!$K$40=1,'2.Identificacion_Riesgos'!$M$40=4),'2.Identificacion_Riesgos'!$A$40,"") | W18: =IF(AND('2.Identificacion_Riesgos'!$K$45=1,'2.Identificacion_Riesgos'!$M$45=4),'2.Identificacion_Riesgos'!$A$45,"") | X18: =IF(AND('2.Identificacion_Riesgos'!$K$50=1,'2.Identificacion_Riesgos'!$M$50=4),'2.Identificacion_Riesgos'!$A$50,"") | Y18: =IF(AND('2.Identificacion_Riesgos'!$K$55=1,'2.Identificacion_Riesgos'!$M$55=4),'2.Identificacion_Riesgos'!$A$55,"") | Z18: =IF(AND('2.Identificacion_Riesgos'!$K$35=1,'2.Identificacion_Riesgos'!$M$35=5),'2.Identificacion_Riesgos'!$A$35,"") | AA18: =IF(AND('2.Identificacion_Riesgos'!$K$40=1,'2.Identificacion_Riesgos'!$M$40=5),'2.Identificacion_Riesgos'!$A$40,"") | AB18: =IF(AND('2.Identificacion_Riesgos'!$K$45=1,'2.Identificacion_Riesgos'!$M$45=5),'2.Identificacion_Riesgos'!$A$45,"") | AC18: =IF(AND('2.Identificacion_Riesgos'!$K$50=1,'2.Identificacion_Riesgos'!$M$50=5),'2.Identificacion_Riesgos'!$A$50,"") | AD18: =IF(AND('2.Identificacion_Riesgos'!$K$55=1,'2.Identificacion_Riesgos'!$M$55=5),'2.Identificacion_Riesgos'!$A$55,"")
F19: 0.04 | K19: 0.16 | P19: 0.32 | U19: 0.6 | Z19: 0.68
F20: =IF(AND('2.Identificacion_Riesgos'!$K$10=2,'2.Identificacion_Riesgos'!$M$10=1),'2.Identificacion_Riesgos'!$A$10,"") | G20: =IF(AND('2.Identificacion_Riesgos'!$K$15=2,'2.Identificacion_Riesgos'!$M$15=1),'2.Identificacion_Riesgos'!$A$15,"") | H20: =IF(AND('2.Identificacion_Riesgos'!$K$20=2,'2.Identificacion_Riesgos'!$M$20=1),'2.Identificacion_Riesgos'!$A$20,"") | I20: =IF(AND('2.Identificacion_Riesgos'!$K$25=2,'2.Identificacion_Riesgos'!$M$25=1),'2.Identificacion_Riesgos'!$A$25,"") | J20: =IF(AND('2.Identificacion_Riesgos'!$K$30=2,'2.Identificacion_Riesgos'!$M$30=1),'2.Identificacion_Riesgos'!$A$30,"") | K20: =IF(AND('2.Identificacion_Riesgos'!$K$10=2,'2.Identificacion_Riesgos'!$M$10=2),'2.Identificacion_Riesgos'!$A$10,"") | L20: =IF(AND('2.Identificacion_Riesgos'!$K$15=2,'2.Identificacion_Riesgos'!$M$15=2),'2.Identificacion_Riesgos'!$A$15,"") | M20: =IF(AND('2.Identificacion_Riesgos'!$K$20=2,'2.Identificacion_Riesgos'!$M$20=2),'2.Identificacion_Riesgos'!$A$20,"") | N20: =IF(AND('2.Identificacion_Riesgos'!$K$25=2,'2.Identificacion_Riesgos'!$M$25=2),'2.Identificacion_Riesgos'!$A$25,"") | O20: =IF(AND('2.Identificacion_Riesgos'!$K$30=2,'2.Identificacion_Riesgos'!$M$30=2),'2.Identificacion_Riesgos'!$A$30,"") | P20: =IF(AND('2.Identificacion_Riesgos'!$K$10=2,'2.Identificacion_Riesgos'!$M$10=3),'2.Identificacion_Riesgos'!$A$10,"") | Q20: =IF(AND('2.Identificacion_Riesgos'!$K$15=2,'2.Identificacion_Riesgos'!$M$15=3),'2.Identificacion_Riesgos'!$A$15,"") | R20: =IF(AND('2.Identificacion_Riesgos'!$K$20=2,'2.Identificacion_Riesgos'!$M$20=3),'2.Identificacion_Riesgos'!$A$20,"") | S20: =IF(AND('2.Identificacion_Riesgos'!$K$25=2,'2.Identificacion_Riesgos'!$M$25=3),'2.Identificacion_Riesgos'!$A$25,"") | T20: =IF(AND('2.Identificacion_Riesgos'!$K$30=2,'2.Identificacion_Riesgos'!$M$30=3),'2.Identificacion_Riesgos'!$A$30,"") | U20: =IF(AND('2.Identificacion_Riesgos'!$K$10=2,'2.Identificacion_Riesgos'!$M$10=4),'2.Identificacion_Riesgos'!$A$10,"") | V20: =IF(AND('2.Identificacion_Riesgos'!$K$15=2,'2.Identificacion_Riesgos'!$M$15=4),'2.Identificacion_Riesgos'!$A$15,"") | W20: =IF(AND('2.Identificacion_Riesgos'!$K$20=2,'2.Identificacion_Riesgos'!$M$20=4),'2.Identificacion_Riesgos'!$A$20,"") | X20: =IF(AND('2.Identificacion_Riesgos'!$K$25=2,'2.Identificacion_Riesgos'!$M$25=4),'2.Identificacion_Riesgos'!$A$25,"") | Y20: =IF(AND('2.Identificacion_Riesgos'!$K$30=2,'2.Identificacion_Riesgos'!$M$30=4),'2.Identificacion_Riesgos'!$A$30,"") | Z20: =IF(AND('2.Identificacion_Riesgos'!$K$10=2,'2.Identificacion_Riesgos'!$M$10=5),'2.Identificacion_Riesgos'!$A$10,"") | AA20: =IF(AND('2.Identificacion_Riesgos'!$K$15=2,'2.Identificacion_Riesgos'!$M$15=5),'2.Identificacion_Riesgos'!$A$15,"") | AB20: =IF(AND('2.Identificacion_Riesgos'!$K$20=2,'2.Identificacion_Riesgos'!$M$20=5),'2.Identificacion_Riesgos'!$A$20,"") | AC20: =IF(AND('2.Identificacion_Riesgos'!$K$25=2,'2.Identificacion_Riesgos'!$M$25=5),'2.Identificacion_Riesgos'!$A$25,"") | AD20: =IF(AND('2.Identificacion_Riesgos'!$K$30=2,'2.Identificacion_Riesgos'!$M$30=5),'2.Identificacion_Riesgos'!$A$30,"")
C21: IMPROBABLE | F21: =IF(AND('2.Identificacion_Riesgos'!$K$35=2,'2.Identificacion_Riesgos'!$M$35=1),'2.Identificacion_Riesgos'!$A$35,"") | G21: =IF(AND('2.Identificacion_Riesgos'!$K$40=2,'2.Identificacion_Riesgos'!$M$40=1),'2.Identificacion_Riesgos'!$A$40,"") | H21: =IF(AND('2.Identificacion_Riesgos'!$K$45=2,'2.Identificacion_Riesgos'!$M$45=1),'2.Identificacion_Riesgos'!$A$45,"") | I21: =IF(AND('2.Identificacion_Riesgos'!$K$50=2,'2.Identificacion_Riesgos'!$M$50=1),'2.Identificacion_Riesgos'!$A$50,"") | J21: =IF(AND('2.Identificacion_Riesgos'!$K$55=2,'2.Identificacion_Riesgos'!$M$55=1),'2.Identificacion_Riesgos'!$A$55,"") | K21: =IF(AND('2.Identificacion_Riesgos'!$K$35=2,'2.Identificacion_Riesgos'!$M$35=2),'2.Identificacion_Riesgos'!$A$35,"") | L21: =IF(AND('2.Identificacion_Riesgos'!$K$40=2,'2.Identificacion_Riesgos'!$M$40=2),'2.Identificacion_Riesgos'!$A$40,"") | M21: =IF(AND('2.Identificacion_Riesgos'!$K$45=2,'2.Identificacion_Riesgos'!$M$45=2),'2.Identificacion_Riesgos'!$A$45,"") | N21: =IF(AND('2.Identificacion_Riesgos'!$K$50=2,'2.Identificacion_Riesgos'!$M$50=2),'2.Identificacion_Riesgos'!$A$50,"") | O21: =IF(AND('2.Identificacion_Riesgos'!$K$55=2,'2.Identificacion_Riesgos'!$M$55=2),'2.Identificacion_Riesgos'!$A$55,"") | P21: =IF(AND('2.Identificacion_Riesgos'!$K$35=2,'2.Identificacion_Riesgos'!$M$35=3),'2.Identificacion_Riesgos'!$A$35,"") | Q21: =IF(AND('2.Identificacion_Riesgos'!$K$40=2,'2.Identificacion_Riesgos'!$M$40=3),'2.Identificacion_Riesgos'!$A$40,"") | R21: =IF(AND('2.Identificacion_Riesgos'!$K$45=2,'2.Identificacion_Riesgos'!$M$45=3),'2.Identificacion_Riesgos'!$A$45,"") | S21: =IF(AND('2.Identificacion_Riesgos'!$K$50=2,'2.Identificacion_Riesgos'!$M$50=3),'2.Identificacion_Riesgos'!$A$50,"") | T21: =IF(AND('2.Identificacion_Riesgos'!$K$55=2,'2.Identificacion_Riesgos'!$M$55=3),'2.Identificacion_Riesgos'!$A$55,"") | U21: =IF(AND('2.Identificacion_Riesgos'!$K$35=2,'2.Identificacion_Riesgos'!$M$35=4),'2.Identificacion_Riesgos'!$A$35,"") | V21: =IF(AND('2.Identificacion_Riesgos'!$K$40=2,'2.Identificacion_Riesgos'!$M$40=4),'2.Identificacion_Riesgos'!$A$40,"") | W21: =IF(AND('2.Identificacion_Riesgos'!$K$45=2,'2.Identificacion_Riesgos'!$M$45=4),'2.Identificacion_Riesgos'!$A$45,"") | X21: =IF(AND('2.Identificacion_Riesgos'!$K$50=2,'2.Identificacion_Riesgos'!$M$50=4),'2.Identificacion_Riesgos'!$A$50,"") | Y21: =IF(AND('2.Identificacion_Riesgos'!$K$55=2,'2.Identificacion_Riesgos'!$M$55=4),'2.Identificacion_Riesgos'!$A$55,"") | Z21: =IF(AND('2.Identificacion_Riesgos'!$K$35=2,'2.Identificacion_Riesgos'!$M$35=5),'2.Identificacion_Riesgos'!$A$35,"") | AA21: =IF(AND('2.Identificacion_Riesgos'!$K$40=2,'2.Identificacion_Riesgos'!$M$40=5),'2.Identificacion_Riesgos'!$A$40,"") | AB21: =IF(AND('2.Identificacion_Riesgos'!$K$45=2,'2.Identificacion_Riesgos'!$M$45=5),'2.Identificacion_Riesgos'!$A$45,"") | AC21: =IF(AND('2.Identificacion_Riesgos'!$K$50=2,'2.Identificacion_Riesgos'!$M$50=5),'2.Identificacion_Riesgos'!$A$50,"") | AD21: =IF(AND('2.Identificacion_Riesgos'!$K$55=2,'2.Identificacion_Riesgos'!$M$55=5),'2.Identificacion_Riesgos'!$A$55,"")
F22: 0.08 | K22: 0.2 | P22: 0.36 | U22: 0.64 | Z22: 0.88
F23: =IF(AND('2.Identificacion_Riesgos'!$K$10=3,'2.Identificacion_Riesgos'!$M$10=1),'2.Identificacion_Riesgos'!$A$10,"") | G23: =IF(AND('2.Identificacion_Riesgos'!$K$15=3,'2.Identificacion_Riesgos'!$M$15=1),'2.Identificacion_Riesgos'!$A$15,"") | H23: =IF(AND('2.Identificacion_Riesgos'!$K$20=3,'2.Identificacion_Riesgos'!$M$20=1),'2.Identificacion_Riesgos'!$A$20,"") | I23: =IF(AND('2.Identificacion_Riesgos'!$K$25=3,'2.Identificacion_Riesgos'!$M$25=1),'2.Identificacion_Riesgos'!$A$25,"") | J23: =IF(AND('2.Identificacion_Riesgos'!$K$30=3,'2.Identificacion_Riesgos'!$M$30=1),'2.Identificacion_Riesgos'!$A$30,"") | K23: =IF(AND('2.Identificacion_Riesgos'!$K$10=3,'2.Identificacion_Riesgos'!$M$10=2),'2.Identificacion_Riesgos'!$A$10,"") | L23: =IF(AND('2.Identificacion_Riesgos'!$K$15=3,'2.Identificacion_Riesgos'!$M$15=2),'2.Identificacion_Riesgos'!$A$15,"") | M23: =IF(AND('2.Identificacion_Riesgos'!$K$20=3,'2.Identificacion_Riesgos'!$M$20=2),'2.Identificacion_Riesgos'!$A$20,"") | N23: =IF(AND('2.Identificacion_Riesgos'!$K$25=3,'2.Identificacion_Riesgos'!$M$25=2),'2.Identificacion_Riesgos'!$A$25,"") | O23: =IF(AND('2.Identificacion_Riesgos'!$K$30=3,'2.Identificacion_Riesgos'!$M$30=2),'2.Identificacion_Riesgos'!$A$30,"") | P23: =IF(AND('2.Identificacion_Riesgos'!$K$10=3,'2.Identificacion_Riesgos'!$M$10=3),'2.Identificacion_Riesgos'!$A$10,"") | Q23: =IF(AND('2.Identificacion_Riesgos'!$K$15=3,'2.Identificacion_Riesgos'!$M$15=3),'2.Identificacion_Riesgos'!$A$15,"") -> R2 | R23: =IF(AND('2.Identificacion_Riesgos'!$K$20=3,'2.Identificacion_Riesgos'!$M$20=3),'2.Identificacion_Riesgos'!$A$20,"") | S23: =IF(AND('2.Identificacion_Riesgos'!$K$25=3,'2.Identificacion_Riesgos'!$M$25=3),'2.Identificacion_Riesgos'!$A$25,"") -> R4 | T23: =IF(AND('2.Identificacion_Riesgos'!$K$30=3,'2.Identificacion_Riesgos'!$M$30=3),'2.Identificacion_Riesgos'!$A$30,"") | U23: =IF(AND('2.Identificacion_Riesgos'!$K$10=3,'2.Identificacion_Riesgos'!$M$10=4),'2.Identificacion_Riesgos'!$A$10,"") | V23: =IF(AND('2.Identificacion_Riesgos'!$K$15=3,'2.Identificacion_Riesgos'!$M$15=4),'2.Identificacion_Riesgos'!$A$15,"") | W23: =IF(AND('2.Identificacion_Riesgos'!$K$20=3,'2.Identificacion_Riesgos'!$M$20=4),'2.Identificacion_Riesgos'!$A$20,"") -> R3 | X23: =IF(AND('2.Identificacion_Riesgos'!$K$25=3,'2.Identificacion_Riesgos'!$M$25=4),'2.Identificacion_Riesgos'!$A$25,"") | Y23: =IF(AND('2.Identificacion_Riesgos'!$K$30=3,'2.Identificacion_Riesgos'!$M$30=4),'2.Identificacion_Riesgos'!$A$30,"") | Z23: =IF(AND('2.Identificacion_Riesgos'!$K$10=3,'2.Identificacion_Riesgos'!$M$10=5),'2.Identificacion_Riesgos'!$A$10,"") | AA23: =IF(AND('2.Identificacion_Riesgos'!$K$15=3,'2.Identificacion_Riesgos'!$M$15=5),'2.Identificacion_Riesgos'!$A$15,"") | AB23: =IF(AND('2.Identificacion_Riesgos'!$K$20=3,'2.Identificacion_Riesgos'!$M$20=5),'2.Identificacion_Riesgos'!$A$20,"") | AC23: =IF(AND('2.Identificacion_Riesgos'!$K$25=3,'2.Identificacion_Riesgos'!$M$25=5),'2.Identificacion_Riesgos'!$A$25,"") | AD23: =IF(AND('2.Identificacion_Riesgos'!$K$30=3,'2.Identificacion_Riesgos'!$M$30=5),'2.Identificacion_Riesgos'!$A$30,"")
C24: POSIBLE | F24: =IF(AND('2.Identificacion_Riesgos'!$K$35=3,'2.Identificacion_Riesgos'!$M$35=1),'2.Identificacion_Riesgos'!$A$35,"") | G24: =IF(AND('2.Identificacion_Riesgos'!$K$40=3,'2.Identificacion_Riesgos'!$M$40=1),'2.Identificacion_Riesgos'!$A$40,"") | H24: =IF(AND('2.Identificacion_Riesgos'!$K$45=3,'2.Identificacion_Riesgos'!$M$45=1),'2.Identificacion_Riesgos'!$A$45,"") | I24: =IF(AND('2.Identificacion_Riesgos'!$K$50=3,'2.Identificacion_Riesgos'!$M$50=1),'2.Identificacion_Riesgos'!$A$50,"") | J24: =IF(AND('2.Identificacion_Riesgos'!$K$55=3,'2.Identificacion_Riesgos'!$M$55=1),'2.Identificacion_Riesgos'!$A$55,"") | K24: =IF(AND('2.Identificacion_Riesgos'!$K$35=3,'2.Identificacion_Riesgos'!$M$35=2),'2.Identificacion_Riesgos'!$A$35,"") | L24: =IF(AND('2.Identificacion_Riesgos'!$K$40=3,'2.Identificacion_Riesgos'!$M$40=2),'2.Identificacion_Riesgos'!$A$40,"") | M24: =IF(AND('2.Identificacion_Riesgos'!$K$45=3,'2.Identificacion_Riesgos'!$M$45=2),'2.Identificacion_Riesgos'!$A$45,"") | N24: =IF(AND('2.Identificacion_Riesgos'!$K$50=3,'2.Identificacion_Riesgos'!$M$50=2),'2.Identificacion_Riesgos'!$A$50,"") | O24: =IF(AND('2.Identificacion_Riesgos'!$K$55=3,'2.Identificacion_Riesgos'!$M$55=2),'2.Identificacion_Riesgos'!$A$55,"") | P24: =IF(AND('2.Identificacion_Riesgos'!$K$35=3,'2.Identificacion_Riesgos'!$M$35=3),'2.Identificacion_Riesgos'!$A$35,"") | Q24: =IF(AND('2.Identificacion_Riesgos'!$K$40=3,'2.Identificacion_Riesgos'!$M$40=3),'2.Identificacion_Riesgos'!$A$40,"") | R24: =IF(AND('2.Identificacion_Riesgos'!$K$45=3,'2.Identificacion_Riesgos'!$M$45=3),'2.Identificacion_Riesgos'!$A$45,"") | S24: =IF(AND('2.Identificacion_Riesgos'!$K$50=3,'2.Identificacion_Riesgos'!$M$50=3),'2.Identificacion_Riesgos'!$A$50,"") | T24: =IF(AND('2.Identificacion_Riesgos'!$K$55=3,'2.Identificacion_Riesgos'!$M$55=3),'2.Identificacion_Riesgos'!$A$55,"") | U24: =IF(AND('2.Identificacion_Riesgos'!$K$35=3,'2.Identificacion_Riesgos'!$M$35=4),'2.Identificacion_Riesgos'!$A$35,"") | V24: =IF(AND('2.Identificacion_Riesgos'!$K$40=3,'2.Identificacion_Riesgos'!$M$40=4),'2.Identificacion_Riesgos'!$A$40,"") | W24: =IF(AND('2.Identificacion_Riesgos'!$K$45=3,'2.Identificacion_Riesgos'!$M$45=4),'2.Identificacion_Riesgos'!$A$45,"") | X24: =IF(AND('2.Identificacion_Riesgos'!$K$50=3,'2.Identificacion_Riesgos'!$M$50=4),'2.Identificacion_Riesgos'!$A$50,"") | Y24: =IF(AND('2.Identificacion_Riesgos'!$K$55=3,'2.Identificacion_Riesgos'!$M$55=4),'2.Identificacion_Riesgos'!$A$55,"") | Z24: =IF(AND('2.Identificacion_Riesgos'!$K$35=3,'2.Identificacion_Riesgos'!$M$35=5),'2.Identificacion_Riesgos'!$A$35,"") | AA24: =IF(AND('2.Identificacion_Riesgos'!$K$40=3,'2.Identificacion_Riesgos'!$M$40=5),'2.Identificacion_Riesgos'!$A$40,"") | AB24: =IF(AND('2.Identificacion_Riesgos'!$K$45=3,'2.Identificacion_Riesgos'!$M$45=5),'2.Identificacion_Riesgos'!$A$45,"") | AC24: =IF(AND('2.Identificacion_Riesgos'!$K$50=3,'2.Identificacion_Riesgos'!$M$50=5),'2.Identificacion_Riesgos'!$A$50,"") | AD24: =IF(AND('2.Identificacion_Riesgos'!$K$55=3,'2.Identificacion_Riesgos'!$M$55=5),'2.Identificacion_Riesgos'!$A$55,"")
F25: 0.12 | K25: 0.28 | P25: 0.52 | U25: 0.76 | Z25: 0.92
F26: =IF(AND('2.Identificacion_Riesgos'!$K$10=4,'2.Identificacion_Riesgos'!$M$10=1),'2.Identificacion_Riesgos'!$A$10,"") | G26: =IF(AND('2.Identificacion_Riesgos'!$K$15=4,'2.Identificacion_Riesgos'!$M$15=1),'2.Identificacion_Riesgos'!$A$15,"") | H26: =IF(AND('2.Identificacion_Riesgos'!$K$20=4,'2.Identificacion_Riesgos'!$M$20=1),'2.Identificacion_Riesgos'!$A$20,"") | I26: =IF(AND('2.Identificacion_Riesgos'!$K$25=4,'2.Identificacion_Riesgos'!$M$25=1),'2.Identificacion_Riesgos'!$A$25,"") | J26: =IF(AND('2.Identificacion_Riesgos'!$K$30=4,'2.Identificacion_Riesgos'!$M$30=1),'2.Identificacion_Riesgos'!$A$30,"") | K26: =IF(AND('2.Identificacion_Riesgos'!$K$10=4,'2.Identificacion_Riesgos'!$M$10=2),'2.Identificacion_Riesgos'!$A$10,"") | L26: =IF(AND('2.Identificacion_Riesgos'!$K$15=4,'2.Identificacion_Riesgos'!$M$15=2),'2.Identificacion_Riesgos'!$A$15,"") | M26: =IF(AND('2.Identificacion_Riesgos'!$K$20=4,'2.Identificacion_Riesgos'!$M$20=2),'2.Identificacion_Riesgos'!$A$20,"") | N26: =IF(AND('2.Identificacion_Riesgos'!$K$25=4,'2.Identificacion_Riesgos'!$M$25=2),'2.Identificacion_Riesgos'!$A$25,"") | O26: =IF(AND('2.Identificacion_Riesgos'!$K$30=4,'2.Identificacion_Riesgos'!$M$30=2),'2.Identificacion_Riesgos'!$A$30,"") | P26: =IF(AND('2.Identificacion_Riesgos'!$K$10=4,'2.Identificacion_Riesgos'!$M$10=3),'2.Identificacion_Riesgos'!$A$10,"") | Q26: =IF(AND('2.Identificacion_Riesgos'!$K$15=4,'2.Identificacion_Riesgos'!$M$15=3),'2.Identificacion_Riesgos'!$A$15,"") | R26: =IF(AND('2.Identificacion_Riesgos'!$K$20=4,'2.Identificacion_Riesgos'!$M$20=3),'2.Identificacion_Riesgos'!$A$20,"") | S26: =IF(AND('2.Identificacion_Riesgos'!$K$25=4,'2.Identificacion_Riesgos'!$M$25=3),'2.Identificacion_Riesgos'!$A$25,"") | T26: =IF(AND('2.Identificacion_Riesgos'!$K$30=4,'2.Identificacion_Riesgos'!$M$30=3),'2.Identificacion_Riesgos'!$A$30,"") | U26: =IF(AND('2.Identificacion_Riesgos'!$K$10=4,'2.Identificacion_Riesgos'!$M$10=4),'2.Identificacion_Riesgos'!$A$10,"") -> R1 | V26: =IF(AND('2.Identificacion_Riesgos'!$K$15=4,'2.Identificacion_Riesgos'!$M$15=4),'2.Identificacion_Riesgos'!$A$15,"") | W26: =IF(AND('2.Identificacion_Riesgos'!$K$20=4,'2.Identificacion_Riesgos'!$M$20=4),'2.Identificacion_Riesgos'!$A$20,"") | X26: =IF(AND('2.Identificacion_Riesgos'!$K$25=4,'2.Identificacion_Riesgos'!$M$25=4),'2.Identificacion_Riesgos'!$A$25,"") | Y26: =IF(AND('2.Identificacion_Riesgos'!$K$30=4,'2.Identificacion_Riesgos'!$M$30=4),'2.Identificacion_Riesgos'!$A$30,"") -> R5 | Z26: =IF(AND('2.Identificacion_Riesgos'!$K$10=4,'2.Identificacion_Riesgos'!$M$10=5),'2.Identificacion_Riesgos'!$A$10,"") | AA26: =IF(AND('2.Identificacion_Riesgos'!$K$15=4,'2.Identificacion_Riesgos'!$M$15=5),'2.Identificacion_Riesgos'!$A$15,"") | AB26: =IF(AND('2.Identificacion_Riesgos'!$K$20=4,'2.Identificacion_Riesgos'!$M$20=5),'2.Identificacion_Riesgos'!$A$20,"") | AC26: =IF(AND('2.Identificacion_Riesgos'!$K$25=4,'2.Identificacion_Riesgos'!$M$25=5),'2.Identificacion_Riesgos'!$A$25,"") | AD26: =IF(AND('2.Identificacion_Riesgos'!$K$30=4,'2.Identificacion_Riesgos'!$M$30=5),'2.Identificacion_Riesgos'!$A$30,"")
C27: PROBABLE | F27: =IF(AND('2.Identificacion_Riesgos'!$K$35=4,'2.Identificacion_Riesgos'!$M$35=1),'2.Identificacion_Riesgos'!$A$35,"") | G27: =IF(AND('2.Identificacion_Riesgos'!$K$40=4,'2.Identificacion_Riesgos'!$M$40=1),'2.Identificacion_Riesgos'!$A$40,"") | H27: =IF(AND('2.Identificacion_Riesgos'!$K$45=4,'2.Identificacion_Riesgos'!$M$45=1),'2.Identificacion_Riesgos'!$A$45,"") | I27: =IF(AND('2.Identificacion_Riesgos'!$K$50=4,'2.Identificacion_Riesgos'!$M$50=1),'2.Identificacion_Riesgos'!$A$50,"") | J27: =IF(AND('2.Identificacion_Riesgos'!$K$55=4,'2.Identificacion_Riesgos'!$M$55=1),'2.Identificacion_Riesgos'!$A$55,"") | K27: =IF(AND('2.Identificacion_Riesgos'!$K$35=4,'2.Identificacion_Riesgos'!$M$35=2),'2.Identificacion_Riesgos'!$A$35,"") | L27: =IF(AND('2.Identificacion_Riesgos'!$K$40=4,'2.Identificacion_Riesgos'!$M$40=2),'2.Identificacion_Riesgos'!$A$40,"") | M27: =IF(AND('2.Identificacion_Riesgos'!$K$45=4,'2.Identificacion_Riesgos'!$M$45=2),'2.Identificacion_Riesgos'!$A$45,"") | N27: =IF(AND('2.Identificacion_Riesgos'!$K$50=4,'2.Identificacion_Riesgos'!$M$50=2),'2.Identificacion_Riesgos'!$A$50,"") | O27: =IF(AND('2.Identificacion_Riesgos'!$K$55=4,'2.Identificacion_Riesgos'!$M$55=2),'2.Identificacion_Riesgos'!$A$55,"") | P27: =IF(AND('2.Identificacion_Riesgos'!$K$35=4,'2.Identificacion_Riesgos'!$M$35=3),'2.Identificacion_Riesgos'!$A$35,"") | Q27: =IF(AND('2.Identificacion_Riesgos'!$K$40=4,'2.Identificacion_Riesgos'!$M$40=3),'2.Identificacion_Riesgos'!$A$40,"") | R27: =IF(AND('2.Identificacion_Riesgos'!$K$45=4,'2.Identificacion_Riesgos'!$M$45=3),'2.Identificacion_Riesgos'!$A$45,"") | S27: =IF(AND('2.Identificacion_Riesgos'!$K$50=4,'2.Identificacion_Riesgos'!$M$50=3),'2.Identificacion_Riesgos'!$A$50,"") | T27: =IF(AND('2.Identificacion_Riesgos'!$K$55=4,'2.Identificacion_Riesgos'!$M$55=3),'2.Identificacion_Riesgos'!$A$55,"") | U27: =IF(AND('2.Identificacion_Riesgos'!$K$35=4,'2.Identificacion_Riesgos'!$M$35=4),'2.Identificacion_Riesgos'!$A$35,"") | V27: =IF(AND('2.Identificacion_Riesgos'!$K$40=4,'2.Identificacion_Riesgos'!$M$40=4),'2.Identificacion_Riesgos'!$A$40,"") | W27: =IF(AND('2.Identificacion_Riesgos'!$K$45=4,'2.Identificacion_Riesgos'!$M$45=4),'2.Identificacion_Riesgos'!$A$45,"") | X27: =IF(AND('2.Identificacion_Riesgos'!$K$50=4,'2.Identificacion_Riesgos'!$M$50=4),'2.Identificacion_Riesgos'!$A$50,"") | Y27: =IF(AND('2.Identificacion_Riesgos'!$K$55=4,'2.Identificacion_Riesgos'!$M$55=4),'2.Identificacion_Riesgos'!$A$55,"") | Z27: =IF(AND('2.Identificacion_Riesgos'!$K$35=4,'2.Identificacion_Riesgos'!$M$35=5),'2.Identificacion_Riesgos'!$A$35,"") | AA27: =IF(AND('2.Identificacion_Riesgos'!$K$40=4,'2.Identificacion_Riesgos'!$M$40=5),'2.Identificacion_Riesgos'!$A$40,"") | AB27: =IF(AND('2.Identificacion_Riesgos'!$K$45=4,'2.Identificacion_Riesgos'!$M$45=5),'2.Identificacion_Riesgos'!$A$45,"") | AC27: =IF(AND('2.Identificacion_Riesgos'!$K$50=4,'2.Identificacion_Riesgos'!$M$50=5),'2.Identificacion_Riesgos'!$A$50,"") | AD27: =IF(AND('2.Identificacion_Riesgos'!$K$55=4,'2.Identificacion_Riesgos'!$M$55=5),'2.Identificacion_Riesgos'!$A$55,"")
F28: 0.24 | K28: 0.44 | P28: 0.56 | U28: 0.8 | Z28: 0.96
F29: =IF(AND('2.Identificacion_Riesgos'!$K$10=5,'2.Identificacion_Riesgos'!$M$10=1),'2.Identificacion_Riesgos'!$A$10,"") | G29: =IF(AND('2.Identificacion_Riesgos'!$K$15=5,'2.Identificacion_Riesgos'!$M$15=1),'2.Identificacion_Riesgos'!$A$15,"") | H29: =IF(AND('2.Identificacion_Riesgos'!$K$20=5,'2.Identificacion_Riesgos'!$M$20=1),'2.Identificacion_Riesgos'!$A$20,"") | I29: =IF(AND('2.Identificacion_Riesgos'!$K$25=5,'2.Identificacion_Riesgos'!$M$25=1),'2.Identificacion_Riesgos'!$A$25,"") | J29: =IF(AND('2.Identificacion_Riesgos'!$K$30=5,'2.Identificacion_Riesgos'!$M$30=1),'2.Identificacion_Riesgos'!$A$30,"") | K29: =IF(AND('2.Identificacion_Riesgos'!$K$10=5,'2.Identificacion_Riesgos'!$M$10=2),'2.Identificacion_Riesgos'!$A$10,"") | L29: =IF(AND('2.Identificacion_Riesgos'!$K$15=5,'2.Identificacion_Riesgos'!$M$15=2),'2.Identificacion_Riesgos'!$A$15,"") | M29: =IF(AND('2.Identificacion_Riesgos'!$K$20=5,'2.Identificacion_Riesgos'!$M$20=2),'2.Identificacion_Riesgos'!$A$20,"") | N29: =IF(AND('2.Identificacion_Riesgos'!$K$25=5,'2.Identificacion_Riesgos'!$M$25=2),'2.Identificacion_Riesgos'!$A$25,"") | O29: =IF(AND('2.Identificacion_Riesgos'!$K$30=5,'2.Identificacion_Riesgos'!$M$30=2),'2.Identificacion_Riesgos'!$A$30,"") | P29: =IF(AND('2.Identificacion_Riesgos'!$K$10=5,'2.Identificacion_Riesgos'!$M$10=3),'2.Identificacion_Riesgos'!$A$10,"") | Q29: =IF(AND('2.Identificacion_Riesgos'!$K$15=5,'2.Identificacion_Riesgos'!$M$15=3),'2.Identificacion_Riesgos'!$A$15,"") | R29: =IF(AND('2.Identificacion_Riesgos'!$K$20=5,'2.Identificacion_Riesgos'!$M$20=3),'2.Identificacion_Riesgos'!$A$20,"") | S29: =IF(AND('2.Identificacion_Riesgos'!$K$25=5,'2.Identificacion_Riesgos'!$M$25=3),'2.Identificacion_Riesgos'!$A$25,"") | T29: =IF(AND('2.Identificacion_Riesgos'!$K$30=5,'2.Identificacion_Riesgos'!$M$30=3),'2.Identificacion_Riesgos'!$A$30,"") | U29: =IF(AND('2.Identificacion_Riesgos'!$K$10=5,'2.Identificacion_Riesgos'!$M$10=4),'2.Identificacion_Riesgos'!$A$10,"") | V29: =IF(AND('2.Identificacion_Riesgos'!$K$15=5,'2.Identificacion_Riesgos'!$M$15=4),'2.Identificacion_Riesgos'!$A$15,"") | W29: =IF(AND('2.Identificacion_Riesgos'!$K$20=5,'2.Identificacion_Riesgos'!$M$20=4),'2.Identificacion_Riesgos'!$A$20,"") | X29: =IF(AND('2.Identificacion_Riesgos'!$K$25=5,'2.Identificacion_Riesgos'!$M$25=4),'2.Identificacion_Riesgos'!$A$25,"") | Y29: =IF(AND('2.Identificacion_Riesgos'!$K$30=5,'2.Identificacion_Riesgos'!$M$30=4),'2.Identificacion_Riesgos'!$A$30,"") | Z29: =IF(AND('2.Identificacion_Riesgos'!$K$10=5,'2.Identificacion_Riesgos'!$M$10=5),'2.Identificacion_Riesgos'!$A$10,"") | AA29: =IF(AND('2.Identificacion_Riesgos'!$K$15=5,'2.Identificacion_Riesgos'!$M$15=5),'2.Identificacion_Riesgos'!$A$15,"") | AB29: =IF(AND('2.Identificacion_Riesgos'!$K$20=5,'2.Identificacion_Riesgos'!$M$20=5),'2.Identificacion_Riesgos'!$A$20,"") | AC29: =IF(AND('2.Identificacion_Riesgos'!$K$25=5,'2.Identificacion_Riesgos'!$M$25=5),'2.Identificacion_Riesgos'!$A$25,"") | AD29: =IF(AND('2.Identificacion_Riesgos'!$K$30=5,'2.Identificacion_Riesgos'!$M$30=5),'2.Identificacion_Riesgos'!$A$30,"")
C30: CASI SEGURO | F30: =IF(AND('2.Identificacion_Riesgos'!$K$35=5,'2.Identificacion_Riesgos'!$M$35=1),'2.Identificacion_Riesgos'!$A$35,"") | G30: =IF(AND('2.Identificacion_Riesgos'!$K$40=5,'2.Identificacion_Riesgos'!$M$40=1),'2.Identificacion_Riesgos'!$A$40,"") | H30: =IF(AND('2.Identificacion_Riesgos'!$K$45=5,'2.Identificacion_Riesgos'!$M$45=1),'2.Identificacion_Riesgos'!$A$45,"") | I30: =IF(AND('2.Identificacion_Riesgos'!$K$50=5,'2.Identificacion_Riesgos'!$M$50=1),'2.Identificacion_Riesgos'!$A$50,"") | J30: =IF(AND('2.Identificacion_Riesgos'!$K$55=5,'2.Identificacion_Riesgos'!$M$55=1),'2.Identificacion_Riesgos'!$A$55,"") | K30: =IF(AND('2.Identificacion_Riesgos'!$K$35=5,'2.Identificacion_Riesgos'!$M$35=2),'2.Identificacion_Riesgos'!$A$35,"") | L30: =IF(AND('2.Identificacion_Riesgos'!$K$40=5,'2.Identificacion_Riesgos'!$M$40=2),'2.Identificacion_Riesgos'!$A$40,"") | M30: =IF(AND('2.Identificacion_Riesgos'!$K$45=5,'2.Identificacion_Riesgos'!$M$45=2),'2.Identificacion_Riesgos'!$A$45,"") | N30: =IF(AND('2.Identificacion_Riesgos'!$K$50=5,'2.Identificacion_Riesgos'!$M$50=2),'2.Identificacion_Riesgos'!$A$50,"") | O30: =IF(AND('2.Identificacion_Riesgos'!$K$55=5,'2.Identificacion_Riesgos'!$M$55=2),'2.Identificacion_Riesgos'!$A$55,"") | P30: =IF(AND('2.Identificacion_Riesgos'!$K$35=5,'2.Identificacion_Riesgos'!$M$35=3),'2.Identificacion_Riesgos'!$A$35,"") | Q30: =IF(AND('2.Identificacion_Riesgos'!$K$40=5,'2.Identificacion_Riesgos'!$M$40=3),'2.Identificacion_Riesgos'!$A$40,"") | R30: =IF(AND('2.Identificacion_Riesgos'!$K$45=5,'2.Identificacion_Riesgos'!$M$45=3),'2.Identificacion_Riesgos'!$A$45,"") | S30: =IF(AND('2.Identificacion_Riesgos'!$K$50=5,'2.Identificacion_Riesgos'!$M$50=3),'2.Identificacion_Riesgos'!$A$50,"") | T30: =IF(AND('2.Identificacion_Riesgos'!$K$55=5,'2.Identificacion_Riesgos'!$M$55=3),'2.Identificacion_Riesgos'!$A$55,"") | U30: =IF(AND('2.Identificacion_Riesgos'!$K$35=5,'2.Identificacion_Riesgos'!$M$35=4),'2.Identificacion_Riesgos'!$A$35,"") | V30: =IF(AND('2.Identificacion_Riesgos'!$K$40=5,'2.Identificacion_Riesgos'!$M$40=4),'2.Identificacion_Riesgos'!$A$40,"") | W30: =IF(AND('2.Identificacion_Riesgos'!$K$45=5,'2.Identificacion_Riesgos'!$M$45=4),'2.Identificacion_Riesgos'!$A$45,"") | X30: =IF(AND('2.Identificacion_Riesgos'!$K$50=5,'2.Identificacion_Riesgos'!$M$50=4),'2.Identificacion_Riesgos'!$A$50,"") | Y30: =IF(AND('2.Identificacion_Riesgos'!$K$55=5,'2.Identificacion_Riesgos'!$M$55=4),'2.Identificacion_Riesgos'!$A$55,"") | Z30: =IF(AND('2.Identificacion_Riesgos'!$K$35=5,'2.Identificacion_Riesgos'!$M$35=5),'2.Identificacion_Riesgos'!$A$35,"") | AA30: =IF(AND('2.Identificacion_Riesgos'!$K$40=5,'2.Identificacion_Riesgos'!$M$40=5),'2.Identificacion_Riesgos'!$A$40,"") | AB30: =IF(AND('2.Identificacion_Riesgos'!$K$45=5,'2.Identificacion_Riesgos'!$M$45=5),'2.Identificacion_Riesgos'!$A$45,"") | AC30: =IF(AND('2.Identificacion_Riesgos'!$K$50=5,'2.Identificacion_Riesgos'!$M$50=5),'2.Identificacion_Riesgos'!$A$50,"") | AD30: =IF(AND('2.Identificacion_Riesgos'!$K$55=5,'2.Identificacion_Riesgos'!$M$55=5),'2.Identificacion_Riesgos'!$A$55,"")
F31: 0.4 | K31: 0.48 | P31: 0.72 | U31: 0.84 | Z31: 1
B38: RIESGO RESIDUAL
B39: DESPUES DE CONTROLES
F40: IMPACTO
F42: INSIGNIFICANTE | K42: MENOR | P42: MODERADO | U42: MAYOR | Z42: CATASTROFICO
B43: PROBABILIDAD | F43: =IF(AND('2.Identificacion_Riesgos'!$S$10=1,'2.Identificacion_Riesgos'!$U$10=1),'2.Identificacion_Riesgos'!$A$10,"") | G43: =IF(AND('2.Identificacion_Riesgos'!$S$15=1,'2.Identificacion_Riesgos'!$U$15=1),'2.Identificacion_Riesgos'!$A$15,"") | H43: =IF(AND('2.Identificacion_Riesgos'!$S$20=1,'2.Identificacion_Riesgos'!$U$20=1),'2.Identificacion_Riesgos'!$A$20,"") | I43: =IF(AND('2.Identificacion_Riesgos'!$S$25=1,'2.Identificacion_Riesgos'!$U$25=1),'2.Identificacion_Riesgos'!$A$25,"") | J43: =IF(AND('2.Identificacion_Riesgos'!$S$30=1,'2.Identificacion_Riesgos'!$U$30=1),'2.Identificacion_Riesgos'!$A$30,"") | K43: =IF(AND('2.Identificacion_Riesgos'!$S$10=1,'2.Identificacion_Riesgos'!$U$10=2),'2.Identificacion_Riesgos'!$A$10,"") | L43: =IF(AND('2.Identificacion_Riesgos'!$S$15=1,'2.Identificacion_Riesgos'!$U$15=2),'2.Identificacion_Riesgos'!$A$15,"") | M43: =IF(AND('2.Identificacion_Riesgos'!$S$20=1,'2.Identificacion_Riesgos'!$U$20=2),'2.Identificacion_Riesgos'!$A$20,"") -> R3 | N43: =IF(AND('2.Identificacion_Riesgos'!$S$25=1,'2.Identificacion_Riesgos'!$U$25=2),'2.Identificacion_Riesgos'!$A$25,"") | O43: =IF(AND('2.Identificacion_Riesgos'!$S$30=1,'2.Identificacion_Riesgos'!$U$30=2),'2.Identificacion_Riesgos'!$A$30,"") | P43: =IF(AND('2.Identificacion_Riesgos'!$S$10=1,'2.Identificacion_Riesgos'!$U$10=3),'2.Identificacion_Riesgos'!$A$10,"") | Q43: =IF(AND('2.Identificacion_Riesgos'!$S$15=1,'2.Identificacion_Riesgos'!$U$15=3),'2.Identificacion_Riesgos'!$A$15,"") -> R2 | R43: =IF(AND('2.Identificacion_Riesgos'!$S$20=1,'2.Identificacion_Riesgos'!$U$20=3),'2.Identificacion_Riesgos'!$A$20,"") | S43: =IF(AND('2.Identificacion_Riesgos'!$S$25=1,'2.Identificacion_Riesgos'!$U$25=3),'2.Identificacion_Riesgos'!$A$25,"") -> R4 | T43: =IF(AND('2.Identificacion_Riesgos'!$S$30=1,'2.Identificacion_Riesgos'!$U$30=3),'2.Identificacion_Riesgos'!$A$30,"") | U43: =IF(AND('2.Identificacion_Riesgos'!$S$10=1,'2.Identificacion_Riesgos'!$U$10=4),'2.Identificacion_Riesgos'!$A$10,"") | V43: =IF(AND('2.Identificacion_Riesgos'!$S$15=1,'2.Identificacion_Riesgos'!$U$15=4),'2.Identificacion_Riesgos'!$A$15,"") | W43: =IF(AND('2.Identificacion_Riesgos'!$S$20=1,'2.Identificacion_Riesgos'!$U$20=4),'2.Identificacion_Riesgos'!$A$20,"") | X43: =IF(AND('2.Identificacion_Riesgos'!$S$25=1,'2.Identificacion_Riesgos'!$U$25=4),'2.Identificacion_Riesgos'!$A$25,"") | Y43: =IF(AND('2.Identificacion_Riesgos'!$S$30=1,'2.Identificacion_Riesgos'!$U$30=4),'2.Identificacion_Riesgos'!$A$30,"") | Z43: =IF(AND('2.Identificacion_Riesgos'!$S$10=1,'2.Identificacion_Riesgos'!$U$10=5),'2.Identificacion_Riesgos'!$A$10,"") | AA43: =IF(AND('2.Identificacion_Riesgos'!$S$15=1,'2.Identificacion_Riesgos'!$U$15=5),'2.Identificacion_Riesgos'!$A$15,"") | AB43: =IF(AND('2.Identificacion_Riesgos'!$S$20=1,'2.Identificacion_Riesgos'!$U$20=5),'2.Identificacion_Riesgos'!$A$20,"") | AC43: =IF(AND('2.Identificacion_Riesgos'!$S$25=1,'2.Identificacion_Riesgos'!$U$25=5),'2.Identificacion_Riesgos'!$A$25,"") | AD43: =IF(AND('2.Identificacion_Riesgos'!$S$30=1,'2.Identificacion_Riesgos'!$U$30=5),'2.Identificacion_Riesgos'!$A$30,"")
C44: RARO | F44: =IF(AND('2.Identificacion_Riesgos'!$S$35=1,'2.Identificacion_Riesgos'!$U$35=1),'2.Identificacion_Riesgos'!$A$35,"") | G44: =IF(AND('2.Identificacion_Riesgos'!$S$40=1,'2.Identificacion_Riesgos'!$U$40=1),'2.Identificacion_Riesgos'!$A$40,"") | H44: =IF(AND('2.Identificacion_Riesgos'!$S$45=1,'2.Identificacion_Riesgos'!$U$45=1),'2.Identificacion_Riesgos'!$A$45,"") | I44: =IF(AND('2.Identificacion_Riesgos'!$S$50=1,'2.Identificacion_Riesgos'!$U$50=1),'2.Identificacion_Riesgos'!$A$50,"") | J44: =IF(AND('2.Identificacion_Riesgos'!$S$55=1,'2.Identificacion_Riesgos'!$U$55=1),'2.Identificacion_Riesgos'!$A$55,"") | K44: =IF(AND('2.Identificacion_Riesgos'!$S$35=1,'2.Identificacion_Riesgos'!$U$35=2),'2.Identificacion_Riesgos'!$A$35,"") | L44: =IF(AND('2.Identificacion_Riesgos'!$S$40=1,'2.Identificacion_Riesgos'!$U$40=2),'2.Identificacion_Riesgos'!$A$40,"") | M44: =IF(AND('2.Identificacion_Riesgos'!$S$45=1,'2.Identificacion_Riesgos'!$U$45=2),'2.Identificacion_Riesgos'!$A$45,"") | N44: =IF(AND('2.Identificacion_Riesgos'!$S$50=1,'2.Identificacion_Riesgos'!$U$50=2),'2.Identificacion_Riesgos'!$A$50,"") | O44: =IF(AND('2.Identificacion_Riesgos'!$S$55=1,'2.Identificacion_Riesgos'!$U$55=2),'2.Identificacion_Riesgos'!$A$55,"") | P44: =IF(AND('2.Identificacion_Riesgos'!$S$35=1,'2.Identificacion_Riesgos'!$U$35=3),'2.Identificacion_Riesgos'!$A$35,"") | Q44: =IF(AND('2.Identificacion_Riesgos'!$S$40=1,'2.Identificacion_Riesgos'!$U$40=3),'2.Identificacion_Riesgos'!$A$40,"") | R44: =IF(AND('2.Identificacion_Riesgos'!$S$45=1,'2.Identificacion_Riesgos'!$U$45=3),'2.Identificacion_Riesgos'!$A$45,"") | S44: =IF(AND('2.Identificacion_Riesgos'!$S$50=1,'2.Identificacion_Riesgos'!$U$50=3),'2.Identificacion_Riesgos'!$A$50,"") | T44: =IF(AND('2.Identificacion_Riesgos'!$S$55=1,'2.Identificacion_Riesgos'!$U$55=3),'2.Identificacion_Riesgos'!$A$55,"") | U44: =IF(AND('2.Identificacion_Riesgos'!$S$35=1,'2.Identificacion_Riesgos'!$U$35=4),'2.Identificacion_Riesgos'!$A$35,"") | V44: =IF(AND('2.Identificacion_Riesgos'!$S$40=1,'2.Identificacion_Riesgos'!$U$40=4),'2.Identificacion_Riesgos'!$A$40,"") | W44: =IF(AND('2.Identificacion_Riesgos'!$S$45=1,'2.Identificacion_Riesgos'!$U$45=4),'2.Identificacion_Riesgos'!$A$45,"") | X44: =IF(AND('2.Identificacion_Riesgos'!$S$50=1,'2.Identificacion_Riesgos'!$U$50=4),'2.Identificacion_Riesgos'!$A$50,"") | Y44: =IF(AND('2.Identificacion_Riesgos'!$S$55=1,'2.Identificacion_Riesgos'!$U$55=4),'2.Identificacion_Riesgos'!$A$55,"") | Z44: =IF(AND('2.Identificacion_Riesgos'!$S$35=1,'2.Identificacion_Riesgos'!$U$35=5),'2.Identificacion_Riesgos'!$A$35,"") | AA44: =IF(AND('2.Identificacion_Riesgos'!$S$40=1,'2.Identificacion_Riesgos'!$U$40=5),'2.Identificacion_Riesgos'!$A$40,"") | AB44: =IF(AND('2.Identificacion_Riesgos'!$S$45=1,'2.Identificacion_Riesgos'!$U$45=5),'2.Identificacion_Riesgos'!$A$45,"") | AC44: =IF(AND('2.Identificacion_Riesgos'!$S$50=1,'2.Identificacion_Riesgos'!$U$50=5),'2.Identificacion_Riesgos'!$A$50,"") | AD44: =IF(AND('2.Identificacion_Riesgos'!$S$55=1,'2.Identificacion_Riesgos'!$U$55=5),'2.Identificacion_Riesgos'!$A$55,"")
F45: 0.04 | K45: 0.16 | P45: 0.32 | U45: 0.6 | Z45: 0.68
F46: =IF(AND('2.Identificacion_Riesgos'!$S$10=2,'2.Identificacion_Riesgos'!$U$10=1),'2.Identificacion_Riesgos'!$A$10,"") | G46: =IF(AND('2.Identificacion_Riesgos'!$S$15=2,'2.Identificacion_Riesgos'!$U$15=1),'2.Identificacion_Riesgos'!$A$15,"") | H46: =IF(AND('2.Identificacion_Riesgos'!$S$20=2,'2.Identificacion_Riesgos'!$U$20=1),'2.Identificacion_Riesgos'!$A$20,"") | I46: =IF(AND('2.Identificacion_Riesgos'!$S$25=2,'2.Identificacion_Riesgos'!$U$25=1),'2.Identificacion_Riesgos'!$A$25,"") | J46: =IF(AND('2.Identificacion_Riesgos'!$S$30=2,'2.Identificacion_Riesgos'!$U$30=1),'2.Identificacion_Riesgos'!$A$30,"") | K46: =IF(AND('2.Identificacion_Riesgos'!$S$10=2,'2.Identificacion_Riesgos'!$U$10=2),'2.Identificacion_Riesgos'!$A$10,"") | L46: =IF(AND('2.Identificacion_Riesgos'!$S$15=2,'2.Identificacion_Riesgos'!$U$15=2),'2.Identificacion_Riesgos'!$A$15,"") | M46: =IF(AND('2.Identificacion_Riesgos'!$S$20=2,'2.Identificacion_Riesgos'!$U$20=2),'2.Identificacion_Riesgos'!$A$20,"") | N46: =IF(AND('2.Identificacion_Riesgos'!$S$25=2,'2.Identificacion_Riesgos'!$U$25=2),'2.Identificacion_Riesgos'!$A$25,"") | O46: =IF(AND('2.Identificacion_Riesgos'!$S$30=2,'2.Identificacion_Riesgos'!$U$30=2),'2.Identificacion_Riesgos'!$A$30,"") -> R5 | P46: =IF(AND('2.Identificacion_Riesgos'!$S$10=2,'2.Identificacion_Riesgos'!$U$10=3),'2.Identificacion_Riesgos'!$A$10,"") | Q46: =IF(AND('2.Identificacion_Riesgos'!$S$15=2,'2.Identificacion_Riesgos'!$U$15=3),'2.Identificacion_Riesgos'!$A$15,"") | R46: =IF(AND('2.Identificacion_Riesgos'!$S$20=2,'2.Identificacion_Riesgos'!$U$20=3),'2.Identificacion_Riesgos'!$A$20,"") | S46: =IF(AND('2.Identificacion_Riesgos'!$S$25=2,'2.Identificacion_Riesgos'!$U$25=3),'2.Identificacion_Riesgos'!$A$25,"") | T46: =IF(AND('2.Identificacion_Riesgos'!$S$30=2,'2.Identificacion_Riesgos'!$U$30=3),'2.Identificacion_Riesgos'!$A$30,"") | U46: =IF(AND('2.Identificacion_Riesgos'!$S$10=2,'2.Identificacion_Riesgos'!$U$10=4),'2.Identificacion_Riesgos'!$A$10,"") | V46: =IF(AND('2.Identificacion_Riesgos'!$S$15=2,'2.Identificacion_Riesgos'!$U$15=4),'2.Identificacion_Riesgos'!$A$15,"") | W46: =IF(AND('2.Identificacion_Riesgos'!$S$20=2,'2.Identificacion_Riesgos'!$U$20=4),'2.Identificacion_Riesgos'!$A$20,"") | X46: =IF(AND('2.Identificacion_Riesgos'!$S$25=2,'2.Identificacion_Riesgos'!$U$25=4),'2.Identificacion_Riesgos'!$A$25,"") | Y46: =IF(AND('2.Identificacion_Riesgos'!$S$30=2,'2.Identificacion_Riesgos'!$U$30=4),'2.Identificacion_Riesgos'!$A$30,"") | Z46: =IF(AND('2.Identificacion_Riesgos'!$S$10=2,'2.Identificacion_Riesgos'!$U$10=5),'2.Identificacion_Riesgos'!A10,"") | AA46: =IF(AND('2.Identificacion_Riesgos'!$S$15=2,'2.Identificacion_Riesgos'!$U$15=5),'2.Identificacion_Riesgos'!$A$15,"") | AB46: =IF(AND('2.Identificacion_Riesgos'!$S$20=2,'2.Identificacion_Riesgos'!$U$20=5),'2.Identificacion_Riesgos'!$A$20,"") | AC46: =IF(AND('2.Identificacion_Riesgos'!$S$25=2,'2.Identificacion_Riesgos'!$U$25=5),'2.Identificacion_Riesgos'!$A$25,"") | AD46: =IF(AND('2.Identificacion_Riesgos'!$S$30=2,'2.Identificacion_Riesgos'!$U$30=5),'2.Identificacion_Riesgos'!$A$30,"")
C47: IMPROBABLE | F47: =IF(AND('2.Identificacion_Riesgos'!$S$35=2,'2.Identificacion_Riesgos'!$U$35=1),'2.Identificacion_Riesgos'!$A$35,"") | G47: =IF(AND('2.Identificacion_Riesgos'!$S$40=2,'2.Identificacion_Riesgos'!$U$40=1),'2.Identificacion_Riesgos'!$A$40,"") | H47: =IF(AND('2.Identificacion_Riesgos'!$S$45=2,'2.Identificacion_Riesgos'!$U$45=1),'2.Identificacion_Riesgos'!$A$45,"") | I47: =IF(AND('2.Identificacion_Riesgos'!$S$50=2,'2.Identificacion_Riesgos'!$U$50=1),'2.Identificacion_Riesgos'!$A$50,"") | J47: =IF(AND('2.Identificacion_Riesgos'!$S$55=2,'2.Identificacion_Riesgos'!$U$55=1),'2.Identificacion_Riesgos'!$A$55,"") | K47: =IF(AND('2.Identificacion_Riesgos'!$S$35=2,'2.Identificacion_Riesgos'!$U$35=2),'2.Identificacion_Riesgos'!$A$35,"") | L47: =IF(AND('2.Identificacion_Riesgos'!$S$40=2,'2.Identificacion_Riesgos'!$U$40=2),'2.Identificacion_Riesgos'!$A$40,"") | M47: =IF(AND('2.Identificacion_Riesgos'!$S$45=2,'2.Identificacion_Riesgos'!$U$45=2),'2.Identificacion_Riesgos'!$A$45,"") | N47: =IF(AND('2.Identificacion_Riesgos'!$S$50=2,'2.Identificacion_Riesgos'!$U$50=2),'2.Identificacion_Riesgos'!$A$50,"") | O47: =IF(AND('2.Identificacion_Riesgos'!$S$55=2,'2.Identificacion_Riesgos'!$U$55=2),'2.Identificacion_Riesgos'!$A$55,"") | P47: =IF(AND('2.Identificacion_Riesgos'!$S$35=2,'2.Identificacion_Riesgos'!$U$35=3),'2.Identificacion_Riesgos'!$A$35,"") | Q47: =IF(AND('2.Identificacion_Riesgos'!$S$40=2,'2.Identificacion_Riesgos'!$U$40=3),'2.Identificacion_Riesgos'!$A$40,"") | R47: =IF(AND('2.Identificacion_Riesgos'!$S$45=2,'2.Identificacion_Riesgos'!$U$45=3),'2.Identificacion_Riesgos'!$A$45,"") | S47: =IF(AND('2.Identificacion_Riesgos'!$S$50=2,'2.Identificacion_Riesgos'!$U$50=3),'2.Identificacion_Riesgos'!$A$50,"") | T47: =IF(AND('2.Identificacion_Riesgos'!$S$55=2,'2.Identificacion_Riesgos'!$U$55=3),'2.Identificacion_Riesgos'!$A$55,"") | U47: =IF(AND('2.Identificacion_Riesgos'!$S$35=2,'2.Identificacion_Riesgos'!$U$35=4),'2.Identificacion_Riesgos'!$A$35,"") | V47: =IF(AND('2.Identificacion_Riesgos'!$S$40=2,'2.Identificacion_Riesgos'!$U$40=4),'2.Identificacion_Riesgos'!$A$40,"") | W47: =IF(AND('2.Identificacion_Riesgos'!$S$45=2,'2.Identificacion_Riesgos'!$U$45=4),'2.Identificacion_Riesgos'!$A$45,"") | X47: =IF(AND('2.Identificacion_Riesgos'!$S$50=2,'2.Identificacion_Riesgos'!$U$50=4),'2.Identificacion_Riesgos'!$A$50,"") | Y47: =IF(AND('2.Identificacion_Riesgos'!$S$55=2,'2.Identificacion_Riesgos'!$U$55=4),'2.Identificacion_Riesgos'!$A$55,"") | Z47: =IF(AND('2.Identificacion_Riesgos'!$S$35=2,'2.Identificacion_Riesgos'!$U$35=5),'2.Identificacion_Riesgos'!$A$35,"") | AA47: =IF(AND('2.Identificacion_Riesgos'!$S$40=2,'2.Identificacion_Riesgos'!$U$40=5),'2.Identificacion_Riesgos'!$A$40,"") | AB47: =IF(AND('2.Identificacion_Riesgos'!$S$45=2,'2.Identificacion_Riesgos'!$U$45=5),'2.Identificacion_Riesgos'!$A$45,"") | AC47: =IF(AND('2.Identificacion_Riesgos'!$S$50=2,'2.Identificacion_Riesgos'!$U$50=5),'2.Identificacion_Riesgos'!$A$50,"") | AD47: =IF(AND('2.Identificacion_Riesgos'!$S$55=2,'2.Identificacion_Riesgos'!$U$55=5),'2.Identificacion_Riesgos'!$A$55,"")
F48: 0.08 | K48: 0.2 | P48: 0.36 | U48: 0.55 | Z48: 0.88
F49: =IF(AND('2.Identificacion_Riesgos'!$S$10=3,'2.Identificacion_Riesgos'!$U$10=1),'2.Identificacion_Riesgos'!$A$10,"") | G49: =IF(AND('2.Identificacion_Riesgos'!$S$15=3,'2.Identificacion_Riesgos'!$U$15=1),'2.Identificacion_Riesgos'!$A$15,"") | H49: =IF(AND('2.Identificacion_Riesgos'!$S$20=3,'2.Identificacion_Riesgos'!$U$20=1),'2.Identificacion_Riesgos'!$A$20,"") | I49: =IF(AND('2.Identificacion_Riesgos'!$S$25=3,'2.Identificacion_Riesgos'!$U$25=1),'2.Identificacion_Riesgos'!$A$25,"") | J49: =IF(AND('2.Identificacion_Riesgos'!$S$30=3,'2.Identificacion_Riesgos'!$U$30=1),'2.Identificacion_Riesgos'!$A$30,"") | K49: =IF(AND('2.Identificacion_Riesgos'!$S$10=3,'2.Identificacion_Riesgos'!$U$10=2),'2.Identificacion_Riesgos'!$A$10,"") -> R1 | L49: =IF(AND('2.Identificacion_Riesgos'!$S$15=3,'2.Identificacion_Riesgos'!$U$15=2),'2.Identificacion_Riesgos'!$A$15,"") | M49: =IF(AND('2.Identificacion_Riesgos'!$S$20=3,'2.Identificacion_Riesgos'!$U$20=2),'2.Identificacion_Riesgos'!$A$20,"") | N49: =IF(AND('2.Identificacion_Riesgos'!$S$25=3,'2.Identificacion_Riesgos'!$U$25=2),'2.Identificacion_Riesgos'!$A$25,"") | O49: =IF(AND('2.Identificacion_Riesgos'!$S$30=3,'2.Identificacion_Riesgos'!$U$30=2),'2.Identificacion_Riesgos'!$A$30,"") | P49: =IF(AND('2.Identificacion_Riesgos'!$S$10=3,'2.Identificacion_Riesgos'!$U$10=3),'2.Identificacion_Riesgos'!$A$10,"") | Q49: =IF(AND('2.Identificacion_Riesgos'!$S$15=3,'2.Identificacion_Riesgos'!$U$15=3),'2.Identificacion_Riesgos'!$A$15,"") | R49: =IF(AND('2.Identificacion_Riesgos'!$S$20=3,'2.Identificacion_Riesgos'!$U$20=3),'2.Identificacion_Riesgos'!$A$20,"") | S49: =IF(AND('2.Identificacion_Riesgos'!$S$25=3,'2.Identificacion_Riesgos'!$U$25=3),'2.Identificacion_Riesgos'!$A$25,"") | T49: =IF(AND('2.Identificacion_Riesgos'!$S$30=3,'2.Identificacion_Riesgos'!$U$30=3),'2.Identificacion_Riesgos'!$A$30,"") | U49: =IF(AND('2.Identificacion_Riesgos'!$S$10=3,'2.Identificacion_Riesgos'!$U$10=4),'2.Identificacion_Riesgos'!$A$10,"") | V49: =IF(AND('2.Identificacion_Riesgos'!$S$15=3,'2.Identificacion_Riesgos'!$U$15=4),'2.Identificacion_Riesgos'!$A$15,"") | W49: =IF(AND('2.Identificacion_Riesgos'!$S$20=3,'2.Identificacion_Riesgos'!$U$20=4),'2.Identificacion_Riesgos'!$A$20,"") | X49: =IF(AND('2.Identificacion_Riesgos'!$S$25=3,'2.Identificacion_Riesgos'!$U$25=4),'2.Identificacion_Riesgos'!$A$25,"") | Y49: =IF(AND('2.Identificacion_Riesgos'!$S$30=3,'2.Identificacion_Riesgos'!$U$30=4),'2.Identificacion_Riesgos'!$A$30,"") | Z49: =IF(AND('2.Identificacion_Riesgos'!$S$10=3,'2.Identificacion_Riesgos'!$U$10=5),'2.Identificacion_Riesgos'!$A$10,"") | AA49: =IF(AND('2.Identificacion_Riesgos'!$S$15=3,'2.Identificacion_Riesgos'!$U$15=5),'2.Identificacion_Riesgos'!$A$15,"") | AB49: =IF(AND('2.Identificacion_Riesgos'!$S$20=3,'2.Identificacion_Riesgos'!$U$20=5),'2.Identificacion_Riesgos'!$A$20,"") | AC49: =IF(AND('2.Identificacion_Riesgos'!$S$25=3,'2.Identificacion_Riesgos'!$U$25=5),'2.Identificacion_Riesgos'!$A$25,"") | AD49: =IF(AND('2.Identificacion_Riesgos'!$S$30=3,'2.Identificacion_Riesgos'!$U$30=5),'2.Identificacion_Riesgos'!$A$30,"")
C50: POSIBLE | F50: =IF(AND('2.Identificacion_Riesgos'!$S$35=3,'2.Identificacion_Riesgos'!$U$35=1),'2.Identificacion_Riesgos'!$A$35,"") | G50: =IF(AND('2.Identificacion_Riesgos'!$S$40=3,'2.Identificacion_Riesgos'!$U$40=1),'2.Identificacion_Riesgos'!$A$40,"") | H50: =IF(AND('2.Identificacion_Riesgos'!$S$45=3,'2.Identificacion_Riesgos'!$U$45=1),'2.Identificacion_Riesgos'!$A$45,"") | I50: =IF(AND('2.Identificacion_Riesgos'!$S$50=3,'2.Identificacion_Riesgos'!$U$50=1),'2.Identificacion_Riesgos'!$A$50,"") | J50: =IF(AND('2.Identificacion_Riesgos'!$S$55=3,'2.Identificacion_Riesgos'!$U$55=1),'2.Identificacion_Riesgos'!$A$55,"") | K50: =IF(AND('2.Identificacion_Riesgos'!$S$35=3,'2.Identificacion_Riesgos'!$U$35=2),'2.Identificacion_Riesgos'!$A$35,"") | L50: =IF(AND('2.Identificacion_Riesgos'!$S$40=3,'2.Identificacion_Riesgos'!$U$40=2),'2.Identificacion_Riesgos'!$A$40,"") | M50: =IF(AND('2.Identificacion_Riesgos'!$S$45=3,'2.Identificacion_Riesgos'!$U$45=2),'2.Identificacion_Riesgos'!$A$45,"") | N50: =IF(AND('2.Identificacion_Riesgos'!$S$50=3,'2.Identificacion_Riesgos'!$U$50=2),'2.Identificacion_Riesgos'!$A$50,"") | O50: =IF(AND('2.Identificacion_Riesgos'!$S$55=3,'2.Identificacion_Riesgos'!$U$55=2),'2.Identificacion_Riesgos'!$A$55,"") | P50: =IF(AND('2.Identificacion_Riesgos'!$S$35=3,'2.Identificacion_Riesgos'!$U$35=3),'2.Identificacion_Riesgos'!$A$35,"") | Q50: =IF(AND('2.Identificacion_Riesgos'!$S$40=3,'2.Identificacion_Riesgos'!$U$40=3),'2.Identificacion_Riesgos'!$A$40,"") | R50: =IF(AND('2.Identificacion_Riesgos'!$S$45=3,'2.Identificacion_Riesgos'!$U$45=3),'2.Identificacion_Riesgos'!$A$45,"") | S50: =IF(AND('2.Identificacion_Riesgos'!$S$50=3,'2.Identificacion_Riesgos'!$U$50=3),'2.Identificacion_Riesgos'!$A$50,"") | T50: =IF(AND('2.Identificacion_Riesgos'!$S$55=3,'2.Identificacion_Riesgos'!$U$55=3),'2.Identificacion_Riesgos'!$A$55,"") | U50: =IF(AND('2.Identificacion_Riesgos'!$S$35=3,'2.Identificacion_Riesgos'!$U$35=4),'2.Identificacion_Riesgos'!$A$35,"") | V50: =IF(AND('2.Identificacion_Riesgos'!$S$40=3,'2.Identificacion_Riesgos'!$U$40=4),'2.Identificacion_Riesgos'!$A$40,"") | W50: =IF(AND('2.Identificacion_Riesgos'!$S$45=3,'2.Identificacion_Riesgos'!$U$45=4),'2.Identificacion_Riesgos'!$A$45,"") | X50: =IF(AND('2.Identificacion_Riesgos'!$S$50=3,'2.Identificacion_Riesgos'!$U$50=4),'2.Identificacion_Riesgos'!$A$50,"") | Y50: =IF(AND('2.Identificacion_Riesgos'!$S$55=3,'2.Identificacion_Riesgos'!$U$55=4),'2.Identificacion_Riesgos'!$A$55,"") | Z50: =IF(AND('2.Identificacion_Riesgos'!$S$35=3,'2.Identificacion_Riesgos'!$U$35=5),'2.Identificacion_Riesgos'!$A$35,"") | AA50: =IF(AND('2.Identificacion_Riesgos'!$S$40=3,'2.Identificacion_Riesgos'!$U$40=5),'2.Identificacion_Riesgos'!$A$40,"") | AB50: =IF(AND('2.Identificacion_Riesgos'!$S$45=3,'2.Identificacion_Riesgos'!$U$45=5),'2.Identificacion_Riesgos'!$A$45,"") | AC50: =IF(AND('2.Identificacion_Riesgos'!$S$50=3,'2.Identificacion_Riesgos'!$U$50=5),'2.Identificacion_Riesgos'!$A$50,"") | AD50: =IF(AND('2.Identificacion_Riesgos'!$S$55=3,'2.Identificacion_Riesgos'!$U$55=5),'2.Identificacion_Riesgos'!$A$55,"")
F51: 0.12 | K51: 0.28 | P51: 0.52 | U51: 0.76 | Z51: 0.92
F52: =IF(AND('2.Identificacion_Riesgos'!$S$10=4,'2.Identificacion_Riesgos'!$U$10=1),'2.Identificacion_Riesgos'!$A$10,"") | G52: =IF(AND('2.Identificacion_Riesgos'!$S$15=4,'2.Identificacion_Riesgos'!$U$15=1),'2.Identificacion_Riesgos'!$A$15,"") | H52: =IF(AND('2.Identificacion_Riesgos'!$S$20=4,'2.Identificacion_Riesgos'!$U$20=1),'2.Identificacion_Riesgos'!$A$20,"") | I52: =IF(AND('2.Identificacion_Riesgos'!$S$25=4,'2.Identificacion_Riesgos'!$U$25=1),'2.Identificacion_Riesgos'!$A$25,"") | J52: =IF(AND('2.Identificacion_Riesgos'!$S$30=4,'2.Identificacion_Riesgos'!$U$30=1),'2.Identificacion_Riesgos'!$A$30,"") | K52: =IF(AND('2.Identificacion_Riesgos'!$S$10=4,'2.Identificacion_Riesgos'!$U$10=2),'2.Identificacion_Riesgos'!$A$10,"") | L52: =IF(AND('2.Identificacion_Riesgos'!$S$15=4,'2.Identificacion_Riesgos'!$U$15=2),'2.Identificacion_Riesgos'!$A$15,"") | M52: =IF(AND('2.Identificacion_Riesgos'!$S$20=4,'2.Identificacion_Riesgos'!$U$20=2),'2.Identificacion_Riesgos'!$A$20,"") | N52: =IF(AND('2.Identificacion_Riesgos'!$S$25=4,'2.Identificacion_Riesgos'!$U$25=2),'2.Identificacion_Riesgos'!$A$25,"") | O52: =IF(AND('2.Identificacion_Riesgos'!$S$30=4,'2.Identificacion_Riesgos'!$U$30=2),'2.Identificacion_Riesgos'!$A$30,"") | P52: =IF(AND('2.Identificacion_Riesgos'!$S$10=4,'2.Identificacion_Riesgos'!$U$10=3),'2.Identificacion_Riesgos'!$A$10,"") | Q52: =IF(AND('2.Identificacion_Riesgos'!$S$15=4,'2.Identificacion_Riesgos'!$U$15=3),'2.Identificacion_Riesgos'!$A$15,"") | R52: =IF(AND('2.Identificacion_Riesgos'!$S$20=4,'2.Identificacion_Riesgos'!$U$20=3),'2.Identificacion_Riesgos'!$A$20,"") | S52: =IF(AND('2.Identificacion_Riesgos'!$S$25=4,'2.Identificacion_Riesgos'!$U$25=3),'2.Identificacion_Riesgos'!$A$25,"") | T52: =IF(AND('2.Identificacion_Riesgos'!$S$30=4,'2.Identificacion_Riesgos'!$U$30=3),'2.Identificacion_Riesgos'!$A$30,"") | U52: =IF(AND('2.Identificacion_Riesgos'!$S$10=4,'2.Identificacion_Riesgos'!$U$10=4),'2.Identificacion_Riesgos'!$A$10,"") | V52: =IF(AND('2.Identificacion_Riesgos'!$S$15=4,'2.Identificacion_Riesgos'!$U$15=4),'2.Identificacion_Riesgos'!$A$15,"") | W52: =IF(AND('2.Identificacion_Riesgos'!$S$20=4,'2.Identificacion_Riesgos'!$U$20=4),'2.Identificacion_Riesgos'!$A$20,"") | X52: =IF(AND('2.Identificacion_Riesgos'!$S$25=4,'2.Identificacion_Riesgos'!$U$25=4),'2.Identificacion_Riesgos'!$A$25,"") | Y52: =IF(AND('2.Identificacion_Riesgos'!$S$30=4,'2.Identificacion_Riesgos'!$U$30=4),'2.Identificacion_Riesgos'!$A$30,"") | Z52: =IF(AND('2.Identificacion_Riesgos'!$S$10=4,'2.Identificacion_Riesgos'!$U$10=5),'2.Identificacion_Riesgos'!$A$10,"") | AA52: =IF(AND('2.Identificacion_Riesgos'!$S$15=4,'2.Identificacion_Riesgos'!$U$15=5),'2.Identificacion_Riesgos'!$A$15,"") | AB52: =IF(AND('2.Identificacion_Riesgos'!$S$20=4,'2.Identificacion_Riesgos'!$U$20=5),'2.Identificacion_Riesgos'!$A$20,"") | AC52: =IF(AND('2.Identificacion_Riesgos'!$S$25=4,'2.Identificacion_Riesgos'!$U$25=5),'2.Identificacion_Riesgos'!$A$25,"") | AD52: =IF(AND('2.Identificacion_Riesgos'!$S$30=4,'2.Identificacion_Riesgos'!$U$30=5),'2.Identificacion_Riesgos'!$A$30,"")
C53: PROBABLE | F53: =IF(AND('2.Identificacion_Riesgos'!$S$35=4,'2.Identificacion_Riesgos'!$U$35=1),'2.Identificacion_Riesgos'!$A$35,"") | G53: =IF(AND('2.Identificacion_Riesgos'!$S$40=4,'2.Identificacion_Riesgos'!$U$40=1),'2.Identificacion_Riesgos'!$A$40,"") | H53: =IF(AND('2.Identificacion_Riesgos'!$S$45=4,'2.Identificacion_Riesgos'!$U$45=1),'2.Identificacion_Riesgos'!$A$45,"") | I53: =IF(AND('2.Identificacion_Riesgos'!$S$50=4,'2.Identificacion_Riesgos'!$U$50=1),'2.Identificacion_Riesgos'!$A$50,"") | J53: =IF(AND('2.Identificacion_Riesgos'!$S$55=4,'2.Identificacion_Riesgos'!$U$55=1),'2.Identificacion_Riesgos'!$A$55,"") | K53: =IF(AND('2.Identificacion_Riesgos'!$S$35=4,'2.Identificacion_Riesgos'!$U$35=2),'2.Identificacion_Riesgos'!$A$35,"") | L53: =IF(AND('2.Identificacion_Riesgos'!$S$40=4,'2.Identificacion_Riesgos'!$U$40=2),'2.Identificacion_Riesgos'!$A$40,"") | M53: =IF(AND('2.Identificacion_Riesgos'!$S$45=4,'2.Identificacion_Riesgos'!$U$45=2),'2.Identificacion_Riesgos'!$A$45,"") | N53: =IF(AND('2.Identificacion_Riesgos'!$S$50=4,'2.Identificacion_Riesgos'!$U$50=2),'2.Identificacion_Riesgos'!$A$50,"") | O53: =IF(AND('2.Identificacion_Riesgos'!$S$55=4,'2.Identificacion_Riesgos'!$U$55=2),'2.Identificacion_Riesgos'!$A$55,"") | P53: =IF(AND('2.Identificacion_Riesgos'!$S$35=4,'2.Identificacion_Riesgos'!$U$35=3),'2.Identificacion_Riesgos'!$A$35,"") | Q53: =IF(AND('2.Identificacion_Riesgos'!$S$40=4,'2.Identificacion_Riesgos'!$U$40=3),'2.Identificacion_Riesgos'!$A$40,"") | R53: =IF(AND('2.Identificacion_Riesgos'!$S$45=4,'2.Identificacion_Riesgos'!$U$45=3),'2.Identificacion_Riesgos'!$A$45,"") | S53: =IF(AND('2.Identificacion_Riesgos'!$S$50=4,'2.Identificacion_Riesgos'!$U$50=3),'2.Identificacion_Riesgos'!$A$50,"") | T53: =IF(AND('2.Identificacion_Riesgos'!$S$55=4,'2.Identificacion_Riesgos'!$U$55=3),'2.Identificacion_Riesgos'!$A$55,"") | U53: =IF(AND('2.Identificacion_Riesgos'!$S$35=4,'2.Identificacion_Riesgos'!$U$35=4),'2.Identificacion_Riesgos'!$A$35,"") | V53: =IF(AND('2.Identificacion_Riesgos'!$S$40=4,'2.Identificacion_Riesgos'!$U$40=4),'2.Identificacion_Riesgos'!$A$40,"") | W53: =IF(AND('2.Identificacion_Riesgos'!$S$45=4,'2.Identificacion_Riesgos'!$U$45=4),'2.Identificacion_Riesgos'!$A$45,"") | X53: =IF(AND('2.Identificacion_Riesgos'!$S$50=4,'2.Identificacion_Riesgos'!$U$50=4),'2.Identificacion_Riesgos'!$A$50,"") | Y53: =IF(AND('2.Identificacion_Riesgos'!$S$55=4,'2.Identificacion_Riesgos'!$U$55=4),'2.Identificacion_Riesgos'!$A$55,"") | Z53: =IF(AND('2.Identificacion_Riesgos'!$S$35=4,'2.Identificacion_Riesgos'!$U$35=5),'2.Identificacion_Riesgos'!$A$35,"") | AA53: =IF(AND('2.Identificacion_Riesgos'!$S$40=4,'2.Identificacion_Riesgos'!$U$40=5),'2.Identificacion_Riesgos'!$A$40,"") | AB53: =IF(AND('2.Identificacion_Riesgos'!$S$45=4,'2.Identificacion_Riesgos'!$U$45=5),'2.Identificacion_Riesgos'!$A$45,"") | AC53: =IF(AND('2.Identificacion_Riesgos'!$S$50=4,'2.Identificacion_Riesgos'!$U$50=5),'2.Identificacion_Riesgos'!$A$50,"") | AD53: =IF(AND('2.Identificacion_Riesgos'!$S$55=4,'2.Identificacion_Riesgos'!$U$55=5),'2.Identificacion_Riesgos'!$A$55,"")
F54: 0.24 | K54: 0.44 | P54: 0.56 | U54: 0.8 | Z54: 0.96
F55: =IF(AND('2.Identificacion_Riesgos'!$S$10=5,'2.Identificacion_Riesgos'!$U$10=1),'2.Identificacion_Riesgos'!$A$10,"") | G55: =IF(AND('2.Identificacion_Riesgos'!$S$15=5,'2.Identificacion_Riesgos'!$U$15=1),'2.Identificacion_Riesgos'!$A$15,"") | H55: =IF(AND('2.Identificacion_Riesgos'!$S$20=5,'2.Identificacion_Riesgos'!$U$20=1),'2.Identificacion_Riesgos'!$A$20,"") | I55: =IF(AND('2.Identificacion_Riesgos'!$S$25=5,'2.Identificacion_Riesgos'!$U$25=1),'2.Identificacion_Riesgos'!$A$25,"") | J55: =IF(AND('2.Identificacion_Riesgos'!$S$30=5,'2.Identificacion_Riesgos'!$U$30=1),'2.Identificacion_Riesgos'!$A$30,"") | K55: =IF(AND('2.Identificacion_Riesgos'!$S$10=5,'2.Identificacion_Riesgos'!$U$10=2),'2.Identificacion_Riesgos'!$A$10,"") | L55: =IF(AND('2.Identificacion_Riesgos'!$S$15=5,'2.Identificacion_Riesgos'!$U$15=2),'2.Identificacion_Riesgos'!$A$15,"") | M55: =IF(AND('2.Identificacion_Riesgos'!$S$20=5,'2.Identificacion_Riesgos'!$U$20=2),'2.Identificacion_Riesgos'!$A$20,"") | N55: =IF(AND('2.Identificacion_Riesgos'!$S$25=5,'2.Identificacion_Riesgos'!$U$25=2),'2.Identificacion_Riesgos'!$A$25,"") | O55: =IF(AND('2.Identificacion_Riesgos'!$S$30=5,'2.Identificacion_Riesgos'!$U$30=2),'2.Identificacion_Riesgos'!$A$30,"") | P55: =IF(AND('2.Identificacion_Riesgos'!$S$10=5,'2.Identificacion_Riesgos'!$U$10=3),'2.Identificacion_Riesgos'!$A$10,"") | Q55: =IF(AND('2.Identificacion_Riesgos'!$S$15=5,'2.Identificacion_Riesgos'!$U$15=3),'2.Identificacion_Riesgos'!$A$15,"") | R55: =IF(AND('2.Identificacion_Riesgos'!$S$20=5,'2.Identificacion_Riesgos'!$U$20=3),'2.Identificacion_Riesgos'!$A$20,"") | S55: =IF(AND('2.Identificacion_Riesgos'!$S$25=5,'2.Identificacion_Riesgos'!$U$25=3),'2.Identificacion_Riesgos'!$A$25,"") | T55: =IF(AND('2.Identificacion_Riesgos'!$S$30=5,'2.Identificacion_Riesgos'!$U$30=3),'2.Identificacion_Riesgos'!$A$30,"") | U55: =IF(AND('2.Identificacion_Riesgos'!$S$10=5,'2.Identificacion_Riesgos'!$U$10=4),'2.Identificacion_Riesgos'!$A$10,"") | V55: =IF(AND('2.Identificacion_Riesgos'!$S$15=5,'2.Identificacion_Riesgos'!$U$15=4),'2.Identificacion_Riesgos'!$A$15,"") | W55: =IF(AND('2.Identificacion_Riesgos'!$S$20=5,'2.Identificacion_Riesgos'!$U$20=4),'2.Identificacion_Riesgos'!$A$20,"") | X55: =IF(AND('2.Identificacion_Riesgos'!$S$25=5,'2.Identificacion_Riesgos'!$U$25=4),'2.Identificacion_Riesgos'!$A$25,"") | Y55: =IF(AND('2.Identificacion_Riesgos'!$S$30=5,'2.Identificacion_Riesgos'!$U$30=4),'2.Identificacion_Riesgos'!$A$30,"") | Z55: =IF(AND('2.Identificacion_Riesgos'!$S$10=5,'2.Identificacion_Riesgos'!$U$10=5),'2.Identificacion_Riesgos'!$A$10,"") | AA55: =IF(AND('2.Identificacion_Riesgos'!$S$15=5,'2.Identificacion_Riesgos'!$U$15=5),'2.Identificacion_Riesgos'!$A$15,"") | AB55: =IF(AND('2.Identificacion_Riesgos'!$S$20=5,'2.Identificacion_Riesgos'!$U$20=5),'2.Identificacion_Riesgos'!$A$20,"") | AC55: =IF(AND('2.Identificacion_Riesgos'!$S$25=5,'2.Identificacion_Riesgos'!$U$25=5),'2.Identificacion_Riesgos'!$A$25,"") | AD55: =IF(AND('2.Identificacion_Riesgos'!$S$30=5,'2.Identificacion_Riesgos'!$U$30=5),'2.Identificacion_Riesgos'!$A$30,"")
C56: CASI SEGURO | F56: =IF(AND('2.Identificacion_Riesgos'!$S$35=5,'2.Identificacion_Riesgos'!$U$35=1),'2.Identificacion_Riesgos'!$A$35,"") | G56: =IF(AND('2.Identificacion_Riesgos'!$S$40=5,'2.Identificacion_Riesgos'!$U$40=1),'2.Identificacion_Riesgos'!$A$40,"") | H56: =IF(AND('2.Identificacion_Riesgos'!$S$45=5,'2.Identificacion_Riesgos'!$U$45=1),'2.Identificacion_Riesgos'!$A$45,"") | I56: =IF(AND('2.Identificacion_Riesgos'!$S$50=5,'2.Identificacion_Riesgos'!$U$50=1),'2.Identificacion_Riesgos'!$A$50,"") | J56: =IF(AND('2.Identificacion_Riesgos'!$S$55=5,'2.Identificacion_Riesgos'!$U$55=1),'2.Identificacion_Riesgos'!$A$55,"") | K56: =IF(AND('2.Identificacion_Riesgos'!$S$35=5,'2.Identificacion_Riesgos'!$U$35=2),'2.Identificacion_Riesgos'!$A$35,"") | L56: =IF(AND('2.Identificacion_Riesgos'!$S$40=5,'2.Identificacion_Riesgos'!$U$40=2),'2.Identificacion_Riesgos'!$A$40,"") | M56: =IF(AND('2.Identificacion_Riesgos'!$S$45=5,'2.Identificacion_Riesgos'!$U$45=2),'2.Identificacion_Riesgos'!$A$45,"") | N56: =IF(AND('2.Identificacion_Riesgos'!$S$50=5,'2.Identificacion_Riesgos'!$U$50=2),'2.Identificacion_Riesgos'!$A$50,"") | O56: =IF(AND('2.Identificacion_Riesgos'!$S$55=5,'2.Identificacion_Riesgos'!$U$55=2),'2.Identificacion_Riesgos'!$A$55,"") | P56: =IF(AND('2.Identificacion_Riesgos'!$S$35=5,'2.Identificacion_Riesgos'!$U$35=3),'2.Identificacion_Riesgos'!$A$35,"") | Q56: =IF(AND('2.Identificacion_Riesgos'!$S$40=5,'2.Identificacion_Riesgos'!$U$40=3),'2.Identificacion_Riesgos'!$A$40,"") | R56: =IF(AND('2.Identificacion_Riesgos'!$S$45=5,'2.Identificacion_Riesgos'!$U$45=3),'2.Identificacion_Riesgos'!$A$45,"") | S56: =IF(AND('2.Identificacion_Riesgos'!$S$50=5,'2.Identificacion_Riesgos'!$U$50=3),'2.Identificacion_Riesgos'!$A$50,"") | T56: =IF(AND('2.Identificacion_Riesgos'!$S$55=5,'2.Identificacion_Riesgos'!$U$55=3),'2.Identificacion_Riesgos'!$A$55,"") | U56: =IF(AND('2.Identificacion_Riesgos'!$S$35=5,'2.Identificacion_Riesgos'!$U$35=4),'2.Identificacion_Riesgos'!$A$35,"") | V56: =IF(AND('2.Identificacion_Riesgos'!$S$40=5,'2.Identificacion_Riesgos'!$U$40=4),'2.Identificacion_Riesgos'!$A$40,"") | W56: =IF(AND('2.Identificacion_Riesgos'!$S$45=5,'2.Identificacion_Riesgos'!$U$45=4),'2.Identificacion_Riesgos'!$A$45,"") | X56: =IF(AND('2.Identificacion_Riesgos'!$S$50=5,'2.Identificacion_Riesgos'!$U$50=4),'2.Identificacion_Riesgos'!$A$50,"") | Y56: =IF(AND('2.Identificacion_Riesgos'!$S$55=5,'2.Identificacion_Riesgos'!$U$55=4),'2.Identificacion_Riesgos'!$A$55,"") | Z56: =IF(AND('2.Identificacion_Riesgos'!$S$35=5,'2.Identificacion_Riesgos'!$U$35=5),'2.Identificacion_Riesgos'!$A$35,"") | AA56: =IF(AND('2.Identificacion_Riesgos'!$S$40=5,'2.Identificacion_Riesgos'!$U$40=5),'2.Identificacion_Riesgos'!$A$40,"") | AB56: =IF(AND('2.Identificacion_Riesgos'!$S$45=5,'2.Identificacion_Riesgos'!$U$45=5),'2.Identificacion_Riesgos'!$A$45,"") | AC56: =IF(AND('2.Identificacion_Riesgos'!$S$50=5,'2.Identificacion_Riesgos'!$U$50=5),'2.Identificacion_Riesgos'!$A$50,"") | AD56: =IF(AND('2.Identificacion_Riesgos'!$S$55=5,'2.Identificacion_Riesgos'!$U$55=5),'2.Identificacion_Riesgos'!$A$55,"")
F57: 0.4 | K57: 0.48 | P57: 0.72 | U57: 0.84 | Z57: 1

Sheet 5.Plan Manejo
D1: MAPA DE RIESGOS | O1: Página 4 de 6
O5: Código: FR-01-PR-MEJ-05 Versión: 2 Fecha: 14/11/2019
A10: PLAN DE MANEJO | M10: MONITOREO Y SEGUIMIENTOS (Herramienta Drive)
A11: ID_RIESGO | B11: RIESGO | C11: CAUSAS | D11: CONTROL | E11: ZONA RIESGO RESIDUAL | F11: ACCION | G11: TAREAS | H11: % | I11: EJECUCION TAREAS | K11: MEDIO DE VERIFICACION | L11: RESPONSABLE SEGUIMIENTO | M11: MATERIALIZACIÓN RIESGO | P11: PLAN MANEJO
I12: FECHA INICIO | J12: FECHA FINALIZACION | M12: SE PRESENTO EL EVENTO | N12: AVISO ALERTA | O12: DESCRIPCION EVENTO | P12: % AVANCE | Q12: DESCRIPCION DEL AVANCE
A13: R1 | B13: ='2.Identificacion_Riesgos'!E10 -> Afectación en el cumplimiento de los objetivos de los procesos de la entidad por la interrupción en la prestación del servicio de la infraestructura tecnológica. | C13: ='2.Identificacion_Riesgos'!G10 -> 1. Interrupción de los servicios de la energía eléctrica regulada al interior de la entidad o fallas imprevistas de los equipos | D13: ='3.Controles'!G9 -> Mantenimiento preventivo y correctivo de UPS vigente. Responsable: GIS - Recursos Fisicos Cómo se hace el control: Un proveedor especializado realiza el mantenimiento preventivo. Cuándo se hace: Trimestral. Cómo se evidencia: Acta de resultado. Si no se hace qué ocurre: Puede aumentar la probabilidad de ocurrencia del riesgo. | E13: ='2.Identificacion_Riesgos'!V10 -> MODERADO 28% | F13: Gestionar solicitud de contratación de mantenimiento de equipos UPS, firma de contrato. Seguimiento a las actividades del plan de mantenimiento. | G13: Definición estudios previos proceso de contratación vigencia 2021 | H13: 0.5 | I13: 44230 | J13: 44270 | K13: SECOP II | L13: Profesional Especializado GIS | N13: =IF(M13="SI","1. Describa el evento presentado 2. Genere una acción correctiva en isolucion 3. Realice nuevamente el proceso de analisis de riesgo"," ")
G14: Seguimiento de contrato 1 trimestre 2021 | H14: 0.125 | I14: 44230 | J14: 44291 | K14: Informe de supervisión y seguimiento
G15: Seguimiento de contrato 2 trimestre 2021 | H15: 0.125 | I15: 44287 | J15: 44382 | K15: Informe de supervisión y seguimiento
G16: Seguimiento de contrato 3 trimestre 2021 | H16: 0.125 | I16: 44378 | J16: 44474 | K16: Informe de supervisión y seguimiento
G17: Seguimiento de contrato 4 trimestre 2021 | H17: 0.125 | I17: 44470 | J17: 44530 | K17: Informe de supervisión y seguimiento
C18: ='2.Identificacion_Riesgos'!G11 -> 2. Incumplimiento de la prestación del servicio de los proveedores externos. | D18: ='3.Controles'!G10 -> Contratos con terceros con Acuerdos de Nivel de Servicio ANS Responsable: GIS Cómo se hace el control: Proveedores especializados que proporcionan servicios de TI. Cuándo se hace: Reporte mensual y seguimiento semestral. Cómo se evidencia: Certificado de Supervision y cumplimiento. Si no se hace qué ocurre: Puede aumentar la probabilidad de ocurrencia del riesgo. | F18: Definición de ANS (Acuerdo de Nivel de Servicio) de disponibilidad del servicio con el proveedor de internet | G18: Definición de ANS con el proveedor de internet para contratación de futuras vigencias | H18: 0.5 | I18: 44230 | J18: 44270 | K18: Propuesta de ANS
G19: Seguimiento de ANS I semestre | H19: 0.25 | I19: 44270 | J19: 44392 | K19: Informe de seguimiento ANS
G20: Seguimiento de ANS II semestre | H20: 0.25 | I20: 44393 | J20: 44545 | K20: Informe de seguimiento ANS
C22: ='2.Identificacion_Riesgos'!G12 -> 3. Desastres naturales o acciones deliberadas y no deliberadas por el factor humano. | D22: ='3.Controles'!G11 -> Definición de los controles de acceso fisico a las areas de data center y cableado estructurado, asi como tambien revisión de factores ambientales y estructurales de las areas en mención Responsable: GIS - Recursos Fisicos Cómo se hace el control: Cumplir con las mejores practicas de diseño del Data center y centros de cableado, asi como tambien con las condiciones de seguridad en el acceso fisico. Cuándo se hace: Semestral Cómo se evidencia: Inspecciones fisicas a las areas seguras, documentada en acta. Si no se hace qué ocurre: Puede aumentar la probabilidad de ocurrencia del riesgo. | F22: Planeación e Implementación de los controles de seguridad fisicos del data center principal y centro de cableado | G22: Diagnóstico de controles de seguridad fisicos de acuerdo a la norma ISO 27001:2013 del data center principal. | H22: 0.5 | I22: 44230 | J22: 44362 | K22: Informe de revisión de controles fisicos
G23: Definición e implementación de controles de seguridad fisicos | H23: 0.5 | I23: 44363 | J23: 44530 | K23: Acta de revisión de controles implementados
C25: ='2.Identificacion_Riesgos'!G13 -> 0 | D25: ='3.Controles'!G12 -> 0
C29: ='2.Identificacion_Riesgos'!G14 -> 0 | D29: ='3.Controles'!G13 -> 0
A33: R2 | B33: ='2.Identificacion_Riesgos'!E15 -> Incumplimiento en los requerimientos solicitados por la Secretaría en la definición, diseño, construcción y entrega de soluciones TIC | C33: ='2.Identificacion_Riesgos'!G15 -> 1. Falta de adopción de formatos y registros para la definición de los requerimientos detallados por parte de la areas funcionales en la solicitudes de servicios TIC. | D33: ='3.Controles'!G16 -> Mejora continua del procedimiento de gestión de sistemas de información Responsable: GIS Cómo se hace el control: 1. Revisión del procedimiento existente y definición de mejoras al mismo. 2. Revisión y seguimiento al cumplimiento del procedimiento Cuándo se hace: 1. Anual / 2. Semestral Cómo se evidencia: Publicación y divulgación del procedimiento en el sitema de gestión de calidad. Si no se hace qué ocurre: Puede aumentar la probabilidad de ocurrencia del riesgo. | E33: ='2.Identificacion_Riesgos'!V15 -> MODERADO 32% | F33: Revisión y actualización procedimiento. Seguimiento cumplimiento procedimiento | G33: Revisión y actualización procedimiento | H33: 0.5 | I33: 44230 | J33: 44362 | K33: Procedimiento revisado y actualizado | L33: Profesional Especializado GIS | N33: =IF(M33="SI","1. Describa el evento presentado 2. Genere una acción correctiva en isolucion 3. Realice nuevamente el proceso de analisis de riesgo"," ")
G34: Seguimiento del cumplimiento del procedimiento de gestión de sistemas de información I semestre | H34: 0.25 | I34: 44230 | J34: 44387 | K34: Informe de revisión y seguimiento al procedimiento
G35: Seguimiento del cumplimiento del procedimiento de gestión de sistemas de información II semestre | H35: 0.25 | I35: 44378 | J35: 44530 | K35: Informe de revisión y seguimiento al procedimiento
C38: ='2.Identificacion_Riesgos'!G16 -> 0 | D38: ='3.Controles'!G17 -> 0
C43: ='2.Identificacion_Riesgos'!G17 -> 0 | D43: ='3.Controles'!G18 -> 0
C47: ='2.Identificacion_Riesgos'!G18 -> 0 | D47: ='3.Controles'!G19 -> 0
C51: ='2.Identificacion_Riesgos'!G19 -> 0 | D51: ='3.Controles'!G20 -> 0
A55: R3 | B55: ='2.Identificacion_Riesgos'!E20 -> Perdida de la confidencialidad, integridad y disponibilidad de los activos de información de la entidad | C55: ='2.Identificacion_Riesgos'!G20 -> 1. Falta de apropiación de la cultura de seguridad de la información y de las politicas por parte de funcionarios y contratistas de la entidad | D55: ='3.Controles'!G23 -> Implementación del programa de cultura de seguridad y privacidad de la información Responsable: GIS Cómo se hace el control: Realización de las jornadas de sensibilización en seguridad de la información. Cuándo se hace: Semestral Cómo se evidencia: charlas de sensibilización, tips de seguridad, encuestas de percepción. Si no se hace qué ocurre: Puede aumentar la probabilidad de ocurrencia del riesgo. | E55: ='2.Identificacion_Riesgos'!V20 -> BAJO 16% | F55: Programación y realización de sensibilización y capacitación a funcionarios de la SCRD en Seguridad de la Información | G55: Definición del plan de cultura en seguridad y privacidad de la información de la entidad para la vigencia del 2021 | H55: 0.5 | I55: 44230 | J55: 44256 | K55: Plan de cultura de seguridad y privacidad de la información | L55: Profesional Especializado GIS | N55: =IF(M55="SI","1. Describa el evento presentado 2. Genere una acción correctiva en isolucion 3. Realice nuevamente el proceso de analisis de riesgo"," ")
G56: Seguimiento a la ejecución del plan, mediante el indicador de personas del SGSPI durante el I semestre del 2021 | H56: 0.25 | I56: 44256 | J56: 44382 | K56: Indicador de personas I semestre
G57: Seguimiento a la ejecución del plan, mediante el indicador de personas del SGSPI durante el II semestre del 2021 | H57: 0.25 | I57: 44378 | J57: 44530 | K57: Indicador de personas II semestre
C59: ='2.Identificacion_Riesgos'!G21 -> 2. Gestión inadecuada de los activos de información. | D59: ='3.Controles'!G24 -> Implementación de la Politica de buen uso de los activos de información Responsable: GIS Cómo se hace el control: implementación de la politica de buen uso de los activos de información. Cuándo se hace: Anual Cómo se evidencia: con indices bajos de materialización de incidentes de seguridad por perdida de confidencialidad, integridad y disponibilidad de los activos de información. Si no se hace qué ocurre: Puede aumentar la probabilidad de ocurrencia del riesgo. | F59: Implementación de la politica de buen uso de los activos de información | G59: Socialización y divulgación de la politica de buen uso de los activos de información de la entidad | H59: 0.5 | I59: 44230 | J59: 44377 | K59: Plan de cultura de seguridad y privacidad de la información
G60: Diseño y aplicación de la encuesta de autoevaluación del cumplimiento de la politica de buen uso de los activos de información. | H60: 0.5 | I60: 44378 | J60: 44560 | K60: Informe de la autoevaluación del cumplimiento de la politica de buen uso de los activos de información.
C63: ='2.Identificacion_Riesgos'!G22 -> 3. Falta de mecanismos para evitar el borrado, ocultamiento y desaparición de información de los sistemas de información oficiales de la Entidad. | D63: ='3.Controles'!G25 -> Realización, verificación y restauración de las Copias de Seguridad de los servidores TIC Responsable: GIS Cómo se hace el control: Realización, verificación de copias de seguridad de los servidores TIC Cuándo se hace: Diario Cómo se evidencia: Seguimiento del cumplimiento del instructivo de copias de seguridad. Si no se hace qué ocurre: Puede aumentar la probabilidad de ocurrencia del riesgo. | F63: Realización, verificación y restauración de las Copias de Seguridad de los servidores TIC (Aplicaciones, Almacenamiento) de acuerdo con lo establecido en el Instructivo de copias de seguridad. | G63: Reporte Trimestral 1 | H63: 0.25 | I63: 44230 | J63: 44286 | K63: 1. Informe de revisión. 2. Informe de verificación y restauración de las copias de seguridad.
G64: Reporte Trimestral 2 | H64: 0.25 | I64: 44287 | J64: 44377 | K64: 1. Informe de revisión. 2. Informe de verificación y restauración de las copias de seguridad.
G65: Reporte Trimestral 3 | H65: 0.25 | I65: 44378 | J65: 44469 | K65: 1. Informe de revisión. 2. Informe de verificación y restauración de las copias de seguridad.
G66: Reporte Trimestral 4 | H66: 0.25 | I66: 44470 | J66: 44530 | K66: 1. Informe de revisión. 2. Informe de verificación y restauración de las copias de seguridad.
C67: ='2.Identificacion_Riesgos'!G23 -> 0 | D67: ='3.Controles'!G26 -> 0
C71: ='2.Identificacion_Riesgos'!G24 -> 0 | D71: ='3.Controles'!G27 -> 0
A75: R4 | B75: ='2.Identificacion_Riesgos'!E25 -> Insatisfacción de usuarios de servicios tecnologicos por la no atención oportuna de requerimientos | C75: ='2.Identificacion_Riesgos'!G25 -> 1. Falta de apropiación del procedimiento de soporte tecnico y manual de la herramienta de la mesa de servicios | D75: ='3.Controles'!G30 -> Ejecución del procedimiento de Soporte Técnico Responsable: GIS Cómo se hace el control: Ejecución de procedimiento de soporte técnico. Cuándo se hace: Diario Cómo se evidencia: Resultado de Indicadores IND-TIC-03 Oportunidad en la atención de requerimientos IND-TIC-02 Eficacia en la solución de requerimientos IND-TIC-04 Nivel de satisfacción del usuario con el servicio de gestión de Tic Si no se hace qué ocurre: Puede aumentar la probabilidad de ocurrencia del riesgo. | E75: ='2.Identificacion_Riesgos'!V25 -> MODERADO 32% | F75: Atención y solución de tickets registrados en la mesa de servicios de acuerdo a lo establecido el el procedimiento de Soporte Técnico. | G75: Reporte Trimestral 1 | H75: 0.25 | I75: 44230 | J75: 44286 | K75: 1. Resultado del indicadores | L75: Profesional Especializado GIS | N75: =IF(M75="SI","1. Describa el evento presentado 2. Genere una acción correctiva en isolucion 3. Realice nuevamente el proceso de analisis de riesgo"," ")
G76: Reporte Trimestral 2 | H76: 0.25 | I76: 44287 | J76: 44377 | K76: 1. Resultado del indicadores
G77: Reporte Trimestral 3 | H77: 0.25 | I77: 44378 | J77: 44469 | K77: 1. Resultado del indicadores
G78: Reporte Trimestral 4 | H78: 0.25 | I78: 44470 | J78: 44165 | K78: 1. Resultado del indicadores
C79: ='2.Identificacion_Riesgos'!G29 -> 0 | D79: ='3.Controles'!G34 -> 0
C83: ='2.Identificacion_Riesgos'!G27 -> 0 | D83: ='3.Controles'!G32 -> 0
C87: ='2.Identificacion_Riesgos'!G28 -> 0 | D87: ='3.Controles'!G33 -> 0
C91: ='2.Identificacion_Riesgos'!G29 -> 0 | D91: ='3.Controles'!G34 -> 0
A95: R5 | B95: ='2.Identificacion_Riesgos'!E30 -> Perdida de confidencialidad, integridad y disponibilidad de los activos de información en beneficio propio o de terceros por accesos indebidos o no autorizados de las bases de datos gestionadas por el GIS | C95: ='2.Identificacion_Riesgos'!G30 -> 1. Falta de gestión en el control de accesos a las bases de datos. | D95: ='3.Controles'!G37 -> Revisión y depuración de usuarios en las bases de datos gestionadas por el GIS Responsable: GIS - DBA Cómo se hace el control: Se ejecuta tarea automatizada de inactivación de usuarios. Cuándo se hace: diario Cómo se evidencia: Ejecución diario del scrip que inactiva los usuarios de mas de 60 dias sin loguearse en la Base de Datos. Si no se hace qué ocurre: Puede aumentar la probabilidad de ocurrencia del riesgo. | E95: ='2.Identificacion_Riesgos'!V30 -> BAJO 20% | F95: Depuración de usuarios en las bases de datos gestionadas por GIS | G95: Reporte Bimensual | H95: 0.2 | I95: 44230 | J95: 44286 | K95: Informe de inactivación de usuarios. | L95: Profesional Especializado GIS | N95: =IF(M95="SI","1. Describa el evento presentado 2. Genere una acción correctiva en isolucion 3. Realice nuevamente el proceso de analisis de riesgo"," ")
G96: Reporte Bimensual | H96: 0.2 | I96: 44287 | J96: 44346 | K96: Informe de inactivación de usuarios.
G97: Reporte Bimensual | H97: 0.2 | I97: 44348 | J97: 44407 | K97: Informe de inactivación de usuarios.
G98: Reporte Bimensual | H98: 0.2 | I98: 44409 | J98: 31/09/2021 | K98: Informe de inactivación de usuarios.
G99: Reporte Bimensual | H99: 0.2 | I99: 44470 | J99: 44165 | K99: Informe de inactivación de usuarios.
C100: ='2.Identificacion_Riesgos'!G31 -> 2. Desconocimiento de politicas, lineamientos, procedimientos e instructivos de seguridad de la información y de la normativa nacional vigente. | D100: ='3.Controles'!G38 -> Revisión del cumplimiento del MSPI. Responsable: GIS - Oficial de Seguridad Cómo se hace el control: Autodiagnostico de cumplimiento del MSPI. Cuándo se hace: Semestral Cómo se evidencia: Seguimiento MSPI. Si no se hace qué ocurre: Puede aumentar la probabilidad de ocurrencia del riesgo. | F100: Revisión cumplimiento del MSPI (Modelo de Seguridad y privacidad de la Información). | G100: Reporte I Semestre | H100: 0.5 | I100: 44230 | J100: 44382 | K100: Informe ejecutivo de seguimiento de implementación del MSPI en la entidad
G101: Reporte II Semestre | H101: 0.5 | I101: 44378 | J101: 44530 | K101: Informe ejecutivo de seguimiento de implementación del MSPI en la entidad
C104: ='2.Identificacion_Riesgos'!G35 -> 0 | D104: ='3.Controles'!G42 -> 0
C108: ='2.Identificacion_Riesgos'!G33 -> 0 | D108: ='3.Controles'!G40 -> 0
C112: ='2.Identificacion_Riesgos'!G34 -> 0 | D112: ='3.Controles'!G41 -> 0
A116: R6 | B116: ='2.Identificacion_Riesgos'!E35 -> 0 | C116: ='2.Identificacion_Riesgos'!G35 -> 0 | D116: ='3.Controles'!F44 -> 0 | E116: ='2.Identificacion_Riesgos'!V35 -> 0 | N116: =IF(M116="SI","1. Describa el evento presentado 2. Genere una acción correctiva en isolucion 3. Realice nuevamente el proceso de analisis de riesgo"," ")
C120: ='2.Identificacion_Riesgos'!G36 -> 0 | D120: ='3.Controles'!F45 -> 0
C124: ='2.Identificacion_Riesgos'!G37 -> 0 | D124: ='3.Controles'!F46 -> 0
C128: ='2.Identificacion_Riesgos'!G38 -> 0 | D128: ='3.Controles'!F47 -> 0
C132: ='2.Identificacion_Riesgos'!G39 -> 0 | D132: ='3.Controles'!F48 -> 0
A136: R7 | B136: ='2.Identificacion_Riesgos'!E40 -> 0 | C136: ='2.Identificacion_Riesgos'!G40 -> 0 | D136: ='3.Controles'!F51 -> 0 | E136: ='2.Identificacion_Riesgos'!V40 -> 0 | N136: =IF(M136="SI","1. Describa el evento presentado 2. Genere una acción correctiva en isolucion 3. Realice nuevamente el proceso de analisis de riesgo"," ")
C140: ='2.Identificacion_Riesgos'!G41 -> 0 | D140: ='3.Controles'!F52 -> 0
C144: ='2.Identificacion_Riesgos'!G42 -> 0 | D144: ='3.Controles'!F53 -> 0
C148: ='2.Identificacion_Riesgos'!G43 -> 0 | D148: ='3.Controles'!F54 -> 0
C152: ='2.Identificacion_Riesgos'!G44 -> 0 | D152: ='3.Controles'!F55 -> 0
A156: R8 | B156: ='2.Identificacion_Riesgos'!E45 -> 0 | C156: ='2.Identificacion_Riesgos'!G45 -> 0 | D156: ='3.Controles'!F59 -> 0 | E156: ='2.Identificacion_Riesgos'!V45 -> 0 | N156: =IF(M156="SI","1. Describa el evento presentado 2. Genere una acción correctiva en isolucion 3. Realice nuevamente el proceso de analisis de riesgo"," ")
C160: ='2.Identificacion_Riesgos'!G46 -> 0 | D160: ='3.Controles'!F60 -> 0
C164: ='2.Identificacion_Riesgos'!G47 -> 0 | D164: ='3.Controles'!F61 -> 0
C168: ='2.Identificacion_Riesgos'!G48 -> 0 | D168: ='3.Controles'!F62 -> 0
C172: ='2.Identificacion_Riesgos'!G49 -> 0 | D172: ='3.Controles'!F63 -> 0
A176: R9 | B176: ='2.Identificacion_Riesgos'!E50 -> 0 | C176: ='2.Identificacion_Riesgos'!G50 -> 0 | D176: ='3.Controles'!F67 -> 0 | E176: ='2.Identificacion_Riesgos'!V50 -> 0 | N176: =IF(M176="SI","1. Describa el evento presentado 2. Genere una acción correctiva en isolucion 3. Realice nuevamente el proceso de analisis de riesgo"," ")
C180: ='2.Identificacion_Riesgos'!G51 -> 0 | D180: ='3.Controles'!F68 -> 0
C184: ='2.Identificacion_Riesgos'!G52 -> 0 | D184: ='3.Controles'!F69 -> 0
C188: ='2.Identificacion_Riesgos'!G53 -> 0 | D188: ='3.Controles'!F70 -> 0
C192: ='2.Identificacion_Riesgos'!G54 -> 0 | D192: ='3.Controles'!F71 -> 0
A196: R10 | B196: ='2.Identificacion_Riesgos'!E55 -> 0 | C196: ='2.Identificacion_Riesgos'!G55 -> 0 | D196: ='3.Controles'!F75 -> 0 | E196: ='2.Identificacion_Riesgos'!V55 -> 0 | N196: =IF(M196="SI","1. Describa el evento presentado 2. Genere una acción correctiva en isolucion 3. Realice nuevamente el proceso de analisis de riesgo"," ")
C200: ='2.Identificacion_Riesgos'!G56 -> 0 | D200: ='3.Controles'!F76 -> 0
C204: ='2.Identificacion_Riesgos'!G57 -> 0 | D204: ='3.Controles'!F77 -> 0
C208: ='2.Identificacion_Riesgos'!G58 -> 0 | D208: ='3.Controles'!F78 -> 0
C212: ='2.Identificacion_Riesgos'!G59 -> 0 | D212: ='3.Controles'!F79 -> 0

Sheet Hoja3
A1: tipo_riesgo | B1: Impacto | C1: Probabilidad | E1: Opciones de Manejo | H1: Corrupción | I1: Moderado
A2: Estratégico | B2: Insignificante | C2: Raro | E2: REDUCIRLO O MITIGARLO | H2: Corrupción | I2: Mayor
A3: Operativo | B3: Menor | C3: Improbable | E3: TRANSFERIR O COMPARTIR | H3: Corrupción | I3: Catastrófico
A4: Activo_Información | B4: Moderado | C4: Posible | E4: ASUMIR | H4: Estratégico | I4: Insignificante
A5: Financiera | B5: Mayor | C5: Probable | E5: EVITAR | H5: Estratégico | I5: Menor
A6: Cumplimiento | B6: Catastrófico | C6: Casi Seguro | H6: Estratégico | I6: Moderado
A7: Tecnología | H7: Estratégico | I7: Mayor
A8: Corrupción | H8: Estratégico | I8: Catastrófico
A9: Imagen | H9: Operativo | I9: Insignificante
H10: Operativo | I10: Menor
A11: PROBABILIDAD (J3) | B11: IMPACTO (L3) | C11: ZONA | H11: Operativo | I11: Moderado
A12: 1 | B12: 1 | C12: BAJO 4% | H12: Operativo | I12: Mayor
A13: 1 | B13: 2 | C13: BAJO 16% | H13: Operativo | I13: Catastrófico
A14: 2 | B14: 1 | C14: BAJO 8% | H14: Financiera | I14: Insignificante
A15: 2 | B15: 2 | C15: BAJO 20% | H15: Financiera | I15: Menor
A16: 3 | B16: 1 | C16: BAJO 13% | H16: Financiera | I16: Moderado
A17: 4 | B17: 1 | C17: MODERADO 24% | H17: Financiera | I17: Mayor
A18: 3 | B18: 2 | C18: MODERADO 28% | H18: Financiera | I18: Catastrófico
A19: 1 | B19: 3 | C19: MODERADO 32% | H19: Cumplimiento | I19: Insignificante
A20: 2 | B20: 3 | C20: MODERADO 36% | H20: Cumplimiento | I20: Menor
A21: 5 | B21: 1 | C21: ALTA 40% | H21: Cumplimiento | I21: Moderado
A22: 4 | B22: 2 | C22: ALTA 44% | H22: Cumplimiento | I22: Mayor
A23: 5 | B23: 2 | C23: ALTA 48% | H23: Cumplimiento | I23: Catastrófico
... A36: 5 | B36: 5 | C36: EXTREMA 100% | H36: Activo_Información | I36: Moderado
H37: Activo_Información | I37: Mayor
A38: CALIFICACION DE CONTROLES | H38: Activo_Información | I38: Catastrófico
A39: SI
A40: NO
A42: Frecuencia Control
A43: 1. Diario
A44: 2. Semanal
A45: 3. Quincenal
A46: 4. Mensual
A47: 5. Bimensual
A48: 6. Trimestral
A49: 7. Semestral
A50: 8. Anual
A51: 9. Por Demanda
A53: Valoracion | B53: Puntaje
A54: Control Automatico | B54: 20
A55: Control Manual | B55: 10
A56: Frecuencia Diario, Semanal | B56: 20
A57: Frecuencia Quincenal, Mensual, Bimensual, Trimestral,Semestral | B57: 15
A58: Frecuencia anual, demanda | B58: 10
A59: Estan documentados, formalizados y actualizados los controles | B59: 10
A60: Está(n) definido(s) el(los) responsable(s) de la ejecución del control (es) y del seguimiento | B60: 10
A61: Se cuenta con registros que evidencien la ejecución y seguimiento del control(es) | B61: 10
A62: En el tiempo que lleva el (los) control (es) ha demostrado ser efectiva | B62: 30
A65: Tipo
A66: Dirección
A67: Prestación_del_Servicio
A68: Apoyo
A71: Tipo | B71: Proceso/Subproceso | C71: Dependencia
A72: Dirección | B72: Planeación | C72: Oficina Asesora de Planeación | E72: Planeación
A73: Dirección | B73: Planeación | C73: Grupo de Prensa y Divulgacion | E73: Mejoramiento Continuo
A74: Dirección | B74: Mejoramiento Continuo | C74: Oficina de Control Interno | E74: Participación/Fomento a la Gestión Cultural Regional
A75: Dirección | B75: Mejoramiento Continuo | C75: Grupo de Atención al Ciudadano | E75: Participación/Gestión del Emprendimiento Cultural
A76: Prestación_del_Servicio | B76: Participación/Fomento a la Gestión Cultural Regional | C76: Dirección de Fomento Regional | E76: Participación/Apoyo a proyectos culturales y artísticos del Programa Nacional de Concertación
A77: Prestación_del_Servicio | B77: Participación/Gestión del Emprendimiento Cultural | C77: Grupo de Emprendimiento Cultural | E77: Participación/Estímulos a la Creación e Investigación
A78: Prestación_del_Servicio | B78: Participación/Apoyo a proyectos culturales y artísticos del Programa Nacional de Concertación | C78: Grupo Programa Nacional de Concertación | E78: Creación y Memoria/Gestión del Patrimonio Bibliográfico
A79: Prestación_del_Servicio | B79: Participación/Estímulos a la Creación e Investigación | C79: Grupo Programa Nacional de Estimulos | E79: Creación y Memoria/Gestión de la Actividad Artística
A80: Prestación_del_Servicio | B80: Participación | C80: Despacho Ministro /Asuntos Internacionales | E80: Creación y Memoria/Gestión del Desarrollo Artístico e Industrial de la Cinematografía
A81: Prestación_del_Servicio | B81: Creación y Memoria/Gestión del Patrimonio Bibliográfico | C81: Biblioteca Nacional | E81: Creación y Memoria/Gestión del Patrimonio Cultural
A82: Prestación_del_Servicio | B82: Creación y Memoria/Gestión de la Actividad Artística | C82: Dirección de Artes | E82: Creación y Memoria/Gestión creación y consolidación de infraestructura cultural
A83: Prestación_del_Servicio | B83: Creación y Memoria/Gestión del Desarrollo Artístico e Industrial de la Cinematografía | C83: Dirección de Cinematografía | E83: Creación y Memoria/Gestión de Museos
... A85: Prestación_del_Servicio | B85: Creación y Memoria/Gestión creación y consolidación de infraestructura cultural | C85: Grupo de Infraestructura Cultural | E85: Dialogo Cultura/Gestión de la Inclusión de la diversidad étnica y cultural
A86: Prestación_del_Servicio | B86: Creación y Memoria/Gestión de Museos | C86: Museo Nacional
A87: Prestación_del_Servicio | B87: Creación y Memoria/Gestión de Museos | C87: Grupo Programa Fortalecimiento a Museos | E87: Gestión Documental
A88: Prestación_del_Servicio | B88: Creación y Memoria/Gestión de Museos | C88: Museo Santa Clara | E88: Gestión Humana
A89: Prestación_del_Servicio | B89: Creación y Memoria/Gestión de Museos | C89: Museo Arte Colonial | E89: Contratación- Adquisición de Bienes y Servicios
A90: Prestación_del_Servicio | B90: Creación y Memoria/Gestión de Museos | C90: Museo de la Independencia | E90: Gestión Financiera y Contable
A91: Prestación_del_Servicio | B91: Creación y Memoria/Gestión de Museos | C91: Museo Quinta Bolivar | E91: Sistemas y Recursos Administrativos
A92: Prestación_del_Servicio | B92: Dialogo Cultura/Gestión de la comunicación y divulgación cultural | C92: Dirección de Comunicaciones | E92: Asesoría Jurídica
A93: Prestación_del_Servicio | B93: Dialogo Cultura/Gestión de la Inclusión de la diversidad étnica y cultural | C93: Dirección de Poblaciones
A94: Apoyo | B94: Gestión Documental | C94: Grupo de Gestion Documental
A95: Apoyo | B95: Gestión Humana | C95: Grupo de Gestion Humana
A96: Apoyo | B96: Contratación- Adquisición de Bienes y Servicios | C96: Grupo de Contratos y Convenios
A97: Apoyo | B97: Gestión Financiera y Contable | C97: Grupo de Gestion Financiera
A98: Apoyo | B98: Sistemas y Recursos Administrativos | C98: Grupo de Gestion Administrativa y de Servicios
A99: Apoyo | B99: Sistemas y Recursos Administrativos | C99: Grupo de Gestion de Sistemas e Informatica
A100: Apoyo | B100: Asesoría Jurídica | C100: Oficina Asesora Juridica
A101: Apoyo | B101: Asesoría Jurídica | C101: Grupo de Control Interno Disciplinario
A102: Evaluación | C102: Teatro Colon
A106: Tipo de Control
A107: Preventivos
A108: Detectivos
A109: Correctivos

Sheet 6.Resumen
C1: MAPA DE RIESGOS | N1: Página 6 de 6
N5: Código: | O5: FR-01-PR-MEJ-05
N6: Versión: | O6: 2
N7: Fecha: | O7: 43783
A8: PROCESO | D8: GESTIÓN TIC | G8: RESPONSABLE DEL PROCESO | I8: COORDINADOR DE GRUPO INTERNO DE SISTEMAS | K8: LÍDER DE SISTEMAS DE GESTIÓN | M8: NIDIA PATRICA RODRIGUEZ R.
A10: ID | B10: RIESGO | C10: CAUSA | D10: CONSECUENCIA | E10: TIPOLOGÍA DE RIESGOS | F10: PROBABILIDAD | G10: IMPACTO | H10: ZONA DE RIESGO INHERENTE | I10: CONTROLES | J10: ZONA DE RIESGO RESIDUAL | K10: TRATAMIENTO | L10: ACCIÓN | M10: RESPOSABLE SEGUIMIENTO | N10: FECHA FINAL | O10: DEPENDENCIA
A11: ='2.Identificacion_Riesgos'!A10 -> R1 | B11: ='2.Identificacion_Riesgos'!E10 -> Afectación en el cumplimiento de los objetivos de los procesos de la entidad por la interrupción en la prestación del servicio de la infraestructura tecnológica. | C11: ='2.Identificacion_Riesgos'!G10 -> 1. Interrupción de los servicios de la energía eléctrica regulada al interior de la entidad o fallas imprevistas de los equipos | D11: ='2.Identificacion_Riesgos'!H10 -> 1. Sanciones e incumplimiento legal. 2. No cumplir con las metas Distritales. 3. Afectación de la imagen de la SCRD. 4. No genera la satisfacción de los clientes internos de la entidad. 5. Incremento de los reprocesos en la ejecución de las actividades. | E11: ='2.Identificacion_Riesgos'!I10 -> Tecnologicos | F11: ='2.Identificacion_Riesgos'!J10 -> Probable | G11: ='2.Identificacion_Riesgos'!L10 -> Mayor | H11: ='2.Identificacion_Riesgos'!N10 -> EXTREMA 80% | I11: ='3.Controles'!G9 -> Mantenimiento preventivo y correctivo de UPS vigente. Responsable: GIS - Recursos Fisicos Cómo se hace el control: Un proveedor especializado realiza el mantenimiento preventivo. Cuándo se hace: Trimestral. Cómo se evidencia: Acta de resultado. Si no se hace qué ocurre: Puede aumentar la probabilidad de ocurrencia del riesgo. | J11: ='2.Identificacion_Riesgos'!V10 -> MODERADO 28% | K11: ='2.Identificacion_Riesgos'!W10 -> REDUCIRLO O MITIGARLO | L11: ='5.Plan Manejo'!F13 -> Gestionar solicitud de contratación de mantenimiento de equipos UPS, firma de contrato. Seguimiento a las actividades del plan de mantenimiento. | M11: ='5.Plan Manejo'!L13 -> Profesional Especializado GIS | N11: ='5.Plan Manejo'!J17 -> 44530 | O11: ='2.Identificacion_Riesgos'!D10 -> Grupo Interno de Sistemas
C12: ='2.Identificacion_Riesgos'!G11 -> 2. Incumplimiento de la prestación del servicio de los proveedores externos. | I12: ='3.Controles'!G10 -> Contratos con terceros con Acuerdos de Nivel de Servicio ANS Responsable: GIS Cómo se hace el control: Proveedores especializados que proporcionan servicios de TI. Cuándo se hace: Reporte mensual y seguimiento semestral. Cómo se evidencia: Certificado de Supervision y cumplimiento. Si no se hace qué ocurre: Puede aumentar la probabilidad de ocurrencia del riesgo. | L12: ='5.Plan Manejo'!F18 -> Definición de ANS (Acuerdo de Nivel de Servicio) de disponibilidad del servicio con el proveedor de internet | N12: ='5.Plan Manejo'!J20 -> 44545
C13: ='2.Identificacion_Riesgos'!G12 -> 3. Desastres naturales o acciones deliberadas y no deliberadas por el factor humano. | I13: ='3.Controles'!G11 -> Definición de los controles de acceso fisico a las areas de data center y cableado estructurado, asi como tambien revisión de factores ambientales y estructurales de las areas en mención Responsable: GIS - Recursos Fisicos Cómo se hace el control: Cumplir con las mejores practicas de diseño del Data center y centros de cableado, asi como tambien con las condiciones de seguridad en el acceso fisico. Cuándo se hace: Semestral Cómo se evidencia: Inspecciones fisicas a las areas seguras, documentada en acta. Si no se hace qué ocurre: Puede aumentar la probabilidad de ocurrencia del riesgo. | L13: ='5.Plan Manejo'!F22 -> Planeación e Implementación de los controles de seguridad fisicos del data center principal y centro de cableado | N13: ='5.Plan Manejo'!J23 -> 44530
C14: ='2.Identificacion_Riesgos'!G13 -> 0 | I14: ='3.Controles'!F12 -> 0 | L14: ='5.Plan Manejo'!F25 -> 0
C15: ='2.Identificacion_Riesgos'!G14 -> 0 | I15: ='3.Controles'!F13 -> 0 | L15: ='5.Plan Manejo'!F29 -> 0
A16: ='2.Identificacion_Riesgos'!A15 -> R2 | B16: ='2.Identificacion_Riesgos'!E15 -> Incumplimiento en los requerimientos solicitados por la Secretaría en la definición, diseño, construcción y entrega de soluciones TIC | C16: ='2.Identificacion_Riesgos'!G15 -> 1. Falta de adopción de formatos y registros para la definición de los requerimientos detallados por parte de la areas funcionales en la solicitudes de servicios TIC. | D16: ='2.Identificacion_Riesgos'!H15 -> 1.No genera la satisfacción de los clientes internos de la entidad. 2. Incremento de los reprocesos en la ejecución de las actividades. 3. Perdida de economicas 4. Incumplimiento normativo o regulatorio | E16: ='2.Identificacion_Riesgos'!I15 -> Tecnologicos | F16: ='2.Identificacion_Riesgos'!J15 -> Posible | G16: ='2.Identificacion_Riesgos'!L15 -> Moderado | H16: ='2.Identificacion_Riesgos'!N15 -> ALTO 52% | I16: ='3.Controles'!G16 -> Mejora continua del procedimiento de gestión de sistemas de información Responsable: GIS Cómo se hace el control: 1. Revisión del procedimiento existente y definición de mejoras al mismo. 2. Revisión y seguimiento al cumplimiento del procedimiento Cuándo se hace: 1. Anual / 2. Semestral Cómo se evidencia: Publicación y divulgación del procedimiento en el sitema de gestión de calidad. Si no se hace qué ocurre: Puede aumentar la probabilidad de ocurrencia del riesgo. | J16: ='2.Identificacion_Riesgos'!V15 -> MODERADO 32% | K16: ='2.Identificacion_Riesgos'!W15 -> REDUCIRLO O MITIGARLO | L16: ='5.Plan Manejo'!F33 -> Revisión y actualización procedimiento. Seguimiento cumplimiento procedimiento | M16: ='5.Plan Manejo'!L33 -> Profesional Especializado GIS | N16: ='5.Plan Manejo'!J35 -> 44530 | O16: ='2.Identificacion_Riesgos'!D15 -> Grupo Interno de Sistemas
C17: ='2.Identificacion_Riesgos'!G16 -> 0 | I17: ='3.Controles'!F17 -> 0 | L17: ='5.Plan Manejo'!F34 -> 0
C18: ='2.Identificacion_Riesgos'!G17 -> 0 | I18: ='3.Controles'!F18 -> 0 | L18: ='5.Plan Manejo'!F35 -> 0
C19: ='2.Identificacion_Riesgos'!G18 -> 0 | I19: ='3.Controles'!F19 -> 0 | L19: ='5.Plan Manejo'!F47 -> 0
C20: ='2.Identificacion_Riesgos'!G19 -> 0 | I20: ='3.Controles'!F20 -> 0 | L20: ='5.Plan Manejo'!F51 -> 0
A21: ='2.Identificacion_Riesgos'!A20 -> R3 | B21: ='2.Identificacion_Riesgos'!E20 -> Perdida de la confidencialidad, integridad y disponibilidad de los activos de información de la entidad | C21: ='2.Identificacion_Riesgos'!G20 -> 1. Falta de apropiación de la cultura de seguridad de la información y de las politicas por parte de funcionarios y contratistas de la entidad | D21: ='2.Identificacion_Riesgos'!H20 -> 1. Sanciones e incumplimiento legal. 2. Afectación de la imagen y reputación de la SCRD. 3. Degradación de los atributos de seguridad de la información (Confidencialidad, Integridad y Disponibilidad) de la entidad. 4. Incremento de los reprocesos en la ejecución de las actividades. 5. Perdida de información 6. Perdidas económicas 7. Materialización de riesgos de seguridad de la información. | E21: ='2.Identificacion_Riesgos'!I20 -> Tecnologicos | F21: ='2.Identificacion_Riesgos'!J20 -> Posible | G21: ='2.Identificacion_Riesgos'!L20 -> Mayor | H21: ='2.Identificacion_Riesgos'!N20 -> EXTREMA 76% | I21: ='3.Controles'!G23 -> Implementación del programa de cultura de seguridad y privacidad de la información Responsable: GIS Cómo se hace el control: Realización de las jornadas de sensibilización en seguridad de la información. Cuándo se hace: Semestral Cómo se evidencia: charlas de sensibilización, tips de seguridad, encuestas de percepción. Si no se hace qué ocurre: Puede aumentar la probabilidad de ocurrencia del riesgo. | J21: ='2.Identificacion_Riesgos'!V20 -> BAJO 16% | K21: ='2.Identificacion_Riesgos'!W20 -> REDUCIRLO O MITIGARLO | L21: ='5.Plan Manejo'!F55 -> Programación y realización de sensibilización y capacitación a funcionarios de la SCRD en Seguridad de la Información | M21: ='5.Plan Manejo'!L55 -> Profesional Especializado GIS | N21: ='5.Plan Manejo'!J57 -> 44530 | O21: ='2.Identificacion_Riesgos'!D20 -> Grupo Interno de Sistemas
C22: ='2.Identificacion_Riesgos'!G21 -> 2. Gestión inadecuada de los activos de información. | I22: ='3.Controles'!G24 -> Implementación de la Politica de buen uso de los activos de información Responsable: GIS Cómo se hace el control: implementación de la politica de buen uso de los activos de información. Cuándo se hace: Anual Cómo se evidencia: con indices bajos de materialización de incidentes de seguridad por perdida de confidencialidad, integridad y disponibilidad de los activos de información. Si no se hace qué ocurre: Puede aumentar la probabilidad de ocurrencia del riesgo. | L22: ='5.Plan Manejo'!F59 -> Implementación de la politica de buen uso de los activos de información | N22: ='5.Plan Manejo'!J60 -> 44560
C23: ='2.Identificacion_Riesgos'!G22 -> 3. Falta de mecanismos para evitar el borrado, ocultamiento y desaparición de información de los sistemas de información oficiales de la Entidad. | I23: ='3.Controles'!G25 -> Realización, verificación y restauración de las Copias de Seguridad de los servidores TIC Responsable: GIS Cómo se hace el control: Realización, verificación de copias de seguridad de los servidores TIC Cuándo se hace: Diario Cómo se evidencia: Seguimiento del cumplimiento del instructivo de copias de seguridad. Si no se hace qué ocurre: Puede aumentar la probabilidad de ocurrencia del riesgo. | L23: ='5.Plan Manejo'!F63 -> Realización, verificación y restauración de las Copias de Seguridad de los servidores TIC (Aplicaciones, Almacenamiento) de acuerdo con lo establecido en el Instructivo de copias de seguridad. | N23: ='5.Plan Manejo'!J66 -> 44530
C24: ='2.Identificacion_Riesgos'!G23 -> 0 | I24: ='3.Controles'!F26 -> 0 | L24: ='5.Plan Manejo'!F67 -> 0
C25: ='2.Identificacion_Riesgos'!G24 -> 0 | I25: ='3.Controles'!F27 -> 0 | L25: ='5.Plan Manejo'!F71 -> 0
A26: ='2.Identificacion_Riesgos'!A25 -> R4 | B26: ='2.Identificacion_Riesgos'!E25 -> Insatisfacción de usuarios de servicios tecnologicos por la no atención oportuna de requerimientos | C26: ='2.Identificacion_Riesgos'!G25 -> 1. Falta de apropiación del procedimiento de soporte tecnico y manual de la herramienta de la mesa de servicios | D26: ='2.Identificacion_Riesgos'!H25 -> 1. Insatisfacción de usuarios de la entidad 2. Afectación de la imagen y gestión del proceso. | E26: ='2.Identificacion_Riesgos'!I25 -> Operativos | F26: ='2.Identificacion_Riesgos'!J25 -> Posible | G26: ='2.Identificacion_Riesgos'!L25 -> Moderado | H26: ='2.Identificacion_Riesgos'!N25 -> ALTO 52% | I26: ='3.Controles'!G30 -> Ejecución del procedimiento de Soporte Técnico Responsable: GIS Cómo se hace el control: Ejecución de procedimiento de soporte técnico. Cuándo se hace: Diario Cómo se evidencia: Resultado de Indicadores IND-TIC-03 Oportunidad en la atención de requerimientos IND-TIC-02 Eficacia en la solución de requerimientos IND-TIC-04 Nivel de satisfacción del usuario con el servicio de gestión de Tic Si no se hace qué ocurre: Puede aumentar la probabilidad de ocurrencia del riesgo. | J26: ='2.Identificacion_Riesgos'!V25 -> MODERADO 32% | K26: ='2.Identificacion_Riesgos'!W25 -> REDUCIRLO O MITIGARLO | L26: ='5.Plan Manejo'!F75 -> Atención y solución de tickets registrados en la mesa de servicios de acuerdo a lo establecido el el procedimiento de Soporte Técnico. | M26: ='5.Plan Manejo'!L75 -> Profesional Especializado GIS | N26: ='5.Plan Manejo'!J78 -> 44165 | O26: ='2.Identificacion_Riesgos'!D25 -> Grupo Interno de Sistemas
C27: ='2.Identificacion_Riesgos'!G26 -> 0 | I27: ='3.Controles'!F31 -> 0 | L27: ='5.Plan Manejo'!F76 -> 0
C28: ='2.Identificacion_Riesgos'!G27 -> 0 | I28: ='3.Controles'!F32 -> 0 | L28: ='5.Plan Manejo'!F83 -> 0
C29: ='2.Identificacion_Riesgos'!G28 -> 0 | I29: ='3.Controles'!F33 -> 0 | L29: ='5.Plan Manejo'!F87 -> 0
C30: ='2.Identificacion_Riesgos'!G29 -> 0 | I30: ='3.Controles'!F34 -> 0 | L30: ='5.Plan Manejo'!F91 -> 0
A31: ='2.Identificacion_Riesgos'!A30 -> R5 | B31: ='2.Identificacion_Riesgos'!E30 -> Perdida de confidencialidad, integridad y disponibilidad de los activos de información en beneficio propio o de terceros por accesos indebidos o no autorizados de las bases de datos gestionadas por el GIS | C31: ='2.Identificacion_Riesgos'!G30 -> 1. Falta de gestión en el control de accesos a las bases de datos. | D31: ='2.Identificacion_Riesgos'!H30 -> 1. Afectación de imagen 2. Reprocesos 3. incumplimientos legales y normativos 4. Insatisfacción de usuarios 5. Incumplimientos de objetivos de la entidad. | E31: ='2.Identificacion_Riesgos'!I30 -> Corrupcion | F31: ='2.Identificacion_Riesgos'!J30 -> Probable | G31: ='2.Identificacion_Riesgos'!L30 -> Mayor | H31: ='2.Identificacion_Riesgos'!N30 -> EXTREMA 80% | I31: ='3.Controles'!G37 -> Revisión y depuración de usuarios en las bases de datos gestionadas por el GIS Responsable: GIS - DBA Cómo se hace el control: Se ejecuta tarea automatizada de inactivación de usuarios. Cuándo se hace: diario Cómo se evidencia: Ejecución diario del scrip que inactiva los usuarios de mas de 60 dias sin loguearse en la Base de Datos. Si no se hace qué ocurre: Puede aumentar la probabilidad de ocurrencia del riesgo. | J31: ='2.Identificacion_Riesgos'!V30 -> BAJO 20% | K31: ='2.Identificacion_Riesgos'!W30 -> REDUCIRLO O MITIGARLO | L31: ='5.Plan Manejo'!F95 -> Depuración de usuarios en las bases de datos gestionadas por GIS | M31: ='5.Plan Manejo'!L95 -> Profesional Especializado GIS | N31: ='5.Plan Manejo'!J99 -> 44165 | O31: ='2.Identificacion_Riesgos'!D30 -> Grupo Interno de Sistemas
C32: ='2.Identificacion_Riesgos'!G31 -> 2. Desconocimiento de politicas, lineamientos, procedimientos e instructivos de seguridad de la información y de la normativa nacional vigente. | I32: ='3.Controles'!G38 -> Revisión del cumplimiento del MSPI. Responsable: GIS - Oficial de Seguridad Cómo se hace el control: Autodiagnostico de cumplimiento del MSPI. Cuándo se hace: Semestral Cómo se evidencia: Seguimiento MSPI. Si no se hace qué ocurre: Puede aumentar la probabilidad de ocurrencia del riesgo. | L32: ='5.Plan Manejo'!F100 -> Revisión cumplimiento del MSPI (Modelo de Seguridad y privacidad de la Información). | N32: ='5.Plan Manejo'!J101 -> 44530
C33: ='2.Identificacion_Riesgos'!G32 -> 0 | I33: ='3.Controles'!F39 -> 0 | L33: ='5.Plan Manejo'!F104 -> 0
C34: ='2.Identificacion_Riesgos'!G33 -> 0 | I34: ='3.Controles'!F40 -> 0 | L34: ='5.Plan Manejo'!F108 -> 0
C35: ='2.Identificacion_Riesgos'!G34 -> 0 | I35: ='3.Controles'!F41 -> 0 | L35: ='5.Plan Manejo'!F112 -> 0

Sheet Ident. riesgos corrupción
A1: MATRIZ DEFINICIÓN DE LOS RIEGOS DE CORRUPCIÓN | H1: Criterios para calificar el Impacto - Riesgos de Corrupción
A2: No. | B2: Riesgo | C2: Acción u omisión | D2: Uso del poder | E2: Desviar la Gestión de lo Público | F2: Beneficio a terceros | H2: No. | I2: Preguntas: Si el riesgo de corrupción se materializa podría… | J2: R5 | V2: 1=Si / 0=No
A3: R5 | B3: Perdida de confidencialidad e integridad de los activos de información en beneficio propio o de terceros por accesos indebidos o no autorizados de las bases de datos gestionadas por el GIS | C3: x | D3: x | F3: x | H3: 1 | I3: ¿Afectar al grupo de funcionarios del proceso? | J3: 1 | V3: Responder afirmativamente de UNO a CINCO pregunta(s) genera un impacto moderado. Responder afirmativamente de SEIS a ONCE preguntas genera un impacto mayor. Responder afirmativamente de DOCE a DIECINUEVE preguntas genera un impacto catastrófico.
H4: 2 | I4: ¿Afectar el cumplimiento de metas y objetivos de la dependencia? | J4: 1
H5: 3 | I5: ¿Afectar el cumplimiento de misión de la Entidad? | J5: 0
H6: 4 | I6: ¿Afectar el cumplimiento de la misión del sector al que pertenece la Entidad? | J6: 0
H7: 5 | I7: ¿Generar pérdida de confianza de la Entidad, afectando su reputación? | J7: 1
H8: 6 | I8: ¿Generar pérdida de recursos económicos? | J8: 1
H9: 7 | I9: ¿Afectar la generación de los productos o la prestación de servicios? | J9: 1
H10: 8 | I10: ¿Dar lugar al detrimento de calidad de vida de la comunidad por la pérdida del bien o servicios o los recursos públicos? | J10: 1
H11: 9 | I11: ¿Generar pérdida de información de la Entidad? | J11: 1
H12: 10 | I12: ¿Generar intervención de los órganos de control, de la Fiscalía, u otro ente? | J12: 1
H13: 11 | I13: ¿Dar lugar a procesos sancionatorios? | J13: 1
H14: 12 | I14: ¿Dar lugar a procesos disciplinarios? | J14: 1
H15: 13 | I15: ¿Dar lugar a procesos fiscales? | J15: 0
... H20: 18 | I20: ¿Afectar la imagen nacional? | J20: 0
B21: Acción u omisión + uso del poder + desviación de la gestión de lo público + el beneficio a terceros | H21: 19 | I21: ¿Generar daño ambiental? | J21: 0
H22: TOTAL | J22: =SUM(J3:J21) -> 11 | K22: =SUM(K3:K21) -> 0 | L22: =SUM(L3:L21) -> 0 | M22: =SUM(M3:M21) -> 0 | N22: =SUM(N3:N21) -> 0 | O22: =SUM(O3:O21) -> 0 | P22: =SUM(P3:P21) -> 0 | Q22: =SUM(Q3:Q21) -> 0 | ... T22: =SUM(T3:T21) -> 0
